Workbook
Name becoc: #REF!
Name becoc: #REF!
Name bemo: #REF!
Name bemo: #REF!
Name Caungang: '[1]Cau Vuot ngang'!$B$9:$AF$27
Name CHT: #REF!
Name CHT: #REF!
Name DGDAM: #REF!
Name DGDAM: #REF!
Name DT: #REF!
Name DT: #REF!
Name KL: #REF!
Name KL: #REF!
Name Rong: #REF!
Name Rong: #REF!
Name SLmo: #REF!
Name SLmo: #REF!
Name TONGHOP: #REF!
Name TONGHOP: #REF!
Name trcan: #REF!
Name trcan: #REF!
Name Trunuoc: #REF!
Name Trunuoc: #REF!

Sheet Cover
A1: Engineering Geological Survey Plan
S4: 1 | V4: Project Facility Plan | BP4: Page 2
S7: 2 | V7: Survey Packages and Demarcation among Sub-contractors | BP7: Page 3
S10: 3 | V10: Survey Cost
V13: 3.1 | Y13: Survey Cost by Sub-contractors | BP13: Page 4
V16: 3.2 | Y16: Survey Cost by Survey Packages | BP16: Page 5
S19: 4 | V19: Survey Plan
V22: 4.1 | Y22: Survey Plan | BP22: Page 7
V25: 4.2 | Y25: Detailed Survey Plan
Y28: 4.2.1 | AC28: Detailed Survey Plan (Main Line, Normal Embankment and Excavation) | BP28: Page 19
Y31: 4.2.2 | AC31: Detailed Survey Plan (Main Line, Tunnel) | BP31: Page 22
Y34: 4.2.3 | AC34: Detailed Survey Plan (Bridge) | BP34: Page 23
Y37: 4.2.4 | AC37: Detailed Survey Plan (Interchange) | BP37: Page 26
Y40: 4.2.5 | AC40: Detailed Survey Plan (Building) | BP40: Page 27
Y43: 4.2.6 | AC43: Detailed Survey Plan (Main Line, Softground) | BP43: Page 28
Y46: 4.2.7 | AC46: Detailed Survey Plan (Main Line, Deep Excavation) | BP46: Page 30
Y49: 4.2.8 | AC49: Detailed Survey Plan (Main Line, High-embankment) | BP49: Page 32
Y52: 4.2.9 | AC52: Detailed Survey Plan (Existing Road) | BP52: Page 33

Sheet 1.Facility Plan

Sheet 2.PKG
A1: Jurisdiction | C1: Road | E1: Construction Contract Package (Civil Works) | K1: Survey Package | T1: Demarcation among Sub-contractors
C2: Classification | E2: No. | F2: Section | I2: Length | K2: No. | M2: Section | P2: Equation | R2: Length | T2: TEDI | V2: TEDIS | X2: TECCO533 | Z2: VECC | AB2: EGS | AD2: Tien Khai | AF2: INPEL | AH2: BMT | AJ2: Thanh Cong | AL2: Tan Phat | AN2: ATH | AP2: ICTC
B3: Danang | D3: Expressway | E3: PKG01 | F3: KM000+000 | G3: - | H3: 8000 | I3: =H3-P3-P4 -> 8000 | K3: 1 | L3: ='4.1Plan'!D6 -> ML01-1 | M3: ='4.1Plan'!V6 -> -800 | N3: - | O3: ='4.1Plan'!X6 -> 4000 | P3: ='4.1Plan'!Z6 -> 0 | R3: ='4.1Plan'!AB6 -> 4800
K4: =K3+1 -> 2 | L4: ='4.1Plan'!D25 -> ML01-2 | M4: ='4.1Plan'!V25 -> 4000 | N4: - | O4: ='4.1Plan'!X25 -> 8000 | P4: ='4.1Plan'!Z25 -> 0 | R4: ='4.1Plan'!AB25 -> 4000
B5: Quang Nam | E5: PKG02 | F5: 8000 | G5: - | H5: 17000 | I5: =(H5-F5)-P5-P6 -> 9000 | K5: =K4+1 -> 3 | L5: ='4.1Plan'!D37 -> ML02-1 | M5: ='4.1Plan'!V37 -> 8000 | N5: - | O5: ='4.1Plan'!X37 -> 13000 | P5: ='4.1Plan'!Z37 -> 0 | R5: ='4.1Plan'!AB37 -> 5000
K6: =K5+1 -> 4 | L6: ='4.1Plan'!D54 -> ML02-2 | M6: ='4.1Plan'!V54 -> 13000 | N6: - | O6: ='4.1Plan'!X54 -> 17000 | P6: ='4.1Plan'!Z54 -> 0 | R6: ='4.1Plan'!AB54 -> 4000
E7: PKG03 | F7: 17000 | G7: - | H7: 22000 | I7: =(H7-F7)-P7 -> 5059.78 | K7: =K6+1 -> 5 | L7: ='4.1Plan'!D70 -> ML03-1 | M7: ='4.1Plan'!V70 -> 17000 | N7: - | O7: ='4.1Plan'!X70 -> 22000 | P7: ='4.1Plan'!Z70 -> -59.78 | R7: ='4.1Plan'!AB70 -> 5059.78
E8: PKG04 | F8: 22000 | G8: - | H8: 32000 | I8: =(H8-F8)-P8-P9 -> 10000 | K8: =K7+1 -> 6 | L8: ='4.1Plan'!D92 -> ML04-1 | M8: ='4.1Plan'!V92 -> 22000 | N8: - | O8: ='4.1Plan'!X92 -> 26800 | P8: ='4.1Plan'!Z92 -> 0 | R8: ='4.1Plan'!AB92 -> 4800
K9: =K8+1 -> 7 | L9: ='4.1Plan'!D110 -> ML04-2 | M9: ='4.1Plan'!V110 -> 26800 | N9: - | O9: ='4.1Plan'!X110 -> 32000 | P9: ='4.1Plan'!Z110 -> 0 | R9: ='4.1Plan'!AB110 -> 5200
E10: PKG05 | F10: 32000 | G10: - | H10: 42000 | I10: =(H10-F10)-P10-P11 -> 10000 | K10: =K9+1 -> 8 | L10: ='4.1Plan'!D124 -> ML05-1 | M10: ='4.1Plan'!V124 -> 32000 | N10: - | O10: ='4.1Plan'!X124 -> 35000 | P10: ='4.1Plan'!Z124 -> 0 | R10: ='4.1Plan'!AB124 -> 3000
K11: =K10+1 -> 9 | L11: ='4.1Plan'!D134 -> ML05-2 | M11: ='4.1Plan'!V134 -> 35000 | N11: - | O11: ='4.1Plan'!X134 -> 42000 | P11: ='4.1Plan'!Z134 -> 0 | R11: ='4.1Plan'!AB134 -> 7000
E12: PKG06 | F12: 42000 | G12: - | H12: 52000 | I12: =(H12-F12)-P12-P13 -> 10000 | K12: =K11+1 -> 10 | L12: ='4.1Plan'!D156 -> ML06-1 | M12: ='4.1Plan'!V156 -> 42000 | N12: - | O12: ='4.1Plan'!X156 -> 46600 | P12: ='4.1Plan'!Z156 -> 0 | R12: ='4.1Plan'!AB156 -> 4600
K13: =K12+1 -> 11 | L13: ='4.1Plan'!D176 -> ML06-2 | M13: ='4.1Plan'!V176 -> 46600 | N13: - | O13: ='4.1Plan'!X176 -> 52000 | P13: ='4.1Plan'!Z176 -> 0 | R13: ='4.1Plan'!AB176 -> 5400
E14: PKG07 | F14: 52000 | G14: - | H14: 65000 | I14: =(H14-F14)-P14-P15-P16 -> 13000 | K14: =K13+1 -> 12 | L14: ='4.1Plan'!D188 -> ML07-1 | M14: ='4.1Plan'!V188 -> 52000 | N14: - | O14: ='4.1Plan'!X188 -> 56000 | P14: ='4.1Plan'!Z188 -> 0 | R14: ='4.1Plan'!AB188 -> 4000
K15: =K14+1 -> 13 | L15: ='4.1Plan'!D198 -> ML07-2 | M15: ='4.1Plan'!V198 -> 56000 | N15: - | O15: ='4.1Plan'!X198 -> 60000 | P15: ='4.1Plan'!Z198 -> 0 | R15: ='4.1Plan'!AB198 -> 4000
K16: =K15+1 -> 14 | L16: ='4.1Plan'!D214 -> ML07-3 | M16: ='4.1Plan'!V214 -> 60000 | N16: - | O16: ='4.1Plan'!X214 -> 65000 | P16: ='4.1Plan'!Z214 -> 0 | R16: ='4.1Plan'!AB214 -> 5000
E17: PKGA1 | F17: 65000 | G17: - | H17: 81500 | I17: =(H17-F17)-P17-P18-P19 -> 16557.32 | K17: =K16+1 -> 15 | L17: ='4.1Plan'!D223 -> MLA1-1 | M17: ='4.1Plan'!V223 -> 65000 | N17: - | O17: ='4.1Plan'!X223 -> 70000 | P17: ='4.1Plan'!Z223 -> 0 | R17: ='4.1Plan'!AB223 -> 5000
K18: =K17+1 -> 16 | L18: ='4.1Plan'!D233 -> MLA1-2 | M18: ='4.1Plan'!V233 -> 70000 | N18: - | O18: ='4.1Plan'!X233 -> 76000 | P18: ='4.1Plan'!Z233 -> -57.32 | R18: ='4.1Plan'!AB233 -> 6057.32
K19: =K18+1 -> 17 | L19: ='4.1Plan'!D243 -> MLA1-3 | M19: ='4.1Plan'!V243 -> 76000 | N19: - | O19: ='4.1Plan'!X243 -> 81500 | P19: ='4.1Plan'!Z243 -> 0 | R19: ='4.1Plan'!AB243 -> 5500
E20: PKGA2 | F20: 81500 | G20: - | H20: 100000 | I20: =(H20-F20)-P20-P21-P22 -> 18200 | K20: =K19+1 -> 18 | L20: ='4.1Plan'!D253 -> MLA2-1 | M20: ='4.1Plan'!V253 -> 81500 | N20: - | O20: ='4.1Plan'!X253 -> 87000 | P20: ='4.1Plan'!Z253 -> 0 | R20: ='4.1Plan'!AB253 -> 5500
K21: =K20+1 -> 19 | L21: ='4.1Plan'!D267 -> MLA2-2 | M21: ='4.1Plan'!V267 -> 87000 | N21: - | O21: ='4.1Plan'!X267 -> 93000 | P21: ='4.1Plan'!Z267 -> 0 | R21: ='4.1Plan'!AB267 -> 6000
K22: =K21+1 -> 20 | L22: ='4.1Plan'!D283 -> MLA2-3 | M22: ='4.1Plan'!V283 -> 93000 | N22: - | O22: ='4.1Plan'!X283 -> 100000 | P22: ='4.1Plan'!Z283 -> 300 | R22: ='4.1Plan'!AB283 -> 6700
B23: Quang Ngai | E23: PKGA3 | F23: 100000 | G23: - | H23: 110000 | I23: =(H23-F23)-P23-P24 -> 10173.22 | K23: =K22+1 -> 21 | L23: ='4.1Plan'!D294 -> MLA3-1 | M23: ='4.1Plan'!V294 -> 100000 | N23: - | O23: ='4.1Plan'!X294 -> 105000 | P23: ='4.1Plan'!Z294 -> -173.22 | R23: ='4.1Plan'!AB294 -> 5173.22
K24: =K23+1 -> 22 | L24: ='4.1Plan'!D307 -> MLA3-2 | M24: ='4.1Plan'!V307 -> 105000 | N24: - | O24: ='4.1Plan'!X307 -> 110000 | P24: ='4.1Plan'!Z307 -> 0 | R24: ='4.1Plan'!AB307 -> 5000
E25: PKGA4 | F25: 110000 | G25: - | H25: 125000 | I25: =(H25-F25)-P25-P26-P27 -> 15000 | K25: =K24+1 -> 23 | L25: ='4.1Plan'!D321 -> MLA4-1 | M25: ='4.1Plan'!V321 -> 110000 | N25: - | O25: ='4.1Plan'!X321 -> 115000 | P25: ='4.1Plan'!Z321 -> 0 | R25: ='4.1Plan'!AB321 -> 5000
K26: =K25+1 -> 24 | L26: ='4.1Plan'!D337 -> MLA4-2 | M26: ='4.1Plan'!V337 -> 115000 | N26: - | O26: ='4.1Plan'!X337 -> 120000 | P26: ='4.1Plan'!Z337 -> 0 | R26: ='4.1Plan'!AB337 -> 5000
K27: =K26+1 -> 25 | L27: ='4.1Plan'!D353 -> MLA4-3 | M27: ='4.1Plan'!V353 -> 120000 | N27: - | O27: ='4.1Plan'!X353 -> 125000 | P27: ='4.1Plan'!Z353 -> 0 | R27: ='4.1Plan'!AB353 -> 5000
E28: PKGA5 | F28: 125000 | G28: - | H28: 139522 | I28: =(H28-F28)-P28-P29-P30 -> 14522 | K28: =K27+1 -> 26 | L28: ='4.1Plan'!D365 -> MLA5-1 | M28: ='4.1Plan'!V365 -> 125000 | N28: - | O28: ='4.1Plan'!X365 -> 131500 | P28: ='4.1Plan'!Z365 -> 0 | R28: ='4.1Plan'!AB365 -> 6500
D29: Linking Road | K29: =K28+1 -> 27 | L29: ='4.1Plan'!D379 -> MLA5-2 | M29: ='4.1Plan'!V379 -> 131500 | N29: - | O29: ='4.1Plan'!X379 -> 136000 | P29: ='4.1Plan'!Z379 -> 0 | R29: ='4.1Plan'!AB379 -> 4500
K30: =K29+1 -> 28 | L30: ='4.1Plan'!D387 -> MLA5-3 | M30: ='4.1Plan'!V387 -> 136000 | N30: - | O30: ='4.1Plan'!X387 -> 139522 | P30: ='4.1Plan'!Z387 -> 0 | R30: ='4.1Plan'!AB387 -> 3522
A31: Total | I31: =SUM(I3:I30) -> 139512.32 | R31: =SUM(T31:AP31) -> 0 | T31: =SUM(T3:T30) -> 0 | V31: =SUM(V3:V30) -> 0 | X31: =SUM(X3:X30) -> 0 | Z31: =SUM(Z3:Z30) -> 0 | AB31: =SUM(AB3:AB30) -> 0 | AD31: =SUM(AD3:AD30) -> 0 | AF31: =SUM(AF3:AF30) -> 0 | AH31: =SUM(AH3:AH30) -> 0 | AJ31: =SUM(AJ3:AJ30) -> 0 | AL31: =SUM(AL3:AL30) -> 0 | AN31: =SUM(AN3:AN30) -> 0 | AP31: =SUM(AP3:AP30) -> 0
R32: =SUM(T32:AQ32) -> #DIV/0! | T32: =T31/$R$31 -> #DIV/0! | V32: =V31/$R$31 -> #DIV/0! | X32: =X31/$R$31 -> #DIV/0! | Z32: =Z31/$R$31 -> #DIV/0! | AB32: =AB31/$R$31 -> #DIV/0! | AD32: =AD31/$R$31 -> #DIV/0! | AF32: =AF31/$R$31 -> #DIV/0! | AH32: =AH31/$R$31 -> #DIV/0! | AJ32: =AJ31/$R$31 -> #DIV/0! | AL32: =AL31/$R$31 -> #DIV/0! | AN32: =AN31/$R$31 -> #DIV/0! | AP32: =AP31/$R$31 -> #DIV/0!
A33: Geotechnical Survey for PKG8 (O&M Buildings) is included in each Survey Package above
BP52: Page 33

Sheet 3.1Cost by Sub-contractors
A1: No. | B1: Item | H1: Soil Class | K1: Unit | L1: Total | R1: By Sub-contractors
R2: TEDI | V2: TEDIS | Z2: TECCO533 | AD2: VECC | AH2: EGS | AL2: Tien Khai | AP2: INPEL | AT2: BMT | AX2: Thanh Cong | BB2: Tan Phat | BF2: ATH | BJ2: ICTC
L3: Unit Price | N3: Qty | P3: Amount | R3: Qty | T3: Amount | V3: Qty | X3: Amount | Z3: Qty | AB3: Amount | AD3: Qty | AF3: Amount | AH3: Qty | AJ3: Amount | AL3: Qty | AN3: Amount | AP3: Qty | AR3: Amount | AT3: Qty | AV3: Amount | AX3: Qty | AZ3: Amount | BB3: Qty | BD3: Amount | BF3: Qty | BH3: Amount | BJ3: Qty | BL3: Amount
L4: (USD) | P4: (USD) | T4: (USD) | X4: (USD) | AB4: (USD) | AF4: (USD) | AJ4: (USD) | AN4: (USD) | AR4: (USD) | AV4: (USD) | AZ4: (USD) | BD4: (USD) | BH4: (USD) | BL4: (USD)
A5: A | C5: Expressway | N5: ='3.2Cost by Packages'!N7+'3.2Cost by Packages'!R7+'3.2Cost by Packages'!V7+'3.2Cost by Packages'!Z7+'3.2Cost by Packages'!AD7+'3.2Cost by Packages'!AH7+'3.2Cost by Packages'!AL7+'3.2Cost by Packages'!AP7+'3.2Cost by Packages'!AT7+'3.2Cost by Packages'!AX7+'3.2Cost by Packages'!BB7+'3.2Cost by Packages'!BF7+'3.2Cost by Packages'!BJ7+'3.2Cost by Packages'!BN7+'3.2Cost by Packages'!BR7+'3.2Cost by Packages'!BV7+'3.2Cost by Packages'!BZ7+'3.2Cost by Packages'!CD7+'3.2Cost by Packages'!CH7+'3.2Cost by Packages'!CL7+'3.2Cost by Packages'!CP7+'3.2Cost by Packages'!CT7+'3.2Cost by Packages'!CX7+'3.2Cost by Packages'!DB7+'3.2Cost by Packages'!DF7+'3.2Cost by Packages'!DJ7+'3.2Cost by Packages'!DN7+'3.2Cost by Packages'!DR7 -> 0 | P5: ='3.2Cost by Packages'!P7+'3.2Cost by Packages'!T7+'3.2Cost by Packages'!X7+'3.2Cost by Packages'!AB7+'3.2Cost by Packages'!AF7+'3.2Cost by Packages'!AJ7+'3.2Cost by Packages'!AN7+'3.2Cost by Packages'!AR7+'3.2Cost by Packages'!AV7+'3.2Cost by Packages'!AZ7+'3.2Cost by Packages'!BD7+'3.2Cost by Packages'!BH7+'3.2Cost by Packages'!BL7+'3.2Cost by Packages'!BP7+'3.2Cost by Packages'!BT7+'3.2Cost by Packages'!BX7+'3.2Cost by Packages'!CB7+'3.2Cost by Packages'!CF7+'3.2Cost by Packages'!CJ7+'3.2Cost by Packages'!CN7+'3.2Cost by Packages'!CR7+'3.2Cost by Packages'!CV7+'3.2Cost by Packages'!CZ7+'3.2Cost by Packages'!DD7+'3.2Cost by Packages'!DH7+'3.2Cost by Packages'!DL7+'3.2Cost by Packages'!DP7+'3.2Cost by Packages'!DT7 -> 1728444.4
A6: 1 | C6: Main Line (ML, Normal Embankment and Excavation Sections (NEE)) | N6: ='3.2Cost by Packages'!N8+'3.2Cost by Packages'!R8+'3.2Cost by Packages'!V8+'3.2Cost by Packages'!Z8+'3.2Cost by Packages'!AD8+'3.2Cost by Packages'!AH8+'3.2Cost by Packages'!AL8+'3.2Cost by Packages'!AP8+'3.2Cost by Packages'!AT8+'3.2Cost by Packages'!AX8+'3.2Cost by Packages'!BB8+'3.2Cost by Packages'!BF8+'3.2Cost by Packages'!BJ8+'3.2Cost by Packages'!BN8+'3.2Cost by Packages'!BR8+'3.2Cost by Packages'!BV8+'3.2Cost by Packages'!BZ8+'3.2Cost by Packages'!CD8+'3.2Cost by Packages'!CH8+'3.2Cost by Packages'!CL8+'3.2Cost by Packages'!CP8+'3.2Cost by Packages'!CT8+'3.2Cost by Packages'!CX8+'3.2Cost by Packages'!DB8+'3.2Cost by Packages'!DF8+'3.2Cost by Packages'!DJ8+'3.2Cost by Packages'!DN8+'3.2Cost by Packages'!DR8 -> 0 | P6: ='3.2Cost by Packages'!P8+'3.2Cost by Packages'!T8+'3.2Cost by Packages'!X8+'3.2Cost by Packages'!AB8+'3.2Cost by Packages'!AF8+'3.2Cost by Packages'!AJ8+'3.2Cost by Packages'!AN8+'3.2Cost by Packages'!AR8+'3.2Cost by Packages'!AV8+'3.2Cost by Packages'!AZ8+'3.2Cost by Packages'!BD8+'3.2Cost by Packages'!BH8+'3.2Cost by Packages'!BL8+'3.2Cost by Packages'!BP8+'3.2Cost by Packages'!BT8+'3.2Cost by Packages'!BX8+'3.2Cost by Packages'!CB8+'3.2Cost by Packages'!CF8+'3.2Cost by Packages'!CJ8+'3.2Cost by Packages'!CN8+'3.2Cost by Packages'!CR8+'3.2Cost by Packages'!CV8+'3.2Cost by Packages'!CZ8+'3.2Cost by Packages'!DD8+'3.2Cost by Packages'!DH8+'3.2Cost by Packages'!DL8+'3.2Cost by Packages'!DP8+'3.2Cost by Packages'!DT8 -> 20616
A7: 1.1 | C7: Mechanical Boring | I7: I-III (100%) | K7: (l.m.) | L7: =ROUND(1180473/F89*(1-D90),2) -> 51.08 | N7: ='3.2Cost by Packages'!N9+'3.2Cost by Packages'!R9+'3.2Cost by Packages'!V9+'3.2Cost by Packages'!Z9+'3.2Cost by Packages'!AD9+'3.2Cost by Packages'!AH9+'3.2Cost by Packages'!AL9+'3.2Cost by Packages'!AP9+'3.2Cost by Packages'!AT9+'3.2Cost by Packages'!AX9+'3.2Cost by Packages'!BB9+'3.2Cost by Packages'!BF9+'3.2Cost by Packages'!BJ9+'3.2Cost by Packages'!BN9+'3.2Cost by Packages'!BR9+'3.2Cost by Packages'!BV9+'3.2Cost by Packages'!BZ9+'3.2Cost by Packages'!CD9+'3.2Cost by Packages'!CH9+'3.2Cost by Packages'!CL9+'3.2Cost by Packages'!CP9+'3.2Cost by Packages'!CT9+'3.2Cost by Packages'!CX9+'3.2Cost by Packages'!DB9+'3.2Cost by Packages'!DF9+'3.2Cost by Packages'!DJ9+'3.2Cost by Packages'!DN9+'3.2Cost by Packages'!DR9 -> 336 | P7: ='3.2Cost by Packages'!P9+'3.2Cost by Packages'!T9+'3.2Cost by Packages'!X9+'3.2Cost by Packages'!AB9+'3.2Cost by Packages'!AF9+'3.2Cost by Packages'!AJ9+'3.2Cost by Packages'!AN9+'3.2Cost by Packages'!AR9+'3.2Cost by Packages'!AV9+'3.2Cost by Packages'!AZ9+'3.2Cost by Packages'!BD9+'3.2Cost by Packages'!BH9+'3.2Cost by Packages'!BL9+'3.2Cost by Packages'!BP9+'3.2Cost by Packages'!BT9+'3.2Cost by Packages'!BX9+'3.2Cost by Packages'!CB9+'3.2Cost by Packages'!CF9+'3.2Cost by Packages'!CJ9+'3.2Cost by Packages'!CN9+'3.2Cost by Packages'!CR9+'3.2Cost by Packages'!CV9+'3.2Cost by Packages'!CZ9+'3.2Cost by Packages'!DD9+'3.2Cost by Packages'!DH9+'3.2Cost by Packages'!DL9+'3.2Cost by Packages'!DP9+'3.2Cost by Packages'!DT9 -> 17162.88
A8: 1.2 | C8: Sampling | K8: (nos.) | L8: - | N8: ='3.2Cost by Packages'!N10+'3.2Cost by Packages'!R10+'3.2Cost by Packages'!V10+'3.2Cost by Packages'!Z10+'3.2Cost by Packages'!AD10+'3.2Cost by Packages'!AH10+'3.2Cost by Packages'!AL10+'3.2Cost by Packages'!AP10+'3.2Cost by Packages'!AT10+'3.2Cost by Packages'!AX10+'3.2Cost by Packages'!BB10+'3.2Cost by Packages'!BF10+'3.2Cost by Packages'!BJ10+'3.2Cost by Packages'!BN10+'3.2Cost by Packages'!BR10+'3.2Cost by Packages'!BV10+'3.2Cost by Packages'!BZ10+'3.2Cost by Packages'!CD10+'3.2Cost by Packages'!CH10+'3.2Cost by Packages'!CL10+'3.2Cost by Packages'!CP10+'3.2Cost by Packages'!CT10+'3.2Cost by Packages'!CX10+'3.2Cost by Packages'!DB10+'3.2Cost by Packages'!DF10+'3.2Cost by Packages'!DJ10+'3.2Cost by Packages'!DN10+'3.2Cost by Packages'!DR10 -> 192 | P8: -
A9: 1.3 | C9: Undisturbed Sample Test | K9: (nos.) | L9: =ROUND(1018620/F89*(1-D90),2) -> 44.07 | N9: ='3.2Cost by Packages'!N11+'3.2Cost by Packages'!R11+'3.2Cost by Packages'!V11+'3.2Cost by Packages'!Z11+'3.2Cost by Packages'!AD11+'3.2Cost by Packages'!AH11+'3.2Cost by Packages'!AL11+'3.2Cost by Packages'!AP11+'3.2Cost by Packages'!AT11+'3.2Cost by Packages'!AX11+'3.2Cost by Packages'!BB11+'3.2Cost by Packages'!BF11+'3.2Cost by Packages'!BJ11+'3.2Cost by Packages'!BN11+'3.2Cost by Packages'!BR11+'3.2Cost by Packages'!BV11+'3.2Cost by Packages'!BZ11+'3.2Cost by Packages'!CD11+'3.2Cost by Packages'!CH11+'3.2Cost by Packages'!CL11+'3.2Cost by Packages'!CP11+'3.2Cost by Packages'!CT11+'3.2Cost by Packages'!CX11+'3.2Cost by Packages'!DB11+'3.2Cost by Packages'!DF11+'3.2Cost by Packages'!DJ11+'3.2Cost by Packages'!DN11+'3.2Cost by Packages'!DR11 -> 48 | P9: ='3.2Cost by Packages'!P11+'3.2Cost by Packages'!T11+'3.2Cost by Packages'!X11+'3.2Cost by Packages'!AB11+'3.2Cost by Packages'!AF11+'3.2Cost by Packages'!AJ11+'3.2Cost by Packages'!AN11+'3.2Cost by Packages'!AR11+'3.2Cost by Packages'!AV11+'3.2Cost by Packages'!AZ11+'3.2Cost by Packages'!BD11+'3.2Cost by Packages'!BH11+'3.2Cost by Packages'!BL11+'3.2Cost by Packages'!BP11+'3.2Cost by Packages'!BT11+'3.2Cost by Packages'!BX11+'3.2Cost by Packages'!CB11+'3.2Cost by Packages'!CF11+'3.2Cost by Packages'!CJ11+'3.2Cost by Packages'!CN11+'3.2Cost by Packages'!CR11+'3.2Cost by Packages'!CV11+'3.2Cost by Packages'!CZ11+'3.2Cost by Packages'!DD11+'3.2Cost by Packages'!DH11+'3.2Cost by Packages'!DL11+'3.2Cost by Packages'!DP11+'3.2Cost by Packages'!DT11 -> 2115.36
A10: 1.4 | C10: Disturbed Sample Test | K10: (nos.) | L10: =ROUND(644053/F89*(1-D90),2) -> 27.87 | N10: ='3.2Cost by Packages'!N12+'3.2Cost by Packages'!R12+'3.2Cost by Packages'!V12+'3.2Cost by Packages'!Z12+'3.2Cost by Packages'!AD12+'3.2Cost by Packages'!AH12+'3.2Cost by Packages'!AL12+'3.2Cost by Packages'!AP12+'3.2Cost by Packages'!AT12+'3.2Cost by Packages'!AX12+'3.2Cost by Packages'!BB12+'3.2Cost by Packages'!BF12+'3.2Cost by Packages'!BJ12+'3.2Cost by Packages'!BN12+'3.2Cost by Packages'!BR12+'3.2Cost by Packages'!BV12+'3.2Cost by Packages'!BZ12+'3.2Cost by Packages'!CD12+'3.2Cost by Packages'!CH12+'3.2Cost by Packages'!CL12+'3.2Cost by Packages'!CP12+'3.2Cost by Packages'!CT12+'3.2Cost by Packages'!CX12+'3.2Cost by Packages'!DB12+'3.2Cost by Packages'!DF12+'3.2Cost by Packages'!DJ12+'3.2Cost by Packages'!DN12+'3.2Cost by Packages'!DR12 -> 48 | P10: ='3.2Cost by Packages'!P12+'3.2Cost by Packages'!T12+'3.2Cost by Packages'!X12+'3.2Cost by Packages'!AB12+'3.2Cost by Packages'!AF12+'3.2Cost by Packages'!AJ12+'3.2Cost by Packages'!AN12+'3.2Cost by Packages'!AR12+'3.2Cost by Packages'!AV12+'3.2Cost by Packages'!AZ12+'3.2Cost by Packages'!BD12+'3.2Cost by Packages'!BH12+'3.2Cost by Packages'!BL12+'3.2Cost by Packages'!BP12+'3.2Cost by Packages'!BT12+'3.2Cost by Packages'!BX12+'3.2Cost by Packages'!CB12+'3.2Cost by Packages'!CF12+'3.2Cost by Packages'!CJ12+'3.2Cost by Packages'!CN12+'3.2Cost by Packages'!CR12+'3.2Cost by Packages'!CV12+'3.2Cost by Packages'!CZ12+'3.2Cost by Packages'!DD12+'3.2Cost by Packages'!DH12+'3.2Cost by Packages'!DL12+'3.2Cost by Packages'!DP12+'3.2Cost by Packages'!DT12 -> 1337.76
A11: 2 | C11: Tunnel (TN) | N11: ='3.2Cost by Packages'!N13+'3.2Cost by Packages'!R13+'3.2Cost by Packages'!V13+'3.2Cost by Packages'!Z13+'3.2Cost by Packages'!AD13+'3.2Cost by Packages'!AH13+'3.2Cost by Packages'!AL13+'3.2Cost by Packages'!AP13+'3.2Cost by Packages'!AT13+'3.2Cost by Packages'!AX13+'3.2Cost by Packages'!BB13+'3.2Cost by Packages'!BF13+'3.2Cost by Packages'!BJ13+'3.2Cost by Packages'!BN13+'3.2Cost by Packages'!BR13+'3.2Cost by Packages'!BV13+'3.2Cost by Packages'!BZ13+'3.2Cost by Packages'!CD13+'3.2Cost by Packages'!CH13+'3.2Cost by Packages'!CL13+'3.2Cost by Packages'!CP13+'3.2Cost by Packages'!CT13+'3.2Cost by Packages'!CX13+'3.2Cost by Packages'!DB13+'3.2Cost by Packages'!DF13+'3.2Cost by Packages'!DJ13+'3.2Cost by Packages'!DN13+'3.2Cost by Packages'!DR13 -> 0 | P11: ='3.2Cost by Packages'!P13+'3.2Cost by Packages'!T13+'3.2Cost by Packages'!X13+'3.2Cost by Packages'!AB13+'3.2Cost by Packages'!AF13+'3.2Cost by Packages'!AJ13+'3.2Cost by Packages'!AN13+'3.2Cost by Packages'!AR13+'3.2Cost by Packages'!AV13+'3.2Cost by Packages'!AZ13+'3.2Cost by Packages'!BD13+'3.2Cost by Packages'!BH13+'3.2Cost by Packages'!BL13+'3.2Cost by Packages'!BP13+'3.2Cost by Packages'!BT13+'3.2Cost by Packages'!BX13+'3.2Cost by Packages'!CB13+'3.2Cost by Packages'!CF13+'3.2Cost by Packages'!CJ13+'3.2Cost by Packages'!CN13+'3.2Cost by Packages'!CR13+'3.2Cost by Packages'!CV13+'3.2Cost by Packages'!CZ13+'3.2Cost by Packages'!DD13+'3.2Cost by Packages'!DH13+'3.2Cost by Packages'!DL13+'3.2Cost by Packages'!DP13+'3.2Cost by Packages'!DT13 -> 75539.45
A12: 2.1 | C12: Mechanical Boring (Vertical) | I12: I-III (50%), IV-VI (50%) | K12: (l.m.) | L12: =ROUND(1424019/F89*(1-D90),2) -> 61.62 | N12: ='3.2Cost by Packages'!N14+'3.2Cost by Packages'!R14+'3.2Cost by Packages'!V14+'3.2Cost by Packages'!Z14+'3.2Cost by Packages'!AD14+'3.2Cost by Packages'!AH14+'3.2Cost by Packages'!AL14+'3.2Cost by Packages'!AP14+'3.2Cost by Packages'!AT14+'3.2Cost by Packages'!AX14+'3.2Cost by Packages'!BB14+'3.2Cost by Packages'!BF14+'3.2Cost by Packages'!BJ14+'3.2Cost by Packages'!BN14+'3.2Cost by Packages'!BR14+'3.2Cost by Packages'!BV14+'3.2Cost by Packages'!BZ14+'3.2Cost by Packages'!CD14+'3.2Cost by Packages'!CH14+'3.2Cost by Packages'!CL14+'3.2Cost by Packages'!CP14+'3.2Cost by Packages'!CT14+'3.2Cost by Packages'!CX14+'3.2Cost by Packages'!DB14+'3.2Cost by Packages'!DF14+'3.2Cost by Packages'!DJ14+'3.2Cost by Packages'!DN14+'3.2Cost by Packages'!DR14 -> 210 | P12: ='3.2Cost by Packages'!P14+'3.2Cost by Packages'!T14+'3.2Cost by Packages'!X14+'3.2Cost by Packages'!AB14+'3.2Cost by Packages'!AF14+'3.2Cost by Packages'!AJ14+'3.2Cost by Packages'!AN14+'3.2Cost by Packages'!AR14+'3.2Cost by Packages'!AV14+'3.2Cost by Packages'!AZ14+'3.2Cost by Packages'!BD14+'3.2Cost by Packages'!BH14+'3.2Cost by Packages'!BL14+'3.2Cost by Packages'!BP14+'3.2Cost by Packages'!BT14+'3.2Cost by Packages'!BX14+'3.2Cost by Packages'!CB14+'3.2Cost by Packages'!CF14+'3.2Cost by Packages'!CJ14+'3.2Cost by Packages'!CN14+'3.2Cost by Packages'!CR14+'3.2Cost by Packages'!CV14+'3.2Cost by Packages'!CZ14+'3.2Cost by Packages'!DD14+'3.2Cost by Packages'!DH14+'3.2Cost by Packages'!DL14+'3.2Cost by Packages'!DP14+'3.2Cost by Packages'!DT14 -> 12940.2
A13: 2.2 | C13: Mechanical Boring (Horizontal) | I13: I-III (50%), IV-VI (50%) | K13: (l.m.) | L13: =ROUND(142.1*18990*1.175/F89,2) -> 152.44 | N13: ='3.2Cost by Packages'!N15+'3.2Cost by Packages'!R15+'3.2Cost by Packages'!V15+'3.2Cost by Packages'!Z15+'3.2Cost by Packages'!AD15+'3.2Cost by Packages'!AH15+'3.2Cost by Packages'!AL15+'3.2Cost by Packages'!AP15+'3.2Cost by Packages'!AT15+'3.2Cost by Packages'!AX15+'3.2Cost by Packages'!BB15+'3.2Cost by Packages'!BF15+'3.2Cost by Packages'!BJ15+'3.2Cost by Packages'!BN15+'3.2Cost by Packages'!BR15+'3.2Cost by Packages'!BV15+'3.2Cost by Packages'!BZ15+'3.2Cost by Packages'!CD15+'3.2Cost by Packages'!CH15+'3.2Cost by Packages'!CL15+'3.2Cost by Packages'!CP15+'3.2Cost by Packages'!CT15+'3.2Cost by Packages'!CX15+'3.2Cost by Packages'!DB15+'3.2Cost by Packages'!DF15+'3.2Cost by Packages'!DJ15+'3.2Cost by Packages'!DN15+'3.2Cost by Packages'!DR15 -> 200 | P13: ='3.2Cost by Packages'!P15+'3.2Cost by Packages'!T15+'3.2Cost by Packages'!X15+'3.2Cost by Packages'!AB15+'3.2Cost by Packages'!AF15+'3.2Cost by Packages'!AJ15+'3.2Cost by Packages'!AN15+'3.2Cost by Packages'!AR15+'3.2Cost by Packages'!AV15+'3.2Cost by Packages'!AZ15+'3.2Cost by Packages'!BD15+'3.2Cost by Packages'!BH15+'3.2Cost by Packages'!BL15+'3.2Cost by Packages'!BP15+'3.2Cost by Packages'!BT15+'3.2Cost by Packages'!BX15+'3.2Cost by Packages'!CB15+'3.2Cost by Packages'!CF15+'3.2Cost by Packages'!CJ15+'3.2Cost by Packages'!CN15+'3.2Cost by Packages'!CR15+'3.2Cost by Packages'!CV15+'3.2Cost by Packages'!CZ15+'3.2Cost by Packages'!DD15+'3.2Cost by Packages'!DH15+'3.2Cost by Packages'!DL15+'3.2Cost by Packages'!DP15+'3.2Cost by Packages'!DT15 -> 30488
A14: 2.3 | C14: Sampling | K14: (l.m.) | L14: - | N14: ='3.2Cost by Packages'!N16+'3.2Cost by Packages'!R16+'3.2Cost by Packages'!V16+'3.2Cost by Packages'!Z16+'3.2Cost by Packages'!AD16+'3.2Cost by Packages'!AH16+'3.2Cost by Packages'!AL16+'3.2Cost by Packages'!AP16+'3.2Cost by Packages'!AT16+'3.2Cost by Packages'!AX16+'3.2Cost by Packages'!BB16+'3.2Cost by Packages'!BF16+'3.2Cost by Packages'!BJ16+'3.2Cost by Packages'!BN16+'3.2Cost by Packages'!BR16+'3.2Cost by Packages'!BV16+'3.2Cost by Packages'!BZ16+'3.2Cost by Packages'!CD16+'3.2Cost by Packages'!CH16+'3.2Cost by Packages'!CL16+'3.2Cost by Packages'!CP16+'3.2Cost by Packages'!CT16+'3.2Cost by Packages'!CX16+'3.2Cost by Packages'!DB16+'3.2Cost by Packages'!DF16+'3.2Cost by Packages'!DJ16+'3.2Cost by Packages'!DN16+'3.2Cost by Packages'!DR16 -> 410 | P14: -
A15: 2.4 | C15: Standard Penetration Test (SPT) | K15: (points) | L15: =ROUND(368889/F89*(1-D90),2) -> 15.96 | N15: ='3.2Cost by Packages'!N17+'3.2Cost by Packages'!R17+'3.2Cost by Packages'!V17+'3.2Cost by Packages'!Z17+'3.2Cost by Packages'!AD17+'3.2Cost by Packages'!AH17+'3.2Cost by Packages'!AL17+'3.2Cost by Packages'!AP17+'3.2Cost by Packages'!AT17+'3.2Cost by Packages'!AX17+'3.2Cost by Packages'!BB17+'3.2Cost by Packages'!BF17+'3.2Cost by Packages'!BJ17+'3.2Cost by Packages'!BN17+'3.2Cost by Packages'!BR17+'3.2Cost by Packages'!BV17+'3.2Cost by Packages'!BZ17+'3.2Cost by Packages'!CD17+'3.2Cost by Packages'!CH17+'3.2Cost by Packages'!CL17+'3.2Cost by Packages'!CP17+'3.2Cost by Packages'!CT17+'3.2Cost by Packages'!CX17+'3.2Cost by Packages'!DB17+'3.2Cost by Packages'!DF17+'3.2Cost by Packages'!DJ17+'3.2Cost by Packages'!DN17+'3.2Cost by Packages'!DR17 -> 105 | P15: ='3.2Cost by Packages'!P17+'3.2Cost by Packages'!T17+'3.2Cost by Packages'!X17+'3.2Cost by Packages'!AB17+'3.2Cost by Packages'!AF17+'3.2Cost by Packages'!AJ17+'3.2Cost by Packages'!AN17+'3.2Cost by Packages'!AR17+'3.2Cost by Packages'!AV17+'3.2Cost by Packages'!AZ17+'3.2Cost by Packages'!BD17+'3.2Cost by Packages'!BH17+'3.2Cost by Packages'!BL17+'3.2Cost by Packages'!BP17+'3.2Cost by Packages'!BT17+'3.2Cost by Packages'!BX17+'3.2Cost by Packages'!CB17+'3.2Cost by Packages'!CF17+'3.2Cost by Packages'!CJ17+'3.2Cost by Packages'!CN17+'3.2Cost by Packages'!CR17+'3.2Cost by Packages'!CV17+'3.2Cost by Packages'!CZ17+'3.2Cost by Packages'!DD17+'3.2Cost by Packages'!DH17+'3.2Cost by Packages'!DL17+'3.2Cost by Packages'!DP17+'3.2Cost by Packages'!DT17 -> 1675.8
A16: 2.5 | C16: Disturbed Sample Test | K16: (nos.) | L16: =ROUND(644053/F89*(1-D90),2) -> 27.87 | N16: ='3.2Cost by Packages'!N18+'3.2Cost by Packages'!R18+'3.2Cost by Packages'!V18+'3.2Cost by Packages'!Z18+'3.2Cost by Packages'!AD18+'3.2Cost by Packages'!AH18+'3.2Cost by Packages'!AL18+'3.2Cost by Packages'!AP18+'3.2Cost by Packages'!AT18+'3.2Cost by Packages'!AX18+'3.2Cost by Packages'!BB18+'3.2Cost by Packages'!BF18+'3.2Cost by Packages'!BJ18+'3.2Cost by Packages'!BN18+'3.2Cost by Packages'!BR18+'3.2Cost by Packages'!BV18+'3.2Cost by Packages'!BZ18+'3.2Cost by Packages'!CD18+'3.2Cost by Packages'!CH18+'3.2Cost by Packages'!CL18+'3.2Cost by Packages'!CP18+'3.2Cost by Packages'!CT18+'3.2Cost by Packages'!CX18+'3.2Cost by Packages'!DB18+'3.2Cost by Packages'!DF18+'3.2Cost by Packages'!DJ18+'3.2Cost by Packages'!DN18+'3.2Cost by Packages'!DR18 -> 62 | P16: ='3.2Cost by Packages'!P18+'3.2Cost by Packages'!T18+'3.2Cost by Packages'!X18+'3.2Cost by Packages'!AB18+'3.2Cost by Packages'!AF18+'3.2Cost by Packages'!AJ18+'3.2Cost by Packages'!AN18+'3.2Cost by Packages'!AR18+'3.2Cost by Packages'!AV18+'3.2Cost by Packages'!AZ18+'3.2Cost by Packages'!BD18+'3.2Cost by Packages'!BH18+'3.2Cost by Packages'!BL18+'3.2Cost by Packages'!BP18+'3.2Cost by Packages'!BT18+'3.2Cost by Packages'!BX18+'3.2Cost by Packages'!CB18+'3.2Cost by Packages'!CF18+'3.2Cost by Packages'!CJ18+'3.2Cost by Packages'!CN18+'3.2Cost by Packages'!CR18+'3.2Cost by Packages'!CV18+'3.2Cost by Packages'!CZ18+'3.2Cost by Packages'!DD18+'3.2Cost by Packages'!DH18+'3.2Cost by Packages'!DL18+'3.2Cost by Packages'!DP18+'3.2Cost by Packages'!DT18 -> 1727.94
A17: 2.6 | C17: Unconfined Compression Test | K17: (nos.) | L17: =ROUND(2745768/F89*(1-D90),2) -> 118.81 | N17: ='3.2Cost by Packages'!N19+'3.2Cost by Packages'!R19+'3.2Cost by Packages'!V19+'3.2Cost by Packages'!Z19+'3.2Cost by Packages'!AD19+'3.2Cost by Packages'!AH19+'3.2Cost by Packages'!AL19+'3.2Cost by Packages'!AP19+'3.2Cost by Packages'!AT19+'3.2Cost by Packages'!AX19+'3.2Cost by Packages'!BB19+'3.2Cost by Packages'!BF19+'3.2Cost by Packages'!BJ19+'3.2Cost by Packages'!BN19+'3.2Cost by Packages'!BR19+'3.2Cost by Packages'!BV19+'3.2Cost by Packages'!BZ19+'3.2Cost by Packages'!CD19+'3.2Cost by Packages'!CH19+'3.2Cost by Packages'!CL19+'3.2Cost by Packages'!CP19+'3.2Cost by Packages'!CT19+'3.2Cost by Packages'!CX19+'3.2Cost by Packages'!DB19+'3.2Cost by Packages'!DF19+'3.2Cost by Packages'!DJ19+'3.2Cost by Packages'!DN19+'3.2Cost by Packages'!DR19 -> 31 | P17: ='3.2Cost by Packages'!P19+'3.2Cost by Packages'!T19+'3.2Cost by Packages'!X19+'3.2Cost by Packages'!AB19+'3.2Cost by Packages'!AF19+'3.2Cost by Packages'!AJ19+'3.2Cost by Packages'!AN19+'3.2Cost by Packages'!AR19+'3.2Cost by Packages'!AV19+'3.2Cost by Packages'!AZ19+'3.2Cost by Packages'!BD19+'3.2Cost by Packages'!BH19+'3.2Cost by Packages'!BL19+'3.2Cost by Packages'!BP19+'3.2Cost by Packages'!BT19+'3.2Cost by Packages'!BX19+'3.2Cost by Packages'!CB19+'3.2Cost by Packages'!CF19+'3.2Cost by Packages'!CJ19+'3.2Cost by Packages'!CN19+'3.2Cost by Packages'!CR19+'3.2Cost by Packages'!CV19+'3.2Cost by Packages'!CZ19+'3.2Cost by Packages'!DD19+'3.2Cost by Packages'!DH19+'3.2Cost by Packages'!DL19+'3.2Cost by Packages'!DP19+'3.2Cost by Packages'!DT19 -> 3683.11
A18: 2.7 | C18: Permeability Test | K18: (nos.) | L18: =ROUND(260000/F89*(1-D90),2) -> 11.25 | N18: ='3.2Cost by Packages'!N20+'3.2Cost by Packages'!R20+'3.2Cost by Packages'!V20+'3.2Cost by Packages'!Z20+'3.2Cost by Packages'!AD20+'3.2Cost by Packages'!AH20+'3.2Cost by Packages'!AL20+'3.2Cost by Packages'!AP20+'3.2Cost by Packages'!AT20+'3.2Cost by Packages'!AX20+'3.2Cost by Packages'!BB20+'3.2Cost by Packages'!BF20+'3.2Cost by Packages'!BJ20+'3.2Cost by Packages'!BN20+'3.2Cost by Packages'!BR20+'3.2Cost by Packages'!BV20+'3.2Cost by Packages'!BZ20+'3.2Cost by Packages'!CD20+'3.2Cost by Packages'!CH20+'3.2Cost by Packages'!CL20+'3.2Cost by Packages'!CP20+'3.2Cost by Packages'!CT20+'3.2Cost by Packages'!CX20+'3.2Cost by Packages'!DB20+'3.2Cost by Packages'!DF20+'3.2Cost by Packages'!DJ20+'3.2Cost by Packages'!DN20+'3.2Cost by Packages'!DR20 -> 8 | P18: ='3.2Cost by Packages'!P20+'3.2Cost by Packages'!T20+'3.2Cost by Packages'!X20+'3.2Cost by Packages'!AB20+'3.2Cost by Packages'!AF20+'3.2Cost by Packages'!AJ20+'3.2Cost by Packages'!AN20+'3.2Cost by Packages'!AR20+'3.2Cost by Packages'!AV20+'3.2Cost by Packages'!AZ20+'3.2Cost by Packages'!BD20+'3.2Cost by Packages'!BH20+'3.2Cost by Packages'!BL20+'3.2Cost by Packages'!BP20+'3.2Cost by Packages'!BT20+'3.2Cost by Packages'!BX20+'3.2Cost by Packages'!CB20+'3.2Cost by Packages'!CF20+'3.2Cost by Packages'!CJ20+'3.2Cost by Packages'!CN20+'3.2Cost by Packages'!CR20+'3.2Cost by Packages'!CV20+'3.2Cost by Packages'!CZ20+'3.2Cost by Packages'!DD20+'3.2Cost by Packages'!DH20+'3.2Cost by Packages'!DL20+'3.2Cost by Packages'!DP20+'3.2Cost by Packages'!DT20 -> 90
A19: 2.8 | C19: Profile Survey | K19: (l.m.) | L19: =ROUND(10129834/1000/F89*(1-D90),2) -> 0.44 | N19: ='3.2Cost by Packages'!N21+'3.2Cost by Packages'!R21+'3.2Cost by Packages'!V21+'3.2Cost by Packages'!Z21+'3.2Cost by Packages'!AD21+'3.2Cost by Packages'!AH21+'3.2Cost by Packages'!AL21+'3.2Cost by Packages'!AP21+'3.2Cost by Packages'!AT21+'3.2Cost by Packages'!AX21+'3.2Cost by Packages'!BB21+'3.2Cost by Packages'!BF21+'3.2Cost by Packages'!BJ21+'3.2Cost by Packages'!BN21+'3.2Cost by Packages'!BR21+'3.2Cost by Packages'!BV21+'3.2Cost by Packages'!BZ21+'3.2Cost by Packages'!CD21+'3.2Cost by Packages'!CH21+'3.2Cost by Packages'!CL21+'3.2Cost by Packages'!CP21+'3.2Cost by Packages'!CT21+'3.2Cost by Packages'!CX21+'3.2Cost by Packages'!DB21+'3.2Cost by Packages'!DF21+'3.2Cost by Packages'!DJ21+'3.2Cost by Packages'!DN21+'3.2Cost by Packages'!DR21 -> 1280 | P19: ='3.2Cost by Packages'!P21+'3.2Cost by Packages'!T21+'3.2Cost by Packages'!X21+'3.2Cost by Packages'!AB21+'3.2Cost by Packages'!AF21+'3.2Cost by Packages'!AJ21+'3.2Cost by Packages'!AN21+'3.2Cost by Packages'!AR21+'3.2Cost by Packages'!AV21+'3.2Cost by Packages'!AZ21+'3.2Cost by Packages'!BD21+'3.2Cost by Packages'!BH21+'3.2Cost by Packages'!BL21+'3.2Cost by Packages'!BP21+'3.2Cost by Packages'!BT21+'3.2Cost by Packages'!BX21+'3.2Cost by Packages'!CB21+'3.2Cost by Packages'!CF21+'3.2Cost by Packages'!CJ21+'3.2Cost by Packages'!CN21+'3.2Cost by Packages'!CR21+'3.2Cost by Packages'!CV21+'3.2Cost by Packages'!CZ21+'3.2Cost by Packages'!DD21+'3.2Cost by Packages'!DH21+'3.2Cost by Packages'!DL21+'3.2Cost by Packages'!DP21+'3.2Cost by Packages'!DT21 -> 563.2
A20: 2.9 | C20: Seismic Measurement | K20: (l.m.) | L20: =ROUND(336973*1.175/F89,2) -> 19.04 | N20: ='3.2Cost by Packages'!N22+'3.2Cost by Packages'!R22+'3.2Cost by Packages'!V22+'3.2Cost by Packages'!Z22+'3.2Cost by Packages'!AD22+'3.2Cost by Packages'!AH22+'3.2Cost by Packages'!AL22+'3.2Cost by Packages'!AP22+'3.2Cost by Packages'!AT22+'3.2Cost by Packages'!AX22+'3.2Cost by Packages'!BB22+'3.2Cost by Packages'!BF22+'3.2Cost by Packages'!BJ22+'3.2Cost by Packages'!BN22+'3.2Cost by Packages'!BR22+'3.2Cost by Packages'!BV22+'3.2Cost by Packages'!BZ22+'3.2Cost by Packages'!CD22+'3.2Cost by Packages'!CH22+'3.2Cost by Packages'!CL22+'3.2Cost by Packages'!CP22+'3.2Cost by Packages'!CT22+'3.2Cost by Packages'!CX22+'3.2Cost by Packages'!DB22+'3.2Cost by Packages'!DF22+'3.2Cost by Packages'!DJ22+'3.2Cost by Packages'!DN22+'3.2Cost by Packages'!DR22 -> 1280 | P20: ='3.2Cost by Packages'!P22+'3.2Cost by Packages'!T22+'3.2Cost by Packages'!X22+'3.2Cost by Packages'!AB22+'3.2Cost by Packages'!AF22+'3.2Cost by Packages'!AJ22+'3.2Cost by Packages'!AN22+'3.2Cost by Packages'!AR22+'3.2Cost by Packages'!AV22+'3.2Cost by Packages'!AZ22+'3.2Cost by Packages'!BD22+'3.2Cost by Packages'!BH22+'3.2Cost by Packages'!BL22+'3.2Cost by Packages'!BP22+'3.2Cost by Packages'!BT22+'3.2Cost by Packages'!BX22+'3.2Cost by Packages'!CB22+'3.2Cost by Packages'!CF22+'3.2Cost by Packages'!CJ22+'3.2Cost by Packages'!CN22+'3.2Cost by Packages'!CR22+'3.2Cost by Packages'!CV22+'3.2Cost by Packages'!CZ22+'3.2Cost by Packages'!DD22+'3.2Cost by Packages'!DH22+'3.2Cost by Packages'!DL22+'3.2Cost by Packages'!DP22+'3.2Cost by Packages'!DT22 -> 24371.2
A21: 3 | C21: Bridge (BR) | N21: ='3.2Cost by Packages'!N23+'3.2Cost by Packages'!R23+'3.2Cost by Packages'!V23+'3.2Cost by Packages'!Z23+'3.2Cost by Packages'!AD23+'3.2Cost by Packages'!AH23+'3.2Cost by Packages'!AL23+'3.2Cost by Packages'!AP23+'3.2Cost by Packages'!AT23+'3.2Cost by Packages'!AX23+'3.2Cost by Packages'!BB23+'3.2Cost by Packages'!BF23+'3.2Cost by Packages'!BJ23+'3.2Cost by Packages'!BN23+'3.2Cost by Packages'!BR23+'3.2Cost by Packages'!BV23+'3.2Cost by Packages'!BZ23+'3.2Cost by Packages'!CD23+'3.2Cost by Packages'!CH23+'3.2Cost by Packages'!CL23+'3.2Cost by Packages'!CP23+'3.2Cost by Packages'!CT23+'3.2Cost by Packages'!CX23+'3.2Cost by Packages'!DB23+'3.2Cost by Packages'!DF23+'3.2Cost by Packages'!DJ23+'3.2Cost by Packages'!DN23+'3.2Cost by Packages'!DR23 -> 0 | P21: ='3.2Cost by Packages'!P23+'3.2Cost by Packages'!T23+'3.2Cost by Packages'!X23+'3.2Cost by Packages'!AB23+'3.2Cost by Packages'!AF23+'3.2Cost by Packages'!AJ23+'3.2Cost by Packages'!AN23+'3.2Cost by Packages'!AR23+'3.2Cost by Packages'!AV23+'3.2Cost by Packages'!AZ23+'3.2Cost by Packages'!BD23+'3.2Cost by Packages'!BH23+'3.2Cost by Packages'!BL23+'3.2Cost by Packages'!BP23+'3.2Cost by Packages'!BT23+'3.2Cost by Packages'!BX23+'3.2Cost by Packages'!CB23+'3.2Cost by Packages'!CF23+'3.2Cost by Packages'!CJ23+'3.2Cost by Packages'!CN23+'3.2Cost by Packages'!CR23+'3.2Cost by Packages'!CV23+'3.2Cost by Packages'!CZ23+'3.2Cost by Packages'!DD23+'3.2Cost by Packages'!DH23+'3.2Cost by Packages'!DL23+'3.2Cost by Packages'!DP23+'3.2Cost by Packages'!DT23 -> 1214396.4
A22: 3.1 | C22: Mechanical Boring (On Shore) | I22: I-III (50%), IV-VI (50%) | K22: (l.m.) | L22: =ROUND(1424019/F89*(1-D90),2) -> 61.62 | N22: ='3.2Cost by Packages'!N24+'3.2Cost by Packages'!R24+'3.2Cost by Packages'!V24+'3.2Cost by Packages'!Z24+'3.2Cost by Packages'!AD24+'3.2Cost by Packages'!AH24+'3.2Cost by Packages'!AL24+'3.2Cost by Packages'!AP24+'3.2Cost by Packages'!AT24+'3.2Cost by Packages'!AX24+'3.2Cost by Packages'!BB24+'3.2Cost by Packages'!BF24+'3.2Cost by Packages'!BJ24+'3.2Cost by Packages'!BN24+'3.2Cost by Packages'!BR24+'3.2Cost by Packages'!BV24+'3.2Cost by Packages'!BZ24+'3.2Cost by Packages'!CD24+'3.2Cost by Packages'!CH24+'3.2Cost by Packages'!CL24+'3.2Cost by Packages'!CP24+'3.2Cost by Packages'!CT24+'3.2Cost by Packages'!CX24+'3.2Cost by Packages'!DB24+'3.2Cost by Packages'!DF24+'3.2Cost by Packages'!DJ24+'3.2Cost by Packages'!DN24+'3.2Cost by Packages'!DR24 -> 9369 | P22: ='3.2Cost by Packages'!P24+'3.2Cost by Packages'!T24+'3.2Cost by Packages'!X24+'3.2Cost by Packages'!AB24+'3.2Cost by Packages'!AF24+'3.2Cost by Packages'!AJ24+'3.2Cost by Packages'!AN24+'3.2Cost by Packages'!AR24+'3.2Cost by Packages'!AV24+'3.2Cost by Packages'!AZ24+'3.2Cost by Packages'!BD24+'3.2Cost by Packages'!BH24+'3.2Cost by Packages'!BL24+'3.2Cost by Packages'!BP24+'3.2Cost by Packages'!BT24+'3.2Cost by Packages'!BX24+'3.2Cost by Packages'!CB24+'3.2Cost by Packages'!CF24+'3.2Cost by Packages'!CJ24+'3.2Cost by Packages'!CN24+'3.2Cost by Packages'!CR24+'3.2Cost by Packages'!CV24+'3.2Cost by Packages'!CZ24+'3.2Cost by Packages'!DD24+'3.2Cost by Packages'!DH24+'3.2Cost by Packages'!DL24+'3.2Cost by Packages'!DP24+'3.2Cost by Packages'!DT24 -> 577317.78
A23: 3.2 | C23: Mechanical Boring (Off Shore) | I23: I-III (70%), IV-VI (30%) | K23: (l.m.) | L23: =ROUND(1671973/F89*(1-D90),2) -> 72.34 | N23: ='3.2Cost by Packages'!N25+'3.2Cost by Packages'!R25+'3.2Cost by Packages'!V25+'3.2Cost by Packages'!Z25+'3.2Cost by Packages'!AD25+'3.2Cost by Packages'!AH25+'3.2Cost by Packages'!AL25+'3.2Cost by Packages'!AP25+'3.2Cost by Packages'!AT25+'3.2Cost by Packages'!AX25+'3.2Cost by Packages'!BB25+'3.2Cost by Packages'!BF25+'3.2Cost by Packages'!BJ25+'3.2Cost by Packages'!BN25+'3.2Cost by Packages'!BR25+'3.2Cost by Packages'!BV25+'3.2Cost by Packages'!BZ25+'3.2Cost by Packages'!CD25+'3.2Cost by Packages'!CH25+'3.2Cost by Packages'!CL25+'3.2Cost by Packages'!CP25+'3.2Cost by Packages'!CT25+'3.2Cost by Packages'!CX25+'3.2Cost by Packages'!DB25+'3.2Cost by Packages'!DF25+'3.2Cost by Packages'!DJ25+'3.2Cost by Packages'!DN25+'3.2Cost by Packages'!DR25 -> 3410 | P23: ='3.2Cost by Packages'!P25+'3.2Cost by Packages'!T25+'3.2Cost by Packages'!X25+'3.2Cost by Packages'!AB25+'3.2Cost by Packages'!AF25+'3.2Cost by Packages'!AJ25+'3.2Cost by Packages'!AN25+'3.2Cost by Packages'!AR25+'3.2Cost by Packages'!AV25+'3.2Cost by Packages'!AZ25+'3.2Cost by Packages'!BD25+'3.2Cost by Packages'!BH25+'3.2Cost by Packages'!BL25+'3.2Cost by Packages'!BP25+'3.2Cost by Packages'!BT25+'3.2Cost by Packages'!BX25+'3.2Cost by Packages'!CB25+'3.2Cost by Packages'!CF25+'3.2Cost by Packages'!CJ25+'3.2Cost by Packages'!CN25+'3.2Cost by Packages'!CR25+'3.2Cost by Packages'!CV25+'3.2Cost by Packages'!CZ25+'3.2Cost by Packages'!DD25+'3.2Cost by Packages'!DH25+'3.2Cost by Packages'!DL25+'3.2Cost by Packages'!DP25+'3.2Cost by Packages'!DT25 -> 246679.4
A24: 3.3 | C24: Sampling | K24: (nos.) | L24: - | N24: ='3.2Cost by Packages'!N26+'3.2Cost by Packages'!R26+'3.2Cost by Packages'!V26+'3.2Cost by Packages'!Z26+'3.2Cost by Packages'!AD26+'3.2Cost by Packages'!AH26+'3.2Cost by Packages'!AL26+'3.2Cost by Packages'!AP26+'3.2Cost by Packages'!AT26+'3.2Cost by Packages'!AX26+'3.2Cost by Packages'!BB26+'3.2Cost by Packages'!BF26+'3.2Cost by Packages'!BJ26+'3.2Cost by Packages'!BN26+'3.2Cost by Packages'!BR26+'3.2Cost by Packages'!BV26+'3.2Cost by Packages'!BZ26+'3.2Cost by Packages'!CD26+'3.2Cost by Packages'!CH26+'3.2Cost by Packages'!CL26+'3.2Cost by Packages'!CP26+'3.2Cost by Packages'!CT26+'3.2Cost by Packages'!CX26+'3.2Cost by Packages'!DB26+'3.2Cost by Packages'!DF26+'3.2Cost by Packages'!DJ26+'3.2Cost by Packages'!DN26+'3.2Cost by Packages'!DR26 -> 6550 | P24: -
A25: 3.4 | C25: Standard Penetration Test (SPT) | K25: (points) | L25: =ROUND(368889/F89*(1-D90),2) -> 15.96 | N25: ='3.2Cost by Packages'!N27+'3.2Cost by Packages'!R27+'3.2Cost by Packages'!V27+'3.2Cost by Packages'!Z27+'3.2Cost by Packages'!AD27+'3.2Cost by Packages'!AH27+'3.2Cost by Packages'!AL27+'3.2Cost by Packages'!AP27+'3.2Cost by Packages'!AT27+'3.2Cost by Packages'!AX27+'3.2Cost by Packages'!BB27+'3.2Cost by Packages'!BF27+'3.2Cost by Packages'!BJ27+'3.2Cost by Packages'!BN27+'3.2Cost by Packages'!BR27+'3.2Cost by Packages'!BV27+'3.2Cost by Packages'!BZ27+'3.2Cost by Packages'!CD27+'3.2Cost by Packages'!CH27+'3.2Cost by Packages'!CL27+'3.2Cost by Packages'!CP27+'3.2Cost by Packages'!CT27+'3.2Cost by Packages'!CX27+'3.2Cost by Packages'!DB27+'3.2Cost by Packages'!DF27+'3.2Cost by Packages'!DJ27+'3.2Cost by Packages'!DN27+'3.2Cost by Packages'!DR27 -> 6550 | P25: ='3.2Cost by Packages'!P27+'3.2Cost by Packages'!T27+'3.2Cost by Packages'!X27+'3.2Cost by Packages'!AB27+'3.2Cost by Packages'!AF27+'3.2Cost by Packages'!AJ27+'3.2Cost by Packages'!AN27+'3.2Cost by Packages'!AR27+'3.2Cost by Packages'!AV27+'3.2Cost by Packages'!AZ27+'3.2Cost by Packages'!BD27+'3.2Cost by Packages'!BH27+'3.2Cost by Packages'!BL27+'3.2Cost by Packages'!BP27+'3.2Cost by Packages'!BT27+'3.2Cost by Packages'!BX27+'3.2Cost by Packages'!CB27+'3.2Cost by Packages'!CF27+'3.2Cost by Packages'!CJ27+'3.2Cost by Packages'!CN27+'3.2Cost by Packages'!CR27+'3.2Cost by Packages'!CV27+'3.2Cost by Packages'!CZ27+'3.2Cost by Packages'!DD27+'3.2Cost by Packages'!DH27+'3.2Cost by Packages'!DL27+'3.2Cost by Packages'!DP27+'3.2Cost by Packages'!DT27 -> 104538
A26: 3.5 | C26: Floating Equipment | K26: (nos.) | L26: =ROUND(1000*18990*1.175/F89,2) -> 1072.75 | N26: ='3.2Cost by Packages'!N28+'3.2Cost by Packages'!R28+'3.2Cost by Packages'!V28+'3.2Cost by Packages'!Z28+'3.2Cost by Packages'!AD28+'3.2Cost by Packages'!AH28+'3.2Cost by Packages'!AL28+'3.2Cost by Packages'!AP28+'3.2Cost by Packages'!AT28+'3.2Cost by Packages'!AX28+'3.2Cost by Packages'!BB28+'3.2Cost by Packages'!BF28+'3.2Cost by Packages'!BJ28+'3.2Cost by Packages'!BN28+'3.2Cost by Packages'!BR28+'3.2Cost by Packages'!BV28+'3.2Cost by Packages'!BZ28+'3.2Cost by Packages'!CD28+'3.2Cost by Packages'!CH28+'3.2Cost by Packages'!CL28+'3.2Cost by Packages'!CP28+'3.2Cost by Packages'!CT28+'3.2Cost by Packages'!CX28+'3.2Cost by Packages'!DB28+'3.2Cost by Packages'!DF28+'3.2Cost by Packages'!DJ28+'3.2Cost by Packages'!DN28+'3.2Cost by Packages'!DR28 -> 32 | P26: ='3.2Cost by Packages'!P28+'3.2Cost by Packages'!T28+'3.2Cost by Packages'!X28+'3.2Cost by Packages'!AB28+'3.2Cost by Packages'!AF28+'3.2Cost by Packages'!AJ28+'3.2Cost by Packages'!AN28+'3.2Cost by Packages'!AR28+'3.2Cost by Packages'!AV28+'3.2Cost by Packages'!AZ28+'3.2Cost by Packages'!BD28+'3.2Cost by Packages'!BH28+'3.2Cost by Packages'!BL28+'3.2Cost by Packages'!BP28+'3.2Cost by Packages'!BT28+'3.2Cost by Packages'!BX28+'3.2Cost by Packages'!CB28+'3.2Cost by Packages'!CF28+'3.2Cost by Packages'!CJ28+'3.2Cost by Packages'!CN28+'3.2Cost by Packages'!CR28+'3.2Cost by Packages'!CV28+'3.2Cost by Packages'!CZ28+'3.2Cost by Packages'!DD28+'3.2Cost by Packages'!DH28+'3.2Cost by Packages'!DL28+'3.2Cost by Packages'!DP28+'3.2Cost by Packages'!DT28 -> 34328
A27: 3.6 | C27: Undisturbed Sample Test | K27: (nos.) | L27: =ROUND(1018620/F89*(1-D90),2) -> 44.07 | N27: ='3.2Cost by Packages'!N29+'3.2Cost by Packages'!R29+'3.2Cost by Packages'!V29+'3.2Cost by Packages'!Z29+'3.2Cost by Packages'!AD29+'3.2Cost by Packages'!AH29+'3.2Cost by Packages'!AL29+'3.2Cost by Packages'!AP29+'3.2Cost by Packages'!AT29+'3.2Cost by Packages'!AX29+'3.2Cost by Packages'!BB29+'3.2Cost by Packages'!BF29+'3.2Cost by Packages'!BJ29+'3.2Cost by Packages'!BN29+'3.2Cost by Packages'!BR29+'3.2Cost by Packages'!BV29+'3.2Cost by Packages'!BZ29+'3.2Cost by Packages'!CD29+'3.2Cost by Packages'!CH29+'3.2Cost by Packages'!CL29+'3.2Cost by Packages'!CP29+'3.2Cost by Packages'!CT29+'3.2Cost by Packages'!CX29+'3.2Cost by Packages'!DB29+'3.2Cost by Packages'!DF29+'3.2Cost by Packages'!DJ29+'3.2Cost by Packages'!DN29+'3.2Cost by Packages'!DR29 -> 1737 | P27: ='3.2Cost by Packages'!P29+'3.2Cost by Packages'!T29+'3.2Cost by Packages'!X29+'3.2Cost by Packages'!AB29+'3.2Cost by Packages'!AF29+'3.2Cost by Packages'!AJ29+'3.2Cost by Packages'!AN29+'3.2Cost by Packages'!AR29+'3.2Cost by Packages'!AV29+'3.2Cost by Packages'!AZ29+'3.2Cost by Packages'!BD29+'3.2Cost by Packages'!BH29+'3.2Cost by Packages'!BL29+'3.2Cost by Packages'!BP29+'3.2Cost by Packages'!BT29+'3.2Cost by Packages'!BX29+'3.2Cost by Packages'!CB29+'3.2Cost by Packages'!CF29+'3.2Cost by Packages'!CJ29+'3.2Cost by Packages'!CN29+'3.2Cost by Packages'!CR29+'3.2Cost by Packages'!CV29+'3.2Cost by Packages'!CZ29+'3.2Cost by Packages'!DD29+'3.2Cost by Packages'!DH29+'3.2Cost by Packages'!DL29+'3.2Cost by Packages'!DP29+'3.2Cost by Packages'!DT29 -> 76549.59
A28: 3.7 | C28: Disturbed Sample Test | K28: (nos.) | L28: =ROUND(644053/F89*(1-D90),2) -> 27.87 | N28: ='3.2Cost by Packages'!N30+'3.2Cost by Packages'!R30+'3.2Cost by Packages'!V30+'3.2Cost by Packages'!Z30+'3.2Cost by Packages'!AD30+'3.2Cost by Packages'!AH30+'3.2Cost by Packages'!AL30+'3.2Cost by Packages'!AP30+'3.2Cost by Packages'!AT30+'3.2Cost by Packages'!AX30+'3.2Cost by Packages'!BB30+'3.2Cost by Packages'!BF30+'3.2Cost by Packages'!BJ30+'3.2Cost by Packages'!BN30+'3.2Cost by Packages'!BR30+'3.2Cost by Packages'!BV30+'3.2Cost by Packages'!BZ30+'3.2Cost by Packages'!CD30+'3.2Cost by Packages'!CH30+'3.2Cost by Packages'!CL30+'3.2Cost by Packages'!CP30+'3.2Cost by Packages'!CT30+'3.2Cost by Packages'!CX30+'3.2Cost by Packages'!DB30+'3.2Cost by Packages'!DF30+'3.2Cost by Packages'!DJ30+'3.2Cost by Packages'!DN30+'3.2Cost by Packages'!DR30 -> 1737 | P28: ='3.2Cost by Packages'!P30+'3.2Cost by Packages'!T30+'3.2Cost by Packages'!X30+'3.2Cost by Packages'!AB30+'3.2Cost by Packages'!AF30+'3.2Cost by Packages'!AJ30+'3.2Cost by Packages'!AN30+'3.2Cost by Packages'!AR30+'3.2Cost by Packages'!AV30+'3.2Cost by Packages'!AZ30+'3.2Cost by Packages'!BD30+'3.2Cost by Packages'!BH30+'3.2Cost by Packages'!BL30+'3.2Cost by Packages'!BP30+'3.2Cost by Packages'!BT30+'3.2Cost by Packages'!BX30+'3.2Cost by Packages'!CB30+'3.2Cost by Packages'!CF30+'3.2Cost by Packages'!CJ30+'3.2Cost by Packages'!CN30+'3.2Cost by Packages'!CR30+'3.2Cost by Packages'!CV30+'3.2Cost by Packages'!CZ30+'3.2Cost by Packages'!DD30+'3.2Cost by Packages'!DH30+'3.2Cost by Packages'!DL30+'3.2Cost by Packages'!DP30+'3.2Cost by Packages'!DT30 -> 48410.19
A29: 3.8 | C29: Unconfined Compression Test | K29: (nos.) | L29: =ROUND(2745768/F89*(1-D90),2) -> 118.81 | N29: ='3.2Cost by Packages'!N31+'3.2Cost by Packages'!R31+'3.2Cost by Packages'!V31+'3.2Cost by Packages'!Z31+'3.2Cost by Packages'!AD31+'3.2Cost by Packages'!AH31+'3.2Cost by Packages'!AL31+'3.2Cost by Packages'!AP31+'3.2Cost by Packages'!AT31+'3.2Cost by Packages'!AX31+'3.2Cost by Packages'!BB31+'3.2Cost by Packages'!BF31+'3.2Cost by Packages'!BJ31+'3.2Cost by Packages'!BN31+'3.2Cost by Packages'!BR31+'3.2Cost by Packages'!BV31+'3.2Cost by Packages'!BZ31+'3.2Cost by Packages'!CD31+'3.2Cost by Packages'!CH31+'3.2Cost by Packages'!CL31+'3.2Cost by Packages'!CP31+'3.2Cost by Packages'!CT31+'3.2Cost by Packages'!CX31+'3.2Cost by Packages'!DB31+'3.2Cost by Packages'!DF31+'3.2Cost by Packages'!DJ31+'3.2Cost by Packages'!DN31+'3.2Cost by Packages'!DR31 -> 1036 | P29: ='3.2Cost by Packages'!P31+'3.2Cost by Packages'!T31+'3.2Cost by Packages'!X31+'3.2Cost by Packages'!AB31+'3.2Cost by Packages'!AF31+'3.2Cost by Packages'!AJ31+'3.2Cost by Packages'!AN31+'3.2Cost by Packages'!AR31+'3.2Cost by Packages'!AV31+'3.2Cost by Packages'!AZ31+'3.2Cost by Packages'!BD31+'3.2Cost by Packages'!BH31+'3.2Cost by Packages'!BL31+'3.2Cost by Packages'!BP31+'3.2Cost by Packages'!BT31+'3.2Cost by Packages'!BX31+'3.2Cost by Packages'!CB31+'3.2Cost by Packages'!CF31+'3.2Cost by Packages'!CJ31+'3.2Cost by Packages'!CN31+'3.2Cost by Packages'!CR31+'3.2Cost by Packages'!CV31+'3.2Cost by Packages'!CZ31+'3.2Cost by Packages'!DD31+'3.2Cost by Packages'!DH31+'3.2Cost by Packages'!DL31+'3.2Cost by Packages'!DP31+'3.2Cost by Packages'!DT31 -> 123087.16
A30: 3.9 | C30: Consolidation Test (Cv) | K30: (nos.) | L30: =ROUND(3357049/F89*(1-D90),2) -> 145.26 | N30: ='3.2Cost by Packages'!N32+'3.2Cost by Packages'!R32+'3.2Cost by Packages'!V32+'3.2Cost by Packages'!Z32+'3.2Cost by Packages'!AD32+'3.2Cost by Packages'!AH32+'3.2Cost by Packages'!AL32+'3.2Cost by Packages'!AP32+'3.2Cost by Packages'!AT32+'3.2Cost by Packages'!AX32+'3.2Cost by Packages'!BB32+'3.2Cost by Packages'!BF32+'3.2Cost by Packages'!BJ32+'3.2Cost by Packages'!BN32+'3.2Cost by Packages'!BR32+'3.2Cost by Packages'!BV32+'3.2Cost by Packages'!BZ32+'3.2Cost by Packages'!CD32+'3.2Cost by Packages'!CH32+'3.2Cost by Packages'!CL32+'3.2Cost by Packages'!CP32+'3.2Cost by Packages'!CT32+'3.2Cost by Packages'!CX32+'3.2Cost by Packages'!DB32+'3.2Cost by Packages'!DF32+'3.2Cost by Packages'!DJ32+'3.2Cost by Packages'!DN32+'3.2Cost by Packages'!DR32 -> 24 | P30: ='3.2Cost by Packages'!P32+'3.2Cost by Packages'!T32+'3.2Cost by Packages'!X32+'3.2Cost by Packages'!AB32+'3.2Cost by Packages'!AF32+'3.2Cost by Packages'!AJ32+'3.2Cost by Packages'!AN32+'3.2Cost by Packages'!AR32+'3.2Cost by Packages'!AV32+'3.2Cost by Packages'!AZ32+'3.2Cost by Packages'!BD32+'3.2Cost by Packages'!BH32+'3.2Cost by Packages'!BL32+'3.2Cost by Packages'!BP32+'3.2Cost by Packages'!BT32+'3.2Cost by Packages'!BX32+'3.2Cost by Packages'!CB32+'3.2Cost by Packages'!CF32+'3.2Cost by Packages'!CJ32+'3.2Cost by Packages'!CN32+'3.2Cost by Packages'!CR32+'3.2Cost by Packages'!CV32+'3.2Cost by Packages'!CZ32+'3.2Cost by Packages'!DD32+'3.2Cost by Packages'!DH32+'3.2Cost by Packages'!DL32+'3.2Cost by Packages'!DP32+'3.2Cost by Packages'!DT32 -> 3486.24
A31: 4 | C31: Interchange (IC) | N31: ='3.2Cost by Packages'!N33+'3.2Cost by Packages'!R33+'3.2Cost by Packages'!V33+'3.2Cost by Packages'!Z33+'3.2Cost by Packages'!AD33+'3.2Cost by Packages'!AH33+'3.2Cost by Packages'!AL33+'3.2Cost by Packages'!AP33+'3.2Cost by Packages'!AT33+'3.2Cost by Packages'!AX33+'3.2Cost by Packages'!BB33+'3.2Cost by Packages'!BF33+'3.2Cost by Packages'!BJ33+'3.2Cost by Packages'!BN33+'3.2Cost by Packages'!BR33+'3.2Cost by Packages'!BV33+'3.2Cost by Packages'!BZ33+'3.2Cost by Packages'!CD33+'3.2Cost by Packages'!CH33+'3.2Cost by Packages'!CL33+'3.2Cost by Packages'!CP33+'3.2Cost by Packages'!CT33+'3.2Cost by Packages'!CX33+'3.2Cost by Packages'!DB33+'3.2Cost by Packages'!DF33+'3.2Cost by Packages'!DJ33+'3.2Cost by Packages'!DN33+'3.2Cost by Packages'!DR33 -> 0 | P31: ='3.2Cost by Packages'!P33+'3.2Cost by Packages'!T33+'3.2Cost by Packages'!X33+'3.2Cost by Packages'!AB33+'3.2Cost by Packages'!AF33+'3.2Cost by Packages'!AJ33+'3.2Cost by Packages'!AN33+'3.2Cost by Packages'!AR33+'3.2Cost by Packages'!AV33+'3.2Cost by Packages'!AZ33+'3.2Cost by Packages'!BD33+'3.2Cost by Packages'!BH33+'3.2Cost by Packages'!BL33+'3.2Cost by Packages'!BP33+'3.2Cost by Packages'!BT33+'3.2Cost by Packages'!BX33+'3.2Cost by Packages'!CB33+'3.2Cost by Packages'!CF33+'3.2Cost by Packages'!CJ33+'3.2Cost by Packages'!CN33+'3.2Cost by Packages'!CR33+'3.2Cost by Packages'!CV33+'3.2Cost by Packages'!CZ33+'3.2Cost by Packages'!DD33+'3.2Cost by Packages'!DH33+'3.2Cost by Packages'!DL33+'3.2Cost by Packages'!DP33+'3.2Cost by Packages'!DT33 -> 14528.64
A32: 4.1 | C32: Mechanical Boring | I32: I-III (100%) | K32: (l.m.) | L32: =ROUND(1180473/F89*(1-D90),2) -> 51.08 | N32: ='3.2Cost by Packages'!N34+'3.2Cost by Packages'!R34+'3.2Cost by Packages'!V34+'3.2Cost by Packages'!Z34+'3.2Cost by Packages'!AD34+'3.2Cost by Packages'!AH34+'3.2Cost by Packages'!AL34+'3.2Cost by Packages'!AP34+'3.2Cost by Packages'!AT34+'3.2Cost by Packages'!AX34+'3.2Cost by Packages'!BB34+'3.2Cost by Packages'!BF34+'3.2Cost by Packages'!BJ34+'3.2Cost by Packages'!BN34+'3.2Cost by Packages'!BR34+'3.2Cost by Packages'!BV34+'3.2Cost by Packages'!BZ34+'3.2Cost by Packages'!CD34+'3.2Cost by Packages'!CH34+'3.2Cost by Packages'!CL34+'3.2Cost by Packages'!CP34+'3.2Cost by Packages'!CT34+'3.2Cost by Packages'!CX34+'3.2Cost by Packages'!DB34+'3.2Cost by Packages'!DF34+'3.2Cost by Packages'!DJ34+'3.2Cost by Packages'!DN34+'3.2Cost by Packages'!DR34 -> 210 | P32: ='3.2Cost by Packages'!P34+'3.2Cost by Packages'!T34+'3.2Cost by Packages'!X34+'3.2Cost by Packages'!AB34+'3.2Cost by Packages'!AF34+'3.2Cost by Packages'!AJ34+'3.2Cost by Packages'!AN34+'3.2Cost by Packages'!AR34+'3.2Cost by Packages'!AV34+'3.2Cost by Packages'!AZ34+'3.2Cost by Packages'!BD34+'3.2Cost by Packages'!BH34+'3.2Cost by Packages'!BL34+'3.2Cost by Packages'!BP34+'3.2Cost by Packages'!BT34+'3.2Cost by Packages'!BX34+'3.2Cost by Packages'!CB34+'3.2Cost by Packages'!CF34+'3.2Cost by Packages'!CJ34+'3.2Cost by Packages'!CN34+'3.2Cost by Packages'!CR34+'3.2Cost by Packages'!CV34+'3.2Cost by Packages'!CZ34+'3.2Cost by Packages'!DD34+'3.2Cost by Packages'!DH34+'3.2Cost by Packages'!DL34+'3.2Cost by Packages'!DP34+'3.2Cost by Packages'!DT34 -> 10726.8
A33: 4.2 | C33: Sampling | K33: (nos.) | L33: - | N33: ='3.2Cost by Packages'!N35+'3.2Cost by Packages'!R35+'3.2Cost by Packages'!V35+'3.2Cost by Packages'!Z35+'3.2Cost by Packages'!AD35+'3.2Cost by Packages'!AH35+'3.2Cost by Packages'!AL35+'3.2Cost by Packages'!AP35+'3.2Cost by Packages'!AT35+'3.2Cost by Packages'!AX35+'3.2Cost by Packages'!BB35+'3.2Cost by Packages'!BF35+'3.2Cost by Packages'!BJ35+'3.2Cost by Packages'!BN35+'3.2Cost by Packages'!BR35+'3.2Cost by Packages'!BV35+'3.2Cost by Packages'!BZ35+'3.2Cost by Packages'!CD35+'3.2Cost by Packages'!CH35+'3.2Cost by Packages'!CL35+'3.2Cost by Packages'!CP35+'3.2Cost by Packages'!CT35+'3.2Cost by Packages'!CX35+'3.2Cost by Packages'!DB35+'3.2Cost by Packages'!DF35+'3.2Cost by Packages'!DJ35+'3.2Cost by Packages'!DN35+'3.2Cost by Packages'!DR35 -> 112 | P33: -
A34: 4.3 | C34: Standard Penetration Test (SPT) | K34: (points) | L34: =ROUND(368889/F89*(1-D90),2) -> 15.96 | N34: ='3.2Cost by Packages'!N36+'3.2Cost by Packages'!R36+'3.2Cost by Packages'!V36+'3.2Cost by Packages'!Z36+'3.2Cost by Packages'!AD36+'3.2Cost by Packages'!AH36+'3.2Cost by Packages'!AL36+'3.2Cost by Packages'!AP36+'3.2Cost by Packages'!AT36+'3.2Cost by Packages'!AX36+'3.2Cost by Packages'!BB36+'3.2Cost by Packages'!BF36+'3.2Cost by Packages'!BJ36+'3.2Cost by Packages'!BN36+'3.2Cost by Packages'!BR36+'3.2Cost by Packages'!BV36+'3.2Cost by Packages'!BZ36+'3.2Cost by Packages'!CD36+'3.2Cost by Packages'!CH36+'3.2Cost by Packages'!CL36+'3.2Cost by Packages'!CP36+'3.2Cost by Packages'!CT36+'3.2Cost by Packages'!CX36+'3.2Cost by Packages'!DB36+'3.2Cost by Packages'!DF36+'3.2Cost by Packages'!DJ36+'3.2Cost by Packages'!DN36+'3.2Cost by Packages'!DR36 -> 112 | P34: ='3.2Cost by Packages'!P36+'3.2Cost by Packages'!T36+'3.2Cost by Packages'!X36+'3.2Cost by Packages'!AB36+'3.2Cost by Packages'!AF36+'3.2Cost by Packages'!AJ36+'3.2Cost by Packages'!AN36+'3.2Cost by Packages'!AR36+'3.2Cost by Packages'!AV36+'3.2Cost by Packages'!AZ36+'3.2Cost by Packages'!BD36+'3.2Cost by Packages'!BH36+'3.2Cost by Packages'!BL36+'3.2Cost by Packages'!BP36+'3.2Cost by Packages'!BT36+'3.2Cost by Packages'!BX36+'3.2Cost by Packages'!CB36+'3.2Cost by Packages'!CF36+'3.2Cost by Packages'!CJ36+'3.2Cost by Packages'!CN36+'3.2Cost by Packages'!CR36+'3.2Cost by Packages'!CV36+'3.2Cost by Packages'!CZ36+'3.2Cost by Packages'!DD36+'3.2Cost by Packages'!DH36+'3.2Cost by Packages'!DL36+'3.2Cost by Packages'!DP36+'3.2Cost by Packages'!DT36 -> 1787.52
A35: 4.4 | C35: Undisturbed Sample Test | K35: (nos.) | L35: =ROUND(1018620/F89*(1-D90),2) -> 44.07 | N35: ='3.2Cost by Packages'!N37+'3.2Cost by Packages'!R37+'3.2Cost by Packages'!V37+'3.2Cost by Packages'!Z37+'3.2Cost by Packages'!AD37+'3.2Cost by Packages'!AH37+'3.2Cost by Packages'!AL37+'3.2Cost by Packages'!AP37+'3.2Cost by Packages'!AT37+'3.2Cost by Packages'!AX37+'3.2Cost by Packages'!BB37+'3.2Cost by Packages'!BF37+'3.2Cost by Packages'!BJ37+'3.2Cost by Packages'!BN37+'3.2Cost by Packages'!BR37+'3.2Cost by Packages'!BV37+'3.2Cost by Packages'!BZ37+'3.2Cost by Packages'!CD37+'3.2Cost by Packages'!CH37+'3.2Cost by Packages'!CL37+'3.2Cost by Packages'!CP37+'3.2Cost by Packages'!CT37+'3.2Cost by Packages'!CX37+'3.2Cost by Packages'!DB37+'3.2Cost by Packages'!DF37+'3.2Cost by Packages'!DJ37+'3.2Cost by Packages'!DN37+'3.2Cost by Packages'!DR37 -> 28 | P35: ='3.2Cost by Packages'!P37+'3.2Cost by Packages'!T37+'3.2Cost by Packages'!X37+'3.2Cost by Packages'!AB37+'3.2Cost by Packages'!AF37+'3.2Cost by Packages'!AJ37+'3.2Cost by Packages'!AN37+'3.2Cost by Packages'!AR37+'3.2Cost by Packages'!AV37+'3.2Cost by Packages'!AZ37+'3.2Cost by Packages'!BD37+'3.2Cost by Packages'!BH37+'3.2Cost by Packages'!BL37+'3.2Cost by Packages'!BP37+'3.2Cost by Packages'!BT37+'3.2Cost by Packages'!BX37+'3.2Cost by Packages'!CB37+'3.2Cost by Packages'!CF37+'3.2Cost by Packages'!CJ37+'3.2Cost by Packages'!CN37+'3.2Cost by Packages'!CR37+'3.2Cost by Packages'!CV37+'3.2Cost by Packages'!CZ37+'3.2Cost by Packages'!DD37+'3.2Cost by Packages'!DH37+'3.2Cost by Packages'!DL37+'3.2Cost by Packages'!DP37+'3.2Cost by Packages'!DT37 -> 1233.96
A36: 4.5 | C36: Disturbed Sample Test | K36: (nos.) | L36: =ROUND(644053/F89*(1-D90),2) -> 27.87 | N36: ='3.2Cost by Packages'!N38+'3.2Cost by Packages'!R38+'3.2Cost by Packages'!V38+'3.2Cost by Packages'!Z38+'3.2Cost by Packages'!AD38+'3.2Cost by Packages'!AH38+'3.2Cost by Packages'!AL38+'3.2Cost by Packages'!AP38+'3.2Cost by Packages'!AT38+'3.2Cost by Packages'!AX38+'3.2Cost by Packages'!BB38+'3.2Cost by Packages'!BF38+'3.2Cost by Packages'!BJ38+'3.2Cost by Packages'!BN38+'3.2Cost by Packages'!BR38+'3.2Cost by Packages'!BV38+'3.2Cost by Packages'!BZ38+'3.2Cost by Packages'!CD38+'3.2Cost by Packages'!CH38+'3.2Cost by Packages'!CL38+'3.2Cost by Packages'!CP38+'3.2Cost by Packages'!CT38+'3.2Cost by Packages'!CX38+'3.2Cost by Packages'!DB38+'3.2Cost by Packages'!DF38+'3.2Cost by Packages'!DJ38+'3.2Cost by Packages'!DN38+'3.2Cost by Packages'!DR38 -> 28 | P36: ='3.2Cost by Packages'!P38+'3.2Cost by Packages'!T38+'3.2Cost by Packages'!X38+'3.2Cost by Packages'!AB38+'3.2Cost by Packages'!AF38+'3.2Cost by Packages'!AJ38+'3.2Cost by Packages'!AN38+'3.2Cost by Packages'!AR38+'3.2Cost by Packages'!AV38+'3.2Cost by Packages'!AZ38+'3.2Cost by Packages'!BD38+'3.2Cost by Packages'!BH38+'3.2Cost by Packages'!BL38+'3.2Cost by Packages'!BP38+'3.2Cost by Packages'!BT38+'3.2Cost by Packages'!BX38+'3.2Cost by Packages'!CB38+'3.2Cost by Packages'!CF38+'3.2Cost by Packages'!CJ38+'3.2Cost by Packages'!CN38+'3.2Cost by Packages'!CR38+'3.2Cost by Packages'!CV38+'3.2Cost by Packages'!CZ38+'3.2Cost by Packages'!DD38+'3.2Cost by Packages'!DH38+'3.2Cost by Packages'!DL38+'3.2Cost by Packages'!DP38+'3.2Cost by Packages'!DT38 -> 780.36
A37: 5 | C37: Building (BL) | N37: ='3.2Cost by Packages'!N39+'3.2Cost by Packages'!R39+'3.2Cost by Packages'!V39+'3.2Cost by Packages'!Z39+'3.2Cost by Packages'!AD39+'3.2Cost by Packages'!AH39+'3.2Cost by Packages'!AL39+'3.2Cost by Packages'!AP39+'3.2Cost by Packages'!AT39+'3.2Cost by Packages'!AX39+'3.2Cost by Packages'!BB39+'3.2Cost by Packages'!BF39+'3.2Cost by Packages'!BJ39+'3.2Cost by Packages'!BN39+'3.2Cost by Packages'!BR39+'3.2Cost by Packages'!BV39+'3.2Cost by Packages'!BZ39+'3.2Cost by Packages'!CD39+'3.2Cost by Packages'!CH39+'3.2Cost by Packages'!CL39+'3.2Cost by Packages'!CP39+'3.2Cost by Packages'!CT39+'3.2Cost by Packages'!CX39+'3.2Cost by Packages'!DB39+'3.2Cost by Packages'!DF39+'3.2Cost by Packages'!DJ39+'3.2Cost by Packages'!DN39+'3.2Cost by Packages'!DR39 -> 0 | P37: ='3.2Cost by Packages'!P39+'3.2Cost by Packages'!T39+'3.2Cost by Packages'!X39+'3.2Cost by Packages'!AB39+'3.2Cost by Packages'!AF39+'3.2Cost by Packages'!AJ39+'3.2Cost by Packages'!AN39+'3.2Cost by Packages'!AR39+'3.2Cost by Packages'!AV39+'3.2Cost by Packages'!AZ39+'3.2Cost by Packages'!BD39+'3.2Cost by Packages'!BH39+'3.2Cost by Packages'!BL39+'3.2Cost by Packages'!BP39+'3.2Cost by Packages'!BT39+'3.2Cost by Packages'!BX39+'3.2Cost by Packages'!CB39+'3.2Cost by Packages'!CF39+'3.2Cost by Packages'!CJ39+'3.2Cost by Packages'!CN39+'3.2Cost by Packages'!CR39+'3.2Cost by Packages'!CV39+'3.2Cost by Packages'!CZ39+'3.2Cost by Packages'!DD39+'3.2Cost by Packages'!DH39+'3.2Cost by Packages'!DL39+'3.2Cost by Packages'!DP39+'3.2Cost by Packages'!DT39 -> 22182.48
A38: 5.1 | C38: Mechanical Boring | I38: I-III (100%) | K38: (l.m.) | L38: =ROUND(1180473/F89*(1-D90),2) -> 51.08 | N38: ='3.2Cost by Packages'!N40+'3.2Cost by Packages'!R40+'3.2Cost by Packages'!V40+'3.2Cost by Packages'!Z40+'3.2Cost by Packages'!AD40+'3.2Cost by Packages'!AH40+'3.2Cost by Packages'!AL40+'3.2Cost by Packages'!AP40+'3.2Cost by Packages'!AT40+'3.2Cost by Packages'!AX40+'3.2Cost by Packages'!BB40+'3.2Cost by Packages'!BF40+'3.2Cost by Packages'!BJ40+'3.2Cost by Packages'!BN40+'3.2Cost by Packages'!BR40+'3.2Cost by Packages'!BV40+'3.2Cost by Packages'!BZ40+'3.2Cost by Packages'!CD40+'3.2Cost by Packages'!CH40+'3.2Cost by Packages'!CL40+'3.2Cost by Packages'!CP40+'3.2Cost by Packages'!CT40+'3.2Cost by Packages'!CX40+'3.2Cost by Packages'!DB40+'3.2Cost by Packages'!DF40+'3.2Cost by Packages'!DJ40+'3.2Cost by Packages'!DN40+'3.2Cost by Packages'!DR40 -> 300 | P38: ='3.2Cost by Packages'!P40+'3.2Cost by Packages'!T40+'3.2Cost by Packages'!X40+'3.2Cost by Packages'!AB40+'3.2Cost by Packages'!AF40+'3.2Cost by Packages'!AJ40+'3.2Cost by Packages'!AN40+'3.2Cost by Packages'!AR40+'3.2Cost by Packages'!AV40+'3.2Cost by Packages'!AZ40+'3.2Cost by Packages'!BD40+'3.2Cost by Packages'!BH40+'3.2Cost by Packages'!BL40+'3.2Cost by Packages'!BP40+'3.2Cost by Packages'!BT40+'3.2Cost by Packages'!BX40+'3.2Cost by Packages'!CB40+'3.2Cost by Packages'!CF40+'3.2Cost by Packages'!CJ40+'3.2Cost by Packages'!CN40+'3.2Cost by Packages'!CR40+'3.2Cost by Packages'!CV40+'3.2Cost by Packages'!CZ40+'3.2Cost by Packages'!DD40+'3.2Cost by Packages'!DH40+'3.2Cost by Packages'!DL40+'3.2Cost by Packages'!DP40+'3.2Cost by Packages'!DT40 -> 15324
A39: 5.2 | C39: Sampling | K39: (nos.) | L39: - | N39: ='3.2Cost by Packages'!N41+'3.2Cost by Packages'!R41+'3.2Cost by Packages'!V41+'3.2Cost by Packages'!Z41+'3.2Cost by Packages'!AD41+'3.2Cost by Packages'!AH41+'3.2Cost by Packages'!AL41+'3.2Cost by Packages'!AP41+'3.2Cost by Packages'!AT41+'3.2Cost by Packages'!AX41+'3.2Cost by Packages'!BB41+'3.2Cost by Packages'!BF41+'3.2Cost by Packages'!BJ41+'3.2Cost by Packages'!BN41+'3.2Cost by Packages'!BR41+'3.2Cost by Packages'!BV41+'3.2Cost by Packages'!BZ41+'3.2Cost by Packages'!CD41+'3.2Cost by Packages'!CH41+'3.2Cost by Packages'!CL41+'3.2Cost by Packages'!CP41+'3.2Cost by Packages'!CT41+'3.2Cost by Packages'!CX41+'3.2Cost by Packages'!DB41+'3.2Cost by Packages'!DF41+'3.2Cost by Packages'!DJ41+'3.2Cost by Packages'!DN41+'3.2Cost by Packages'!DR41 -> 160 | P39: -
A40: 5.3 | C40: Standard Penetration Test (SPT) | K40: (points) | L40: =ROUND(368889/F89*(1-D90),2) -> 15.96 | N40: ='3.2Cost by Packages'!N42+'3.2Cost by Packages'!R42+'3.2Cost by Packages'!V42+'3.2Cost by Packages'!Z42+'3.2Cost by Packages'!AD42+'3.2Cost by Packages'!AH42+'3.2Cost by Packages'!AL42+'3.2Cost by Packages'!AP42+'3.2Cost by Packages'!AT42+'3.2Cost by Packages'!AX42+'3.2Cost by Packages'!BB42+'3.2Cost by Packages'!BF42+'3.2Cost by Packages'!BJ42+'3.2Cost by Packages'!BN42+'3.2Cost by Packages'!BR42+'3.2Cost by Packages'!BV42+'3.2Cost by Packages'!BZ42+'3.2Cost by Packages'!CD42+'3.2Cost by Packages'!CH42+'3.2Cost by Packages'!CL42+'3.2Cost by Packages'!CP42+'3.2Cost by Packages'!CT42+'3.2Cost by Packages'!CX42+'3.2Cost by Packages'!DB42+'3.2Cost by Packages'!DF42+'3.2Cost by Packages'!DJ42+'3.2Cost by Packages'!DN42+'3.2Cost by Packages'!DR42 -> 144 | P40: ='3.2Cost by Packages'!P42+'3.2Cost by Packages'!T42+'3.2Cost by Packages'!X42+'3.2Cost by Packages'!AB42+'3.2Cost by Packages'!AF42+'3.2Cost by Packages'!AJ42+'3.2Cost by Packages'!AN42+'3.2Cost by Packages'!AR42+'3.2Cost by Packages'!AV42+'3.2Cost by Packages'!AZ42+'3.2Cost by Packages'!BD42+'3.2Cost by Packages'!BH42+'3.2Cost by Packages'!BL42+'3.2Cost by Packages'!BP42+'3.2Cost by Packages'!BT42+'3.2Cost by Packages'!BX42+'3.2Cost by Packages'!CB42+'3.2Cost by Packages'!CF42+'3.2Cost by Packages'!CJ42+'3.2Cost by Packages'!CN42+'3.2Cost by Packages'!CR42+'3.2Cost by Packages'!CV42+'3.2Cost by Packages'!CZ42+'3.2Cost by Packages'!DD42+'3.2Cost by Packages'!DH42+'3.2Cost by Packages'!DL42+'3.2Cost by Packages'!DP42+'3.2Cost by Packages'!DT42 -> 2553.6
A41: 5.4 | C41: Vane Shear Test (VST) | K41: (nos.) | L41: =ROUND(579740/F89*(1-D90),2) -> 25.08 | N41: ='3.2Cost by Packages'!N43+'3.2Cost by Packages'!R43+'3.2Cost by Packages'!V43+'3.2Cost by Packages'!Z43+'3.2Cost by Packages'!AD43+'3.2Cost by Packages'!AH43+'3.2Cost by Packages'!AL43+'3.2Cost by Packages'!AP43+'3.2Cost by Packages'!AT43+'3.2Cost by Packages'!AX43+'3.2Cost by Packages'!BB43+'3.2Cost by Packages'!BF43+'3.2Cost by Packages'!BJ43+'3.2Cost by Packages'!BN43+'3.2Cost by Packages'!BR43+'3.2Cost by Packages'!BV43+'3.2Cost by Packages'!BZ43+'3.2Cost by Packages'!CD43+'3.2Cost by Packages'!CH43+'3.2Cost by Packages'!CL43+'3.2Cost by Packages'!CP43+'3.2Cost by Packages'!CT43+'3.2Cost by Packages'!CX43+'3.2Cost by Packages'!DB43+'3.2Cost by Packages'!DF43+'3.2Cost by Packages'!DJ43+'3.2Cost by Packages'!DN43+'3.2Cost by Packages'!DR43 -> 8 | P41: ='3.2Cost by Packages'!P43+'3.2Cost by Packages'!T43+'3.2Cost by Packages'!X43+'3.2Cost by Packages'!AB43+'3.2Cost by Packages'!AF43+'3.2Cost by Packages'!AJ43+'3.2Cost by Packages'!AN43+'3.2Cost by Packages'!AR43+'3.2Cost by Packages'!AV43+'3.2Cost by Packages'!AZ43+'3.2Cost by Packages'!BD43+'3.2Cost by Packages'!BH43+'3.2Cost by Packages'!BL43+'3.2Cost by Packages'!BP43+'3.2Cost by Packages'!BT43+'3.2Cost by Packages'!BX43+'3.2Cost by Packages'!CB43+'3.2Cost by Packages'!CF43+'3.2Cost by Packages'!CJ43+'3.2Cost by Packages'!CN43+'3.2Cost by Packages'!CR43+'3.2Cost by Packages'!CV43+'3.2Cost by Packages'!CZ43+'3.2Cost by Packages'!DD43+'3.2Cost by Packages'!DH43+'3.2Cost by Packages'!DL43+'3.2Cost by Packages'!DP43+'3.2Cost by Packages'!DT43 -> 200.64
A42: 5.5 | C42: Undisturbed Sample Test | K42: (nos.) | L42: =ROUND(1018620/F89*(1-D90),2) -> 44.07 | N42: ='3.2Cost by Packages'!N44+'3.2Cost by Packages'!R44+'3.2Cost by Packages'!V44+'3.2Cost by Packages'!Z44+'3.2Cost by Packages'!AD44+'3.2Cost by Packages'!AH44+'3.2Cost by Packages'!AL44+'3.2Cost by Packages'!AP44+'3.2Cost by Packages'!AT44+'3.2Cost by Packages'!AX44+'3.2Cost by Packages'!BB44+'3.2Cost by Packages'!BF44+'3.2Cost by Packages'!BJ44+'3.2Cost by Packages'!BN44+'3.2Cost by Packages'!BR44+'3.2Cost by Packages'!BV44+'3.2Cost by Packages'!BZ44+'3.2Cost by Packages'!CD44+'3.2Cost by Packages'!CH44+'3.2Cost by Packages'!CL44+'3.2Cost by Packages'!CP44+'3.2Cost by Packages'!CT44+'3.2Cost by Packages'!CX44+'3.2Cost by Packages'!DB44+'3.2Cost by Packages'!DF44+'3.2Cost by Packages'!DJ44+'3.2Cost by Packages'!DN44+'3.2Cost by Packages'!DR44 -> 40 | P42: ='3.2Cost by Packages'!P44+'3.2Cost by Packages'!T44+'3.2Cost by Packages'!X44+'3.2Cost by Packages'!AB44+'3.2Cost by Packages'!AF44+'3.2Cost by Packages'!AJ44+'3.2Cost by Packages'!AN44+'3.2Cost by Packages'!AR44+'3.2Cost by Packages'!AV44+'3.2Cost by Packages'!AZ44+'3.2Cost by Packages'!BD44+'3.2Cost by Packages'!BH44+'3.2Cost by Packages'!BL44+'3.2Cost by Packages'!BP44+'3.2Cost by Packages'!BT44+'3.2Cost by Packages'!BX44+'3.2Cost by Packages'!CB44+'3.2Cost by Packages'!CF44+'3.2Cost by Packages'!CJ44+'3.2Cost by Packages'!CN44+'3.2Cost by Packages'!CR44+'3.2Cost by Packages'!CV44+'3.2Cost by Packages'!CZ44+'3.2Cost by Packages'!DD44+'3.2Cost by Packages'!DH44+'3.2Cost by Packages'!DL44+'3.2Cost by Packages'!DP44+'3.2Cost by Packages'!DT44 -> 1762.8
A43: 5.6 | C43: Disturbed Sample Test | K43: (nos.) | L43: =ROUND(644053/F89*(1-D90),2) -> 27.87 | N43: ='3.2Cost by Packages'!N45+'3.2Cost by Packages'!R45+'3.2Cost by Packages'!V45+'3.2Cost by Packages'!Z45+'3.2Cost by Packages'!AD45+'3.2Cost by Packages'!AH45+'3.2Cost by Packages'!AL45+'3.2Cost by Packages'!AP45+'3.2Cost by Packages'!AT45+'3.2Cost by Packages'!AX45+'3.2Cost by Packages'!BB45+'3.2Cost by Packages'!BF45+'3.2Cost by Packages'!BJ45+'3.2Cost by Packages'!BN45+'3.2Cost by Packages'!BR45+'3.2Cost by Packages'!BV45+'3.2Cost by Packages'!BZ45+'3.2Cost by Packages'!CD45+'3.2Cost by Packages'!CH45+'3.2Cost by Packages'!CL45+'3.2Cost by Packages'!CP45+'3.2Cost by Packages'!CT45+'3.2Cost by Packages'!CX45+'3.2Cost by Packages'!DB45+'3.2Cost by Packages'!DF45+'3.2Cost by Packages'!DJ45+'3.2Cost by Packages'!DN45+'3.2Cost by Packages'!DR45 -> 40 | P43: ='3.2Cost by Packages'!P45+'3.2Cost by Packages'!T45+'3.2Cost by Packages'!X45+'3.2Cost by Packages'!AB45+'3.2Cost by Packages'!AF45+'3.2Cost by Packages'!AJ45+'3.2Cost by Packages'!AN45+'3.2Cost by Packages'!AR45+'3.2Cost by Packages'!AV45+'3.2Cost by Packages'!AZ45+'3.2Cost by Packages'!BD45+'3.2Cost by Packages'!BH45+'3.2Cost by Packages'!BL45+'3.2Cost by Packages'!BP45+'3.2Cost by Packages'!BT45+'3.2Cost by Packages'!BX45+'3.2Cost by Packages'!CB45+'3.2Cost by Packages'!CF45+'3.2Cost by Packages'!CJ45+'3.2Cost by Packages'!CN45+'3.2Cost by Packages'!CR45+'3.2Cost by Packages'!CV45+'3.2Cost by Packages'!CZ45+'3.2Cost by Packages'!DD45+'3.2Cost by Packages'!DH45+'3.2Cost by Packages'!DL45+'3.2Cost by Packages'!DP45+'3.2Cost by Packages'!DT45 -> 1114.8
A44: 5.7 | C44: Consolidation Test (Cv) | K44: (nos.) | L44: =ROUND(3357049/F89*(1-D90),2) -> 145.26 | N44: ='3.2Cost by Packages'!N46+'3.2Cost by Packages'!R46+'3.2Cost by Packages'!V46+'3.2Cost by Packages'!Z46+'3.2Cost by Packages'!AD46+'3.2Cost by Packages'!AH46+'3.2Cost by Packages'!AL46+'3.2Cost by Packages'!AP46+'3.2Cost by Packages'!AT46+'3.2Cost by Packages'!AX46+'3.2Cost by Packages'!BB46+'3.2Cost by Packages'!BF46+'3.2Cost by Packages'!BJ46+'3.2Cost by Packages'!BN46+'3.2Cost by Packages'!BR46+'3.2Cost by Packages'!BV46+'3.2Cost by Packages'!BZ46+'3.2Cost by Packages'!CD46+'3.2Cost by Packages'!CH46+'3.2Cost by Packages'!CL46+'3.2Cost by Packages'!CP46+'3.2Cost by Packages'!CT46+'3.2Cost by Packages'!CX46+'3.2Cost by Packages'!DB46+'3.2Cost by Packages'!DF46+'3.2Cost by Packages'!DJ46+'3.2Cost by Packages'!DN46+'3.2Cost by Packages'!DR46 -> 4 | P44: ='3.2Cost by Packages'!P46+'3.2Cost by Packages'!T46+'3.2Cost by Packages'!X46+'3.2Cost by Packages'!AB46+'3.2Cost by Packages'!AF46+'3.2Cost by Packages'!AJ46+'3.2Cost by Packages'!AN46+'3.2Cost by Packages'!AR46+'3.2Cost by Packages'!AV46+'3.2Cost by Packages'!AZ46+'3.2Cost by Packages'!BD46+'3.2Cost by Packages'!BH46+'3.2Cost by Packages'!BL46+'3.2Cost by Packages'!BP46+'3.2Cost by Packages'!BT46+'3.2Cost by Packages'!BX46+'3.2Cost by Packages'!CB46+'3.2Cost by Packages'!CF46+'3.2Cost by Packages'!CJ46+'3.2Cost by Packages'!CN46+'3.2Cost by Packages'!CR46+'3.2Cost by Packages'!CV46+'3.2Cost by Packages'!CZ46+'3.2Cost by Packages'!DD46+'3.2Cost by Packages'!DH46+'3.2Cost by Packages'!DL46+'3.2Cost by Packages'!DP46+'3.2Cost by Packages'!DT46 -> 581.04
A45: 5.8 | C45: Triaxial Compression Test (UU) | K45: (nos.) | L45: =ROUND(3357049/F89*(1-D90),2) -> 145.26 | N45: ='3.2Cost by Packages'!N47+'3.2Cost by Packages'!R47+'3.2Cost by Packages'!V47+'3.2Cost by Packages'!Z47+'3.2Cost by Packages'!AD47+'3.2Cost by Packages'!AH47+'3.2Cost by Packages'!AL47+'3.2Cost by Packages'!AP47+'3.2Cost by Packages'!AT47+'3.2Cost by Packages'!AX47+'3.2Cost by Packages'!BB47+'3.2Cost by Packages'!BF47+'3.2Cost by Packages'!BJ47+'3.2Cost by Packages'!BN47+'3.2Cost by Packages'!BR47+'3.2Cost by Packages'!BV47+'3.2Cost by Packages'!BZ47+'3.2Cost by Packages'!CD47+'3.2Cost by Packages'!CH47+'3.2Cost by Packages'!CL47+'3.2Cost by Packages'!CP47+'3.2Cost by Packages'!CT47+'3.2Cost by Packages'!CX47+'3.2Cost by Packages'!DB47+'3.2Cost by Packages'!DF47+'3.2Cost by Packages'!DJ47+'3.2Cost by Packages'!DN47+'3.2Cost by Packages'!DR47 -> 2 | P45: ='3.2Cost by Packages'!P47+'3.2Cost by Packages'!T47+'3.2Cost by Packages'!X47+'3.2Cost by Packages'!AB47+'3.2Cost by Packages'!AF47+'3.2Cost by Packages'!AJ47+'3.2Cost by Packages'!AN47+'3.2Cost by Packages'!AR47+'3.2Cost by Packages'!AV47+'3.2Cost by Packages'!AZ47+'3.2Cost by Packages'!BD47+'3.2Cost by Packages'!BH47+'3.2Cost by Packages'!BL47+'3.2Cost by Packages'!BP47+'3.2Cost by Packages'!BT47+'3.2Cost by Packages'!BX47+'3.2Cost by Packages'!CB47+'3.2Cost by Packages'!CF47+'3.2Cost by Packages'!CJ47+'3.2Cost by Packages'!CN47+'3.2Cost by Packages'!CR47+'3.2Cost by Packages'!CV47+'3.2Cost by Packages'!CZ47+'3.2Cost by Packages'!DD47+'3.2Cost by Packages'!DH47+'3.2Cost by Packages'!DL47+'3.2Cost by Packages'!DP47+'3.2Cost by Packages'!DT47 -> 290.52
A46: 5.9 | C46: Triaxial Compression Test (CU) | K46: (nos.) | L46: =ROUND(4103060/F89*(1-D90),2) -> 177.54 | N46: ='3.2Cost by Packages'!N48+'3.2Cost by Packages'!R48+'3.2Cost by Packages'!V48+'3.2Cost by Packages'!Z48+'3.2Cost by Packages'!AD48+'3.2Cost by Packages'!AH48+'3.2Cost by Packages'!AL48+'3.2Cost by Packages'!AP48+'3.2Cost by Packages'!AT48+'3.2Cost by Packages'!AX48+'3.2Cost by Packages'!BB48+'3.2Cost by Packages'!BF48+'3.2Cost by Packages'!BJ48+'3.2Cost by Packages'!BN48+'3.2Cost by Packages'!BR48+'3.2Cost by Packages'!BV48+'3.2Cost by Packages'!BZ48+'3.2Cost by Packages'!CD48+'3.2Cost by Packages'!CH48+'3.2Cost by Packages'!CL48+'3.2Cost by Packages'!CP48+'3.2Cost by Packages'!CT48+'3.2Cost by Packages'!CX48+'3.2Cost by Packages'!DB48+'3.2Cost by Packages'!DF48+'3.2Cost by Packages'!DJ48+'3.2Cost by Packages'!DN48+'3.2Cost by Packages'!DR48 -> 2 | P46: ='3.2Cost by Packages'!P48+'3.2Cost by Packages'!T48+'3.2Cost by Packages'!X48+'3.2Cost by Packages'!AB48+'3.2Cost by Packages'!AF48+'3.2Cost by Packages'!AJ48+'3.2Cost by Packages'!AN48+'3.2Cost by Packages'!AR48+'3.2Cost by Packages'!AV48+'3.2Cost by Packages'!AZ48+'3.2Cost by Packages'!BD48+'3.2Cost by Packages'!BH48+'3.2Cost by Packages'!BL48+'3.2Cost by Packages'!BP48+'3.2Cost by Packages'!BT48+'3.2Cost by Packages'!BX48+'3.2Cost by Packages'!CB48+'3.2Cost by Packages'!CF48+'3.2Cost by Packages'!CJ48+'3.2Cost by Packages'!CN48+'3.2Cost by Packages'!CR48+'3.2Cost by Packages'!CV48+'3.2Cost by Packages'!CZ48+'3.2Cost by Packages'!DD48+'3.2Cost by Packages'!DH48+'3.2Cost by Packages'!DL48+'3.2Cost by Packages'!DP48+'3.2Cost by Packages'!DT48 -> 355.08
A47: 6 | C47: Main Line (ML, Softground Section (SG)) | N47: ='3.2Cost by Packages'!N49+'3.2Cost by Packages'!R49+'3.2Cost by Packages'!V49+'3.2Cost by Packages'!Z49+'3.2Cost by Packages'!AD49+'3.2Cost by Packages'!AH49+'3.2Cost by Packages'!AL49+'3.2Cost by Packages'!AP49+'3.2Cost by Packages'!AT49+'3.2Cost by Packages'!AX49+'3.2Cost by Packages'!BB49+'3.2Cost by Packages'!BF49+'3.2Cost by Packages'!BJ49+'3.2Cost by Packages'!BN49+'3.2Cost by Packages'!BR49+'3.2Cost by Packages'!BV49+'3.2Cost by Packages'!BZ49+'3.2Cost by Packages'!CD49+'3.2Cost by Packages'!CH49+'3.2Cost by Packages'!CL49+'3.2Cost by Packages'!CP49+'3.2Cost by Packages'!CT49+'3.2Cost by Packages'!CX49+'3.2Cost by Packages'!DB49+'3.2Cost by Packages'!DF49+'3.2Cost by Packages'!DJ49+'3.2Cost by Packages'!DN49+'3.2Cost by Packages'!DR49 -> 0 | P47: ='3.2Cost by Packages'!P49+'3.2Cost by Packages'!T49+'3.2Cost by Packages'!X49+'3.2Cost by Packages'!AB49+'3.2Cost by Packages'!AF49+'3.2Cost by Packages'!AJ49+'3.2Cost by Packages'!AN49+'3.2Cost by Packages'!AR49+'3.2Cost by Packages'!AV49+'3.2Cost by Packages'!AZ49+'3.2Cost by Packages'!BD49+'3.2Cost by Packages'!BH49+'3.2Cost by Packages'!BL49+'3.2Cost by Packages'!BP49+'3.2Cost by Packages'!BT49+'3.2Cost by Packages'!BX49+'3.2Cost by Packages'!CB49+'3.2Cost by Packages'!CF49+'3.2Cost by Packages'!CJ49+'3.2Cost by Packages'!CN49+'3.2Cost by Packages'!CR49+'3.2Cost by Packages'!CV49+'3.2Cost by Packages'!CZ49+'3.2Cost by Packages'!DD49+'3.2Cost by Packages'!DH49+'3.2Cost by Packages'!DL49+'3.2Cost by Packages'!DP49+'3.2Cost by Packages'!DT49 -> 207513.72
A48: 6.1 | C48: Mechanical Boring | I48: I-III (100%) | K48: (l.m.) | L48: =ROUND(1180473/F89*(1-D90),2) -> 51.08 | N48: ='3.2Cost by Packages'!N50+'3.2Cost by Packages'!R50+'3.2Cost by Packages'!V50+'3.2Cost by Packages'!Z50+'3.2Cost by Packages'!AD50+'3.2Cost by Packages'!AH50+'3.2Cost by Packages'!AL50+'3.2Cost by Packages'!AP50+'3.2Cost by Packages'!AT50+'3.2Cost by Packages'!AX50+'3.2Cost by Packages'!BB50+'3.2Cost by Packages'!BF50+'3.2Cost by Packages'!BJ50+'3.2Cost by Packages'!BN50+'3.2Cost by Packages'!BR50+'3.2Cost by Packages'!BV50+'3.2Cost by Packages'!BZ50+'3.2Cost by Packages'!CD50+'3.2Cost by Packages'!CH50+'3.2Cost by Packages'!CL50+'3.2Cost by Packages'!CP50+'3.2Cost by Packages'!CT50+'3.2Cost by Packages'!CX50+'3.2Cost by Packages'!DB50+'3.2Cost by Packages'!DF50+'3.2Cost by Packages'!DJ50+'3.2Cost by Packages'!DN50+'3.2Cost by Packages'!DR50 -> 1785 | P48: ='3.2Cost by Packages'!P50+'3.2Cost by Packages'!T50+'3.2Cost by Packages'!X50+'3.2Cost by Packages'!AB50+'3.2Cost by Packages'!AF50+'3.2Cost by Packages'!AJ50+'3.2Cost by Packages'!AN50+'3.2Cost by Packages'!AR50+'3.2Cost by Packages'!AV50+'3.2Cost by Packages'!AZ50+'3.2Cost by Packages'!BD50+'3.2Cost by Packages'!BH50+'3.2Cost by Packages'!BL50+'3.2Cost by Packages'!BP50+'3.2Cost by Packages'!BT50+'3.2Cost by Packages'!BX50+'3.2Cost by Packages'!CB50+'3.2Cost by Packages'!CF50+'3.2Cost by Packages'!CJ50+'3.2Cost by Packages'!CN50+'3.2Cost by Packages'!CR50+'3.2Cost by Packages'!CV50+'3.2Cost by Packages'!CZ50+'3.2Cost by Packages'!DD50+'3.2Cost by Packages'!DH50+'3.2Cost by Packages'!DL50+'3.2Cost by Packages'!DP50+'3.2Cost by Packages'!DT50 -> 91177.8
A49: 6.2 | C49: Sampling | K49: (nos.) | L49: - | N49: ='3.2Cost by Packages'!N51+'3.2Cost by Packages'!R51+'3.2Cost by Packages'!V51+'3.2Cost by Packages'!Z51+'3.2Cost by Packages'!AD51+'3.2Cost by Packages'!AH51+'3.2Cost by Packages'!AL51+'3.2Cost by Packages'!AP51+'3.2Cost by Packages'!AT51+'3.2Cost by Packages'!AX51+'3.2Cost by Packages'!BB51+'3.2Cost by Packages'!BF51+'3.2Cost by Packages'!BJ51+'3.2Cost by Packages'!BN51+'3.2Cost by Packages'!BR51+'3.2Cost by Packages'!BV51+'3.2Cost by Packages'!BZ51+'3.2Cost by Packages'!CD51+'3.2Cost by Packages'!CH51+'3.2Cost by Packages'!CL51+'3.2Cost by Packages'!CP51+'3.2Cost by Packages'!CT51+'3.2Cost by Packages'!CX51+'3.2Cost by Packages'!DB51+'3.2Cost by Packages'!DF51+'3.2Cost by Packages'!DJ51+'3.2Cost by Packages'!DN51+'3.2Cost by Packages'!DR51 -> 952 | P49: -
A50: 6.3 | C50: Standard Penetration Test (SPT) | K50: (points) | L50: =ROUND(368889/F89*(1-D90),2) -> 15.96 | N50: ='3.2Cost by Packages'!N52+'3.2Cost by Packages'!R52+'3.2Cost by Packages'!V52+'3.2Cost by Packages'!Z52+'3.2Cost by Packages'!AD52+'3.2Cost by Packages'!AH52+'3.2Cost by Packages'!AL52+'3.2Cost by Packages'!AP52+'3.2Cost by Packages'!AT52+'3.2Cost by Packages'!AX52+'3.2Cost by Packages'!BB52+'3.2Cost by Packages'!BF52+'3.2Cost by Packages'!BJ52+'3.2Cost by Packages'!BN52+'3.2Cost by Packages'!BR52+'3.2Cost by Packages'!BV52+'3.2Cost by Packages'!BZ52+'3.2Cost by Packages'!CD52+'3.2Cost by Packages'!CH52+'3.2Cost by Packages'!CL52+'3.2Cost by Packages'!CP52+'3.2Cost by Packages'!CT52+'3.2Cost by Packages'!CX52+'3.2Cost by Packages'!DB52+'3.2Cost by Packages'!DF52+'3.2Cost by Packages'!DJ52+'3.2Cost by Packages'!DN52+'3.2Cost by Packages'!DR52 -> 952 | P50: ='3.2Cost by Packages'!P52+'3.2Cost by Packages'!T52+'3.2Cost by Packages'!X52+'3.2Cost by Packages'!AB52+'3.2Cost by Packages'!AF52+'3.2Cost by Packages'!AJ52+'3.2Cost by Packages'!AN52+'3.2Cost by Packages'!AR52+'3.2Cost by Packages'!AV52+'3.2Cost by Packages'!AZ52+'3.2Cost by Packages'!BD52+'3.2Cost by Packages'!BH52+'3.2Cost by Packages'!BL52+'3.2Cost by Packages'!BP52+'3.2Cost by Packages'!BT52+'3.2Cost by Packages'!BX52+'3.2Cost by Packages'!CB52+'3.2Cost by Packages'!CF52+'3.2Cost by Packages'!CJ52+'3.2Cost by Packages'!CN52+'3.2Cost by Packages'!CR52+'3.2Cost by Packages'!CV52+'3.2Cost by Packages'!CZ52+'3.2Cost by Packages'!DD52+'3.2Cost by Packages'!DH52+'3.2Cost by Packages'!DL52+'3.2Cost by Packages'!DP52+'3.2Cost by Packages'!DT52 -> 15193.92
A51: 6.4 | C51: Vane Shear Test (VST) | K51: (nos.) | L51: =ROUND(579740/F89*(1-D90),2) -> 25.08 | N51: ='3.2Cost by Packages'!N53+'3.2Cost by Packages'!R53+'3.2Cost by Packages'!V53+'3.2Cost by Packages'!Z53+'3.2Cost by Packages'!AD53+'3.2Cost by Packages'!AH53+'3.2Cost by Packages'!AL53+'3.2Cost by Packages'!AP53+'3.2Cost by Packages'!AT53+'3.2Cost by Packages'!AX53+'3.2Cost by Packages'!BB53+'3.2Cost by Packages'!BF53+'3.2Cost by Packages'!BJ53+'3.2Cost by Packages'!BN53+'3.2Cost by Packages'!BR53+'3.2Cost by Packages'!BV53+'3.2Cost by Packages'!BZ53+'3.2Cost by Packages'!CD53+'3.2Cost by Packages'!CH53+'3.2Cost by Packages'!CL53+'3.2Cost by Packages'!CP53+'3.2Cost by Packages'!CT53+'3.2Cost by Packages'!CX53+'3.2Cost by Packages'!DB53+'3.2Cost by Packages'!DF53+'3.2Cost by Packages'!DJ53+'3.2Cost by Packages'!DN53+'3.2Cost by Packages'!DR53 -> 440 | P51: ='3.2Cost by Packages'!P53+'3.2Cost by Packages'!T53+'3.2Cost by Packages'!X53+'3.2Cost by Packages'!AB53+'3.2Cost by Packages'!AF53+'3.2Cost by Packages'!AJ53+'3.2Cost by Packages'!AN53+'3.2Cost by Packages'!AR53+'3.2Cost by Packages'!AV53+'3.2Cost by Packages'!AZ53+'3.2Cost by Packages'!BD53+'3.2Cost by Packages'!BH53+'3.2Cost by Packages'!BL53+'3.2Cost by Packages'!BP53+'3.2Cost by Packages'!BT53+'3.2Cost by Packages'!BX53+'3.2Cost by Packages'!CB53+'3.2Cost by Packages'!CF53+'3.2Cost by Packages'!CJ53+'3.2Cost by Packages'!CN53+'3.2Cost by Packages'!CR53+'3.2Cost by Packages'!CV53+'3.2Cost by Packages'!CZ53+'3.2Cost by Packages'!DD53+'3.2Cost by Packages'!DH53+'3.2Cost by Packages'!DL53+'3.2Cost by Packages'!DP53+'3.2Cost by Packages'!DT53 -> 11035.2
A52: 6.5 | C52: Undisturbed Sample Test | K52: (nos.) | L52: =ROUND(1018620/F89*(1-D90),2) -> 44.07 | N52: ='3.2Cost by Packages'!N54+'3.2Cost by Packages'!R54+'3.2Cost by Packages'!V54+'3.2Cost by Packages'!Z54+'3.2Cost by Packages'!AD54+'3.2Cost by Packages'!AH54+'3.2Cost by Packages'!AL54+'3.2Cost by Packages'!AP54+'3.2Cost by Packages'!AT54+'3.2Cost by Packages'!AX54+'3.2Cost by Packages'!BB54+'3.2Cost by Packages'!BF54+'3.2Cost by Packages'!BJ54+'3.2Cost by Packages'!BN54+'3.2Cost by Packages'!BR54+'3.2Cost by Packages'!BV54+'3.2Cost by Packages'!BZ54+'3.2Cost by Packages'!CD54+'3.2Cost by Packages'!CH54+'3.2Cost by Packages'!CL54+'3.2Cost by Packages'!CP54+'3.2Cost by Packages'!CT54+'3.2Cost by Packages'!CX54+'3.2Cost by Packages'!DB54+'3.2Cost by Packages'!DF54+'3.2Cost by Packages'!DJ54+'3.2Cost by Packages'!DN54+'3.2Cost by Packages'!DR54 -> 238 | P52: ='3.2Cost by Packages'!P54+'3.2Cost by Packages'!T54+'3.2Cost by Packages'!X54+'3.2Cost by Packages'!AB54+'3.2Cost by Packages'!AF54+'3.2Cost by Packages'!AJ54+'3.2Cost by Packages'!AN54+'3.2Cost by Packages'!AR54+'3.2Cost by Packages'!AV54+'3.2Cost by Packages'!AZ54+'3.2Cost by Packages'!BD54+'3.2Cost by Packages'!BH54+'3.2Cost by Packages'!BL54+'3.2Cost by Packages'!BP54+'3.2Cost by Packages'!BT54+'3.2Cost by Packages'!BX54+'3.2Cost by Packages'!CB54+'3.2Cost by Packages'!CF54+'3.2Cost by Packages'!CJ54+'3.2Cost by Packages'!CN54+'3.2Cost by Packages'!CR54+'3.2Cost by Packages'!CV54+'3.2Cost by Packages'!CZ54+'3.2Cost by Packages'!DD54+'3.2Cost by Packages'!DH54+'3.2Cost by Packages'!DL54+'3.2Cost by Packages'!DP54+'3.2Cost by Packages'!DT54 -> 10488.66
A53: 6.6 | C53: Disturbed Sample Test | K53: (nos.) | L53: =ROUND(644053/F89*(1-D90),2) -> 27.87 | N53: ='3.2Cost by Packages'!N55+'3.2Cost by Packages'!R55+'3.2Cost by Packages'!V55+'3.2Cost by Packages'!Z55+'3.2Cost by Packages'!AD55+'3.2Cost by Packages'!AH55+'3.2Cost by Packages'!AL55+'3.2Cost by Packages'!AP55+'3.2Cost by Packages'!AT55+'3.2Cost by Packages'!AX55+'3.2Cost by Packages'!BB55+'3.2Cost by Packages'!BF55+'3.2Cost by Packages'!BJ55+'3.2Cost by Packages'!BN55+'3.2Cost by Packages'!BR55+'3.2Cost by Packages'!BV55+'3.2Cost by Packages'!BZ55+'3.2Cost by Packages'!CD55+'3.2Cost by Packages'!CH55+'3.2Cost by Packages'!CL55+'3.2Cost by Packages'!CP55+'3.2Cost by Packages'!CT55+'3.2Cost by Packages'!CX55+'3.2Cost by Packages'!DB55+'3.2Cost by Packages'!DF55+'3.2Cost by Packages'!DJ55+'3.2Cost by Packages'!DN55+'3.2Cost by Packages'!DR55 -> 238 | P53: ='3.2Cost by Packages'!P55+'3.2Cost by Packages'!T55+'3.2Cost by Packages'!X55+'3.2Cost by Packages'!AB55+'3.2Cost by Packages'!AF55+'3.2Cost by Packages'!AJ55+'3.2Cost by Packages'!AN55+'3.2Cost by Packages'!AR55+'3.2Cost by Packages'!AV55+'3.2Cost by Packages'!AZ55+'3.2Cost by Packages'!BD55+'3.2Cost by Packages'!BH55+'3.2Cost by Packages'!BL55+'3.2Cost by Packages'!BP55+'3.2Cost by Packages'!BT55+'3.2Cost by Packages'!BX55+'3.2Cost by Packages'!CB55+'3.2Cost by Packages'!CF55+'3.2Cost by Packages'!CJ55+'3.2Cost by Packages'!CN55+'3.2Cost by Packages'!CR55+'3.2Cost by Packages'!CV55+'3.2Cost by Packages'!CZ55+'3.2Cost by Packages'!DD55+'3.2Cost by Packages'!DH55+'3.2Cost by Packages'!DL55+'3.2Cost by Packages'!DP55+'3.2Cost by Packages'!DT55 -> 6633.06
A54: 6.7 | C54: Consolidation Test (Cv) | K54: (nos.) | L54: =ROUND(3357049/F89*(1-D90),2) -> 145.26 | N54: ='3.2Cost by Packages'!N56+'3.2Cost by Packages'!R56+'3.2Cost by Packages'!V56+'3.2Cost by Packages'!Z56+'3.2Cost by Packages'!AD56+'3.2Cost by Packages'!AH56+'3.2Cost by Packages'!AL56+'3.2Cost by Packages'!AP56+'3.2Cost by Packages'!AT56+'3.2Cost by Packages'!AX56+'3.2Cost by Packages'!BB56+'3.2Cost by Packages'!BF56+'3.2Cost by Packages'!BJ56+'3.2Cost by Packages'!BN56+'3.2Cost by Packages'!BR56+'3.2Cost by Packages'!BV56+'3.2Cost by Packages'!BZ56+'3.2Cost by Packages'!CD56+'3.2Cost by Packages'!CH56+'3.2Cost by Packages'!CL56+'3.2Cost by Packages'!CP56+'3.2Cost by Packages'!CT56+'3.2Cost by Packages'!CX56+'3.2Cost by Packages'!DB56+'3.2Cost by Packages'!DF56+'3.2Cost by Packages'!DJ56+'3.2Cost by Packages'!DN56+'3.2Cost by Packages'!DR56 -> 238 | P54: ='3.2Cost by Packages'!P56+'3.2Cost by Packages'!T56+'3.2Cost by Packages'!X56+'3.2Cost by Packages'!AB56+'3.2Cost by Packages'!AF56+'3.2Cost by Packages'!AJ56+'3.2Cost by Packages'!AN56+'3.2Cost by Packages'!AR56+'3.2Cost by Packages'!AV56+'3.2Cost by Packages'!AZ56+'3.2Cost by Packages'!BD56+'3.2Cost by Packages'!BH56+'3.2Cost by Packages'!BL56+'3.2Cost by Packages'!BP56+'3.2Cost by Packages'!BT56+'3.2Cost by Packages'!BX56+'3.2Cost by Packages'!CB56+'3.2Cost by Packages'!CF56+'3.2Cost by Packages'!CJ56+'3.2Cost by Packages'!CN56+'3.2Cost by Packages'!CR56+'3.2Cost by Packages'!CV56+'3.2Cost by Packages'!CZ56+'3.2Cost by Packages'!DD56+'3.2Cost by Packages'!DH56+'3.2Cost by Packages'!DL56+'3.2Cost by Packages'!DP56+'3.2Cost by Packages'!DT56 -> 34571.88
A55: 6.8 | C55: Triaxial Compression Test (UU) | K55: (nos.) | L55: =ROUND(3357049/F89*(1-D90),2) -> 145.26 | N55: ='3.2Cost by Packages'!N57+'3.2Cost by Packages'!R57+'3.2Cost by Packages'!V57+'3.2Cost by Packages'!Z57+'3.2Cost by Packages'!AD57+'3.2Cost by Packages'!AH57+'3.2Cost by Packages'!AL57+'3.2Cost by Packages'!AP57+'3.2Cost by Packages'!AT57+'3.2Cost by Packages'!AX57+'3.2Cost by Packages'!BB57+'3.2Cost by Packages'!BF57+'3.2Cost by Packages'!BJ57+'3.2Cost by Packages'!BN57+'3.2Cost by Packages'!BR57+'3.2Cost by Packages'!BV57+'3.2Cost by Packages'!BZ57+'3.2Cost by Packages'!CD57+'3.2Cost by Packages'!CH57+'3.2Cost by Packages'!CL57+'3.2Cost by Packages'!CP57+'3.2Cost by Packages'!CT57+'3.2Cost by Packages'!CX57+'3.2Cost by Packages'!DB57+'3.2Cost by Packages'!DF57+'3.2Cost by Packages'!DJ57+'3.2Cost by Packages'!DN57+'3.2Cost by Packages'!DR57 -> 119 | P55: ='3.2Cost by Packages'!P57+'3.2Cost by Packages'!T57+'3.2Cost by Packages'!X57+'3.2Cost by Packages'!AB57+'3.2Cost by Packages'!AF57+'3.2Cost by Packages'!AJ57+'3.2Cost by Packages'!AN57+'3.2Cost by Packages'!AR57+'3.2Cost by Packages'!AV57+'3.2Cost by Packages'!AZ57+'3.2Cost by Packages'!BD57+'3.2Cost by Packages'!BH57+'3.2Cost by Packages'!BL57+'3.2Cost by Packages'!BP57+'3.2Cost by Packages'!BT57+'3.2Cost by Packages'!BX57+'3.2Cost by Packages'!CB57+'3.2Cost by Packages'!CF57+'3.2Cost by Packages'!CJ57+'3.2Cost by Packages'!CN57+'3.2Cost by Packages'!CR57+'3.2Cost by Packages'!CV57+'3.2Cost by Packages'!CZ57+'3.2Cost by Packages'!DD57+'3.2Cost by Packages'!DH57+'3.2Cost by Packages'!DL57+'3.2Cost by Packages'!DP57+'3.2Cost by Packages'!DT57 -> 17285.94
A56: 6.9 | C56: Triaxial Compression Test (CU) | K56: (nos.) | L56: =ROUND(4103060/F89*(1-D90),2) -> 177.54 | N56: ='3.2Cost by Packages'!N58+'3.2Cost by Packages'!R58+'3.2Cost by Packages'!V58+'3.2Cost by Packages'!Z58+'3.2Cost by Packages'!AD58+'3.2Cost by Packages'!AH58+'3.2Cost by Packages'!AL58+'3.2Cost by Packages'!AP58+'3.2Cost by Packages'!AT58+'3.2Cost by Packages'!AX58+'3.2Cost by Packages'!BB58+'3.2Cost by Packages'!BF58+'3.2Cost by Packages'!BJ58+'3.2Cost by Packages'!BN58+'3.2Cost by Packages'!BR58+'3.2Cost by Packages'!BV58+'3.2Cost by Packages'!BZ58+'3.2Cost by Packages'!CD58+'3.2Cost by Packages'!CH58+'3.2Cost by Packages'!CL58+'3.2Cost by Packages'!CP58+'3.2Cost by Packages'!CT58+'3.2Cost by Packages'!CX58+'3.2Cost by Packages'!DB58+'3.2Cost by Packages'!DF58+'3.2Cost by Packages'!DJ58+'3.2Cost by Packages'!DN58+'3.2Cost by Packages'!DR58 -> 119 | P56: ='3.2Cost by Packages'!P58+'3.2Cost by Packages'!T58+'3.2Cost by Packages'!X58+'3.2Cost by Packages'!AB58+'3.2Cost by Packages'!AF58+'3.2Cost by Packages'!AJ58+'3.2Cost by Packages'!AN58+'3.2Cost by Packages'!AR58+'3.2Cost by Packages'!AV58+'3.2Cost by Packages'!AZ58+'3.2Cost by Packages'!BD58+'3.2Cost by Packages'!BH58+'3.2Cost by Packages'!BL58+'3.2Cost by Packages'!BP58+'3.2Cost by Packages'!BT58+'3.2Cost by Packages'!BX58+'3.2Cost by Packages'!CB58+'3.2Cost by Packages'!CF58+'3.2Cost by Packages'!CJ58+'3.2Cost by Packages'!CN58+'3.2Cost by Packages'!CR58+'3.2Cost by Packages'!CV58+'3.2Cost by Packages'!CZ58+'3.2Cost by Packages'!DD58+'3.2Cost by Packages'!DH58+'3.2Cost by Packages'!DL58+'3.2Cost by Packages'!DP58+'3.2Cost by Packages'!DT58 -> 21127.26
A57: 7 | C57: Main Line (ML, Deep Excavation Section (DE)) | N57: ='3.2Cost by Packages'!N59+'3.2Cost by Packages'!R59+'3.2Cost by Packages'!V59+'3.2Cost by Packages'!Z59+'3.2Cost by Packages'!AD59+'3.2Cost by Packages'!AH59+'3.2Cost by Packages'!AL59+'3.2Cost by Packages'!AP59+'3.2Cost by Packages'!AT59+'3.2Cost by Packages'!AX59+'3.2Cost by Packages'!BB59+'3.2Cost by Packages'!BF59+'3.2Cost by Packages'!BJ59+'3.2Cost by Packages'!BN59+'3.2Cost by Packages'!BR59+'3.2Cost by Packages'!BV59+'3.2Cost by Packages'!BZ59+'3.2Cost by Packages'!CD59+'3.2Cost by Packages'!CH59+'3.2Cost by Packages'!CL59+'3.2Cost by Packages'!CP59+'3.2Cost by Packages'!CT59+'3.2Cost by Packages'!CX59+'3.2Cost by Packages'!DB59+'3.2Cost by Packages'!DF59+'3.2Cost by Packages'!DJ59+'3.2Cost by Packages'!DN59+'3.2Cost by Packages'!DR59 -> 0 | P57: ='3.2Cost by Packages'!P59+'3.2Cost by Packages'!T59+'3.2Cost by Packages'!X59+'3.2Cost by Packages'!AB59+'3.2Cost by Packages'!AF59+'3.2Cost by Packages'!AJ59+'3.2Cost by Packages'!AN59+'3.2Cost by Packages'!AR59+'3.2Cost by Packages'!AV59+'3.2Cost by Packages'!AZ59+'3.2Cost by Packages'!BD59+'3.2Cost by Packages'!BH59+'3.2Cost by Packages'!BL59+'3.2Cost by Packages'!BP59+'3.2Cost by Packages'!BT59+'3.2Cost by Packages'!BX59+'3.2Cost by Packages'!CB59+'3.2Cost by Packages'!CF59+'3.2Cost by Packages'!CJ59+'3.2Cost by Packages'!CN59+'3.2Cost by Packages'!CR59+'3.2Cost by Packages'!CV59+'3.2Cost by Packages'!CZ59+'3.2Cost by Packages'!DD59+'3.2Cost by Packages'!DH59+'3.2Cost by Packages'!DL59+'3.2Cost by Packages'!DP59+'3.2Cost by Packages'!DT59 -> 140493.6
A58: 7.1 | C58: Mechanical Boring | I58: I-III (50%), IV-VI (50%) | K58: (l.m.) | L58: =ROUND(1424019/F89*(1-D90),2) -> 61.62 | N58: ='3.2Cost by Packages'!N60+'3.2Cost by Packages'!R60+'3.2Cost by Packages'!V60+'3.2Cost by Packages'!Z60+'3.2Cost by Packages'!AD60+'3.2Cost by Packages'!AH60+'3.2Cost by Packages'!AL60+'3.2Cost by Packages'!AP60+'3.2Cost by Packages'!AT60+'3.2Cost by Packages'!AX60+'3.2Cost by Packages'!BB60+'3.2Cost by Packages'!BF60+'3.2Cost by Packages'!BJ60+'3.2Cost by Packages'!BN60+'3.2Cost by Packages'!BR60+'3.2Cost by Packages'!BV60+'3.2Cost by Packages'!BZ60+'3.2Cost by Packages'!CD60+'3.2Cost by Packages'!CH60+'3.2Cost by Packages'!CL60+'3.2Cost by Packages'!CP60+'3.2Cost by Packages'!CT60+'3.2Cost by Packages'!CX60+'3.2Cost by Packages'!DB60+'3.2Cost by Packages'!DF60+'3.2Cost by Packages'!DJ60+'3.2Cost by Packages'!DN60+'3.2Cost by Packages'!DR60 -> 2280 | P58: ='3.2Cost by Packages'!P60+'3.2Cost by Packages'!T60+'3.2Cost by Packages'!X60+'3.2Cost by Packages'!AB60+'3.2Cost by Packages'!AF60+'3.2Cost by Packages'!AJ60+'3.2Cost by Packages'!AN60+'3.2Cost by Packages'!AR60+'3.2Cost by Packages'!AV60+'3.2Cost by Packages'!AZ60+'3.2Cost by Packages'!BD60+'3.2Cost by Packages'!BH60+'3.2Cost by Packages'!BL60+'3.2Cost by Packages'!BP60+'3.2Cost by Packages'!BT60+'3.2Cost by Packages'!BX60+'3.2Cost by Packages'!CB60+'3.2Cost by Packages'!CF60+'3.2Cost by Packages'!CJ60+'3.2Cost by Packages'!CN60+'3.2Cost by Packages'!CR60+'3.2Cost by Packages'!CV60+'3.2Cost by Packages'!CZ60+'3.2Cost by Packages'!DD60+'3.2Cost by Packages'!DH60+'3.2Cost by Packages'!DL60+'3.2Cost by Packages'!DP60+'3.2Cost by Packages'!DT60 -> 140493.6
A59: 7.2 | C59: Sampling | K59: (l.m.) | L59: - | N59: ='3.2Cost by Packages'!N61+'3.2Cost by Packages'!R61+'3.2Cost by Packages'!V61+'3.2Cost by Packages'!Z61+'3.2Cost by Packages'!AD61+'3.2Cost by Packages'!AH61+'3.2Cost by Packages'!AL61+'3.2Cost by Packages'!AP61+'3.2Cost by Packages'!AT61+'3.2Cost by Packages'!AX61+'3.2Cost by Packages'!BB61+'3.2Cost by Packages'!BF61+'3.2Cost by Packages'!BJ61+'3.2Cost by Packages'!BN61+'3.2Cost by Packages'!BR61+'3.2Cost by Packages'!BV61+'3.2Cost by Packages'!BZ61+'3.2Cost by Packages'!CD61+'3.2Cost by Packages'!CH61+'3.2Cost by Packages'!CL61+'3.2Cost by Packages'!CP61+'3.2Cost by Packages'!CT61+'3.2Cost by Packages'!CX61+'3.2Cost by Packages'!DB61+'3.2Cost by Packages'!DF61+'3.2Cost by Packages'!DJ61+'3.2Cost by Packages'!DN61+'3.2Cost by Packages'!DR61 -> 2280 | P59: -
A60: 8 | C60: Main Line (ML, High-embankment Section (HE)) | N60: ='3.2Cost by Packages'!N62+'3.2Cost by Packages'!R62+'3.2Cost by Packages'!V62+'3.2Cost by Packages'!Z62+'3.2Cost by Packages'!AD62+'3.2Cost by Packages'!AH62+'3.2Cost by Packages'!AL62+'3.2Cost by Packages'!AP62+'3.2Cost by Packages'!AT62+'3.2Cost by Packages'!AX62+'3.2Cost by Packages'!BB62+'3.2Cost by Packages'!BF62+'3.2Cost by Packages'!BJ62+'3.2Cost by Packages'!BN62+'3.2Cost by Packages'!BR62+'3.2Cost by Packages'!BV62+'3.2Cost by Packages'!BZ62+'3.2Cost by Packages'!CD62+'3.2Cost by Packages'!CH62+'3.2Cost by Packages'!CL62+'3.2Cost by Packages'!CP62+'3.2Cost by Packages'!CT62+'3.2Cost by Packages'!CX62+'3.2Cost by Packages'!DB62+'3.2Cost by Packages'!DF62+'3.2Cost by Packages'!DJ62+'3.2Cost by Packages'!DN62+'3.2Cost by Packages'!DR62 -> 0 | P60: ='3.2Cost by Packages'!P62+'3.2Cost by Packages'!T62+'3.2Cost by Packages'!X62+'3.2Cost by Packages'!AB62+'3.2Cost by Packages'!AF62+'3.2Cost by Packages'!AJ62+'3.2Cost by Packages'!AN62+'3.2Cost by Packages'!AR62+'3.2Cost by Packages'!AV62+'3.2Cost by Packages'!AZ62+'3.2Cost by Packages'!BD62+'3.2Cost by Packages'!BH62+'3.2Cost by Packages'!BL62+'3.2Cost by Packages'!BP62+'3.2Cost by Packages'!BT62+'3.2Cost by Packages'!BX62+'3.2Cost by Packages'!CB62+'3.2Cost by Packages'!CF62+'3.2Cost by Packages'!CJ62+'3.2Cost by Packages'!CN62+'3.2Cost by Packages'!CR62+'3.2Cost by Packages'!CV62+'3.2Cost by Packages'!CZ62+'3.2Cost by Packages'!DD62+'3.2Cost by Packages'!DH62+'3.2Cost by Packages'!DL62+'3.2Cost by Packages'!DP62+'3.2Cost by Packages'!DT62 -> 28212.48
A61: 8.1 | C61: Mechanical Boring | I61: I-III (100%) | K61: (l.m.) | L61: =ROUND(1180473/F89*(1-D90),2) -> 51.08 | N61: ='3.2Cost by Packages'!N63+'3.2Cost by Packages'!R63+'3.2Cost by Packages'!V63+'3.2Cost by Packages'!Z63+'3.2Cost by Packages'!AD63+'3.2Cost by Packages'!AH63+'3.2Cost by Packages'!AL63+'3.2Cost by Packages'!AP63+'3.2Cost by Packages'!AT63+'3.2Cost by Packages'!AX63+'3.2Cost by Packages'!BB63+'3.2Cost by Packages'!BF63+'3.2Cost by Packages'!BJ63+'3.2Cost by Packages'!BN63+'3.2Cost by Packages'!BR63+'3.2Cost by Packages'!BV63+'3.2Cost by Packages'!BZ63+'3.2Cost by Packages'!CD63+'3.2Cost by Packages'!CH63+'3.2Cost by Packages'!CL63+'3.2Cost by Packages'!CP63+'3.2Cost by Packages'!CT63+'3.2Cost by Packages'!CX63+'3.2Cost by Packages'!DB63+'3.2Cost by Packages'!DF63+'3.2Cost by Packages'!DJ63+'3.2Cost by Packages'!DN63+'3.2Cost by Packages'!DR63 -> 465 | P61: ='3.2Cost by Packages'!P63+'3.2Cost by Packages'!T63+'3.2Cost by Packages'!X63+'3.2Cost by Packages'!AB63+'3.2Cost by Packages'!AF63+'3.2Cost by Packages'!AJ63+'3.2Cost by Packages'!AN63+'3.2Cost by Packages'!AR63+'3.2Cost by Packages'!AV63+'3.2Cost by Packages'!AZ63+'3.2Cost by Packages'!BD63+'3.2Cost by Packages'!BH63+'3.2Cost by Packages'!BL63+'3.2Cost by Packages'!BP63+'3.2Cost by Packages'!BT63+'3.2Cost by Packages'!BX63+'3.2Cost by Packages'!CB63+'3.2Cost by Packages'!CF63+'3.2Cost by Packages'!CJ63+'3.2Cost by Packages'!CN63+'3.2Cost by Packages'!CR63+'3.2Cost by Packages'!CV63+'3.2Cost by Packages'!CZ63+'3.2Cost by Packages'!DD63+'3.2Cost by Packages'!DH63+'3.2Cost by Packages'!DL63+'3.2Cost by Packages'!DP63+'3.2Cost by Packages'!DT63 -> 23752.2
A62: 8.2 | C62: Sampling | K62: (nos.) | L62: - | N62: ='3.2Cost by Packages'!N64+'3.2Cost by Packages'!R64+'3.2Cost by Packages'!V64+'3.2Cost by Packages'!Z64+'3.2Cost by Packages'!AD64+'3.2Cost by Packages'!AH64+'3.2Cost by Packages'!AL64+'3.2Cost by Packages'!AP64+'3.2Cost by Packages'!AT64+'3.2Cost by Packages'!AX64+'3.2Cost by Packages'!BB64+'3.2Cost by Packages'!BF64+'3.2Cost by Packages'!BJ64+'3.2Cost by Packages'!BN64+'3.2Cost by Packages'!BR64+'3.2Cost by Packages'!BV64+'3.2Cost by Packages'!BZ64+'3.2Cost by Packages'!CD64+'3.2Cost by Packages'!CH64+'3.2Cost by Packages'!CL64+'3.2Cost by Packages'!CP64+'3.2Cost by Packages'!CT64+'3.2Cost by Packages'!CX64+'3.2Cost by Packages'!DB64+'3.2Cost by Packages'!DF64+'3.2Cost by Packages'!DJ64+'3.2Cost by Packages'!DN64+'3.2Cost by Packages'!DR64 -> 248 | P62: -
A63: 8.3 | C63: Undisturbed Sample Test | K63: (nos.) | L63: =ROUND(1018620/F89*(1-D90),2) -> 44.07 | N63: ='3.2Cost by Packages'!N65+'3.2Cost by Packages'!R65+'3.2Cost by Packages'!V65+'3.2Cost by Packages'!Z65+'3.2Cost by Packages'!AD65+'3.2Cost by Packages'!AH65+'3.2Cost by Packages'!AL65+'3.2Cost by Packages'!AP65+'3.2Cost by Packages'!AT65+'3.2Cost by Packages'!AX65+'3.2Cost by Packages'!BB65+'3.2Cost by Packages'!BF65+'3.2Cost by Packages'!BJ65+'3.2Cost by Packages'!BN65+'3.2Cost by Packages'!BR65+'3.2Cost by Packages'!BV65+'3.2Cost by Packages'!BZ65+'3.2Cost by Packages'!CD65+'3.2Cost by Packages'!CH65+'3.2Cost by Packages'!CL65+'3.2Cost by Packages'!CP65+'3.2Cost by Packages'!CT65+'3.2Cost by Packages'!CX65+'3.2Cost by Packages'!DB65+'3.2Cost by Packages'!DF65+'3.2Cost by Packages'!DJ65+'3.2Cost by Packages'!DN65+'3.2Cost by Packages'!DR65 -> 62 | P63: ='3.2Cost by Packages'!P65+'3.2Cost by Packages'!T65+'3.2Cost by Packages'!X65+'3.2Cost by Packages'!AB65+'3.2Cost by Packages'!AF65+'3.2Cost by Packages'!AJ65+'3.2Cost by Packages'!AN65+'3.2Cost by Packages'!AR65+'3.2Cost by Packages'!AV65+'3.2Cost by Packages'!AZ65+'3.2Cost by Packages'!BD65+'3.2Cost by Packages'!BH65+'3.2Cost by Packages'!BL65+'3.2Cost by Packages'!BP65+'3.2Cost by Packages'!BT65+'3.2Cost by Packages'!BX65+'3.2Cost by Packages'!CB65+'3.2Cost by Packages'!CF65+'3.2Cost by Packages'!CJ65+'3.2Cost by Packages'!CN65+'3.2Cost by Packages'!CR65+'3.2Cost by Packages'!CV65+'3.2Cost by Packages'!CZ65+'3.2Cost by Packages'!DD65+'3.2Cost by Packages'!DH65+'3.2Cost by Packages'!DL65+'3.2Cost by Packages'!DP65+'3.2Cost by Packages'!DT65 -> 2732.34
A64: 8.4 | C64: Disturbed Sample Test | K64: (nos.) | L64: =ROUND(644053/F89*(1-D90),2) -> 27.87 | N64: ='3.2Cost by Packages'!N66+'3.2Cost by Packages'!R66+'3.2Cost by Packages'!V66+'3.2Cost by Packages'!Z66+'3.2Cost by Packages'!AD66+'3.2Cost by Packages'!AH66+'3.2Cost by Packages'!AL66+'3.2Cost by Packages'!AP66+'3.2Cost by Packages'!AT66+'3.2Cost by Packages'!AX66+'3.2Cost by Packages'!BB66+'3.2Cost by Packages'!BF66+'3.2Cost by Packages'!BJ66+'3.2Cost by Packages'!BN66+'3.2Cost by Packages'!BR66+'3.2Cost by Packages'!BV66+'3.2Cost by Packages'!BZ66+'3.2Cost by Packages'!CD66+'3.2Cost by Packages'!CH66+'3.2Cost by Packages'!CL66+'3.2Cost by Packages'!CP66+'3.2Cost by Packages'!CT66+'3.2Cost by Packages'!CX66+'3.2Cost by Packages'!DB66+'3.2Cost by Packages'!DF66+'3.2Cost by Packages'!DJ66+'3.2Cost by Packages'!DN66+'3.2Cost by Packages'!DR66 -> 62 | P64: ='3.2Cost by Packages'!P66+'3.2Cost by Packages'!T66+'3.2Cost by Packages'!X66+'3.2Cost by Packages'!AB66+'3.2Cost by Packages'!AF66+'3.2Cost by Packages'!AJ66+'3.2Cost by Packages'!AN66+'3.2Cost by Packages'!AR66+'3.2Cost by Packages'!AV66+'3.2Cost by Packages'!AZ66+'3.2Cost by Packages'!BD66+'3.2Cost by Packages'!BH66+'3.2Cost by Packages'!BL66+'3.2Cost by Packages'!BP66+'3.2Cost by Packages'!BT66+'3.2Cost by Packages'!BX66+'3.2Cost by Packages'!CB66+'3.2Cost by Packages'!CF66+'3.2Cost by Packages'!CJ66+'3.2Cost by Packages'!CN66+'3.2Cost by Packages'!CR66+'3.2Cost by Packages'!CV66+'3.2Cost by Packages'!CZ66+'3.2Cost by Packages'!DD66+'3.2Cost by Packages'!DH66+'3.2Cost by Packages'!DL66+'3.2Cost by Packages'!DP66+'3.2Cost by Packages'!DT66 -> 1727.94
A65: 9 | C65: Existing Road (ER) | N65: ='3.2Cost by Packages'!N67+'3.2Cost by Packages'!R67+'3.2Cost by Packages'!V67+'3.2Cost by Packages'!Z67+'3.2Cost by Packages'!AD67+'3.2Cost by Packages'!AH67+'3.2Cost by Packages'!AL67+'3.2Cost by Packages'!AP67+'3.2Cost by Packages'!AT67+'3.2Cost by Packages'!AX67+'3.2Cost by Packages'!BB67+'3.2Cost by Packages'!BF67+'3.2Cost by Packages'!BJ67+'3.2Cost by Packages'!BN67+'3.2Cost by Packages'!BR67+'3.2Cost by Packages'!BV67+'3.2Cost by Packages'!BZ67+'3.2Cost by Packages'!CD67+'3.2Cost by Packages'!CH67+'3.2Cost by Packages'!CL67+'3.2Cost by Packages'!CP67+'3.2Cost by Packages'!CT67+'3.2Cost by Packages'!CX67+'3.2Cost by Packages'!DB67+'3.2Cost by Packages'!DF67+'3.2Cost by Packages'!DJ67+'3.2Cost by Packages'!DN67+'3.2Cost by Packages'!DR67 -> 0 | P65: ='3.2Cost by Packages'!P67+'3.2Cost by Packages'!T67+'3.2Cost by Packages'!X67+'3.2Cost by Packages'!AB67+'3.2Cost by Packages'!AF67+'3.2Cost by Packages'!AJ67+'3.2Cost by Packages'!AN67+'3.2Cost by Packages'!AR67+'3.2Cost by Packages'!AV67+'3.2Cost by Packages'!AZ67+'3.2Cost by Packages'!BD67+'3.2Cost by Packages'!BH67+'3.2Cost by Packages'!BL67+'3.2Cost by Packages'!BP67+'3.2Cost by Packages'!BT67+'3.2Cost by Packages'!BX67+'3.2Cost by Packages'!CB67+'3.2Cost by Packages'!CF67+'3.2Cost by Packages'!CJ67+'3.2Cost by Packages'!CN67+'3.2Cost by Packages'!CR67+'3.2Cost by Packages'!CV67+'3.2Cost by Packages'!CZ67+'3.2Cost by Packages'!DD67+'3.2Cost by Packages'!DH67+'3.2Cost by Packages'!DL67+'3.2Cost by Packages'!DP67+'3.2Cost by Packages'!DT67 -> 4961.64
A66: 9.1 | C66: Belkenman Test | K66: (nos.) | L66: =ROUND(479692/F89*(1-D90),2) -> 20.76 | N66: ='3.2Cost by Packages'!N68+'3.2Cost by Packages'!R68+'3.2Cost by Packages'!V68+'3.2Cost by Packages'!Z68+'3.2Cost by Packages'!AD68+'3.2Cost by Packages'!AH68+'3.2Cost by Packages'!AL68+'3.2Cost by Packages'!AP68+'3.2Cost by Packages'!AT68+'3.2Cost by Packages'!AX68+'3.2Cost by Packages'!BB68+'3.2Cost by Packages'!BF68+'3.2Cost by Packages'!BJ68+'3.2Cost by Packages'!BN68+'3.2Cost by Packages'!BR68+'3.2Cost by Packages'!BV68+'3.2Cost by Packages'!BZ68+'3.2Cost by Packages'!CD68+'3.2Cost by Packages'!CH68+'3.2Cost by Packages'!CL68+'3.2Cost by Packages'!CP68+'3.2Cost by Packages'!CT68+'3.2Cost by Packages'!CX68+'3.2Cost by Packages'!DB68+'3.2Cost by Packages'!DF68+'3.2Cost by Packages'!DJ68+'3.2Cost by Packages'!DN68+'3.2Cost by Packages'!DR68 -> 239 | P66: ='3.2Cost by Packages'!P68+'3.2Cost by Packages'!T68+'3.2Cost by Packages'!X68+'3.2Cost by Packages'!AB68+'3.2Cost by Packages'!AF68+'3.2Cost by Packages'!AJ68+'3.2Cost by Packages'!AN68+'3.2Cost by Packages'!AR68+'3.2Cost by Packages'!AV68+'3.2Cost by Packages'!AZ68+'3.2Cost by Packages'!BD68+'3.2Cost by Packages'!BH68+'3.2Cost by Packages'!BL68+'3.2Cost by Packages'!BP68+'3.2Cost by Packages'!BT68+'3.2Cost by Packages'!BX68+'3.2Cost by Packages'!CB68+'3.2Cost by Packages'!CF68+'3.2Cost by Packages'!CJ68+'3.2Cost by Packages'!CN68+'3.2Cost by Packages'!CR68+'3.2Cost by Packages'!CV68+'3.2Cost by Packages'!CZ68+'3.2Cost by Packages'!DD68+'3.2Cost by Packages'!DH68+'3.2Cost by Packages'!DL68+'3.2Cost by Packages'!DP68+'3.2Cost by Packages'!DT68 -> 4961.64
A67: B | C67: Linking Road | N67: ='3.2Cost by Packages'!N69+'3.2Cost by Packages'!R69+'3.2Cost by Packages'!V69+'3.2Cost by Packages'!Z69+'3.2Cost by Packages'!AD69+'3.2Cost by Packages'!AH69+'3.2Cost by Packages'!AL69+'3.2Cost by Packages'!AP69+'3.2Cost by Packages'!AT69+'3.2Cost by Packages'!AX69+'3.2Cost by Packages'!BB69+'3.2Cost by Packages'!BF69+'3.2Cost by Packages'!BJ69+'3.2Cost by Packages'!BN69+'3.2Cost by Packages'!BR69+'3.2Cost by Packages'!BV69+'3.2Cost by Packages'!BZ69+'3.2Cost by Packages'!CD69+'3.2Cost by Packages'!CH69+'3.2Cost by Packages'!CL69+'3.2Cost by Packages'!CP69+'3.2Cost by Packages'!CT69+'3.2Cost by Packages'!CX69+'3.2Cost by Packages'!DB69+'3.2Cost by Packages'!DF69+'3.2Cost by Packages'!DJ69+'3.2Cost by Packages'!DN69+'3.2Cost by Packages'!DR69 -> 0 | P67: ='3.2Cost by Packages'!P69+'3.2Cost by Packages'!T69+'3.2Cost by Packages'!X69+'3.2Cost by Packages'!AB69+'3.2Cost by Packages'!AF69+'3.2Cost by Packages'!AJ69+'3.2Cost by Packages'!AN69+'3.2Cost by Packages'!AR69+'3.2Cost by Packages'!AV69+'3.2Cost by Packages'!AZ69+'3.2Cost by Packages'!BD69+'3.2Cost by Packages'!BH69+'3.2Cost by Packages'!BL69+'3.2Cost by Packages'!BP69+'3.2Cost by Packages'!BT69+'3.2Cost by Packages'!BX69+'3.2Cost by Packages'!CB69+'3.2Cost by Packages'!CF69+'3.2Cost by Packages'!CJ69+'3.2Cost by Packages'!CN69+'3.2Cost by Packages'!CR69+'3.2Cost by Packages'!CV69+'3.2Cost by Packages'!CZ69+'3.2Cost by Packages'!DD69+'3.2Cost by Packages'!DH69+'3.2Cost by Packages'!DL69+'3.2Cost by Packages'!DP69+'3.2Cost by Packages'!DT69 -> 15832.06
A68: 10 | C68: Main Line (ML, Normal Embankment and Excavation Sections (NEE)) | N68: ='3.2Cost by Packages'!N70+'3.2Cost by Packages'!R70+'3.2Cost by Packages'!V70+'3.2Cost by Packages'!Z70+'3.2Cost by Packages'!AD70+'3.2Cost by Packages'!AH70+'3.2Cost by Packages'!AL70+'3.2Cost by Packages'!AP70+'3.2Cost by Packages'!AT70+'3.2Cost by Packages'!AX70+'3.2Cost by Packages'!BB70+'3.2Cost by Packages'!BF70+'3.2Cost by Packages'!BJ70+'3.2Cost by Packages'!BN70+'3.2Cost by Packages'!BR70+'3.2Cost by Packages'!BV70+'3.2Cost by Packages'!BZ70+'3.2Cost by Packages'!CD70+'3.2Cost by Packages'!CH70+'3.2Cost by Packages'!CL70+'3.2Cost by Packages'!CP70+'3.2Cost by Packages'!CT70+'3.2Cost by Packages'!CX70+'3.2Cost by Packages'!DB70+'3.2Cost by Packages'!DF70+'3.2Cost by Packages'!DJ70+'3.2Cost by Packages'!DN70+'3.2Cost by Packages'!DR70 -> 0 | P68: ='3.2Cost by Packages'!P70+'3.2Cost by Packages'!T70+'3.2Cost by Packages'!X70+'3.2Cost by Packages'!AB70+'3.2Cost by Packages'!AF70+'3.2Cost by Packages'!AJ70+'3.2Cost by Packages'!AN70+'3.2Cost by Packages'!AR70+'3.2Cost by Packages'!AV70+'3.2Cost by Packages'!AZ70+'3.2Cost by Packages'!BD70+'3.2Cost by Packages'!BH70+'3.2Cost by Packages'!BL70+'3.2Cost by Packages'!BP70+'3.2Cost by Packages'!BT70+'3.2Cost by Packages'!BX70+'3.2Cost by Packages'!CB70+'3.2Cost by Packages'!CF70+'3.2Cost by Packages'!CJ70+'3.2Cost by Packages'!CN70+'3.2Cost by Packages'!CR70+'3.2Cost by Packages'!CV70+'3.2Cost by Packages'!CZ70+'3.2Cost by Packages'!DD70+'3.2Cost by Packages'!DH70+'3.2Cost by Packages'!DL70+'3.2Cost by Packages'!DP70+'3.2Cost by Packages'!DT70 -> 2147.5
A69: 10.1 | C69: Mechanical Boring | I69: I-III (100%) | K69: (l.m.) | L69: =ROUND(1180473/F89*(1-D90),2) -> 51.08 | N69: ='3.2Cost by Packages'!N71+'3.2Cost by Packages'!R71+'3.2Cost by Packages'!V71+'3.2Cost by Packages'!Z71+'3.2Cost by Packages'!AD71+'3.2Cost by Packages'!AH71+'3.2Cost by Packages'!AL71+'3.2Cost by Packages'!AP71+'3.2Cost by Packages'!AT71+'3.2Cost by Packages'!AX71+'3.2Cost by Packages'!BB71+'3.2Cost by Packages'!BF71+'3.2Cost by Packages'!BJ71+'3.2Cost by Packages'!BN71+'3.2Cost by Packages'!BR71+'3.2Cost by Packages'!BV71+'3.2Cost by Packages'!BZ71+'3.2Cost by Packages'!CD71+'3.2Cost by Packages'!CH71+'3.2Cost by Packages'!CL71+'3.2Cost by Packages'!CP71+'3.2Cost by Packages'!CT71+'3.2Cost by Packages'!CX71+'3.2Cost by Packages'!DB71+'3.2Cost by Packages'!DF71+'3.2Cost by Packages'!DJ71+'3.2Cost by Packages'!DN71+'3.2Cost by Packages'!DR71 -> 35 | P69: ='3.2Cost by Packages'!P71+'3.2Cost by Packages'!T71+'3.2Cost by Packages'!X71+'3.2Cost by Packages'!AB71+'3.2Cost by Packages'!AF71+'3.2Cost by Packages'!AJ71+'3.2Cost by Packages'!AN71+'3.2Cost by Packages'!AR71+'3.2Cost by Packages'!AV71+'3.2Cost by Packages'!AZ71+'3.2Cost by Packages'!BD71+'3.2Cost by Packages'!BH71+'3.2Cost by Packages'!BL71+'3.2Cost by Packages'!BP71+'3.2Cost by Packages'!BT71+'3.2Cost by Packages'!BX71+'3.2Cost by Packages'!CB71+'3.2Cost by Packages'!CF71+'3.2Cost by Packages'!CJ71+'3.2Cost by Packages'!CN71+'3.2Cost by Packages'!CR71+'3.2Cost by Packages'!CV71+'3.2Cost by Packages'!CZ71+'3.2Cost by Packages'!DD71+'3.2Cost by Packages'!DH71+'3.2Cost by Packages'!DL71+'3.2Cost by Packages'!DP71+'3.2Cost by Packages'!DT71 -> 1787.8
A70: 10.2 | C70: Sampling | K70: (nos.) | L70: - | N70: ='3.2Cost by Packages'!N72+'3.2Cost by Packages'!R72+'3.2Cost by Packages'!V72+'3.2Cost by Packages'!Z72+'3.2Cost by Packages'!AD72+'3.2Cost by Packages'!AH72+'3.2Cost by Packages'!AL72+'3.2Cost by Packages'!AP72+'3.2Cost by Packages'!AT72+'3.2Cost by Packages'!AX72+'3.2Cost by Packages'!BB72+'3.2Cost by Packages'!BF72+'3.2Cost by Packages'!BJ72+'3.2Cost by Packages'!BN72+'3.2Cost by Packages'!BR72+'3.2Cost by Packages'!BV72+'3.2Cost by Packages'!BZ72+'3.2Cost by Packages'!CD72+'3.2Cost by Packages'!CH72+'3.2Cost by Packages'!CL72+'3.2Cost by Packages'!CP72+'3.2Cost by Packages'!CT72+'3.2Cost by Packages'!CX72+'3.2Cost by Packages'!DB72+'3.2Cost by Packages'!DF72+'3.2Cost by Packages'!DJ72+'3.2Cost by Packages'!DN72+'3.2Cost by Packages'!DR72 -> 20 | P70: -
A71: 10.3 | C71: Undisturbed Sample Test | K71: (nos.) | L71: =ROUND(1018620/F89*(1-D90),2) -> 44.07 | N71: ='3.2Cost by Packages'!N73+'3.2Cost by Packages'!R73+'3.2Cost by Packages'!V73+'3.2Cost by Packages'!Z73+'3.2Cost by Packages'!AD73+'3.2Cost by Packages'!AH73+'3.2Cost by Packages'!AL73+'3.2Cost by Packages'!AP73+'3.2Cost by Packages'!AT73+'3.2Cost by Packages'!AX73+'3.2Cost by Packages'!BB73+'3.2Cost by Packages'!BF73+'3.2Cost by Packages'!BJ73+'3.2Cost by Packages'!BN73+'3.2Cost by Packages'!BR73+'3.2Cost by Packages'!BV73+'3.2Cost by Packages'!BZ73+'3.2Cost by Packages'!CD73+'3.2Cost by Packages'!CH73+'3.2Cost by Packages'!CL73+'3.2Cost by Packages'!CP73+'3.2Cost by Packages'!CT73+'3.2Cost by Packages'!CX73+'3.2Cost by Packages'!DB73+'3.2Cost by Packages'!DF73+'3.2Cost by Packages'!DJ73+'3.2Cost by Packages'!DN73+'3.2Cost by Packages'!DR73 -> 5 | P71: ='3.2Cost by Packages'!P73+'3.2Cost by Packages'!T73+'3.2Cost by Packages'!X73+'3.2Cost by Packages'!AB73+'3.2Cost by Packages'!AF73+'3.2Cost by Packages'!AJ73+'3.2Cost by Packages'!AN73+'3.2Cost by Packages'!AR73+'3.2Cost by Packages'!AV73+'3.2Cost by Packages'!AZ73+'3.2Cost by Packages'!BD73+'3.2Cost by Packages'!BH73+'3.2Cost by Packages'!BL73+'3.2Cost by Packages'!BP73+'3.2Cost by Packages'!BT73+'3.2Cost by Packages'!BX73+'3.2Cost by Packages'!CB73+'3.2Cost by Packages'!CF73+'3.2Cost by Packages'!CJ73+'3.2Cost by Packages'!CN73+'3.2Cost by Packages'!CR73+'3.2Cost by Packages'!CV73+'3.2Cost by Packages'!CZ73+'3.2Cost by Packages'!DD73+'3.2Cost by Packages'!DH73+'3.2Cost by Packages'!DL73+'3.2Cost by Packages'!DP73+'3.2Cost by Packages'!DT73 -> 220.35
A72: 10.4 | C72: Disturbed Sample Test | K72: (nos.) | L72: =ROUND(644053/F89*(1-D90),2) -> 27.87 | N72: ='3.2Cost by Packages'!N74+'3.2Cost by Packages'!R74+'3.2Cost by Packages'!V74+'3.2Cost by Packages'!Z74+'3.2Cost by Packages'!AD74+'3.2Cost by Packages'!AH74+'3.2Cost by Packages'!AL74+'3.2Cost by Packages'!AP74+'3.2Cost by Packages'!AT74+'3.2Cost by Packages'!AX74+'3.2Cost by Packages'!BB74+'3.2Cost by Packages'!BF74+'3.2Cost by Packages'!BJ74+'3.2Cost by Packages'!BN74+'3.2Cost by Packages'!BR74+'3.2Cost by Packages'!BV74+'3.2Cost by Packages'!BZ74+'3.2Cost by Packages'!CD74+'3.2Cost by Packages'!CH74+'3.2Cost by Packages'!CL74+'3.2Cost by Packages'!CP74+'3.2Cost by Packages'!CT74+'3.2Cost by Packages'!CX74+'3.2Cost by Packages'!DB74+'3.2Cost by Packages'!DF74+'3.2Cost by Packages'!DJ74+'3.2Cost by Packages'!DN74+'3.2Cost by Packages'!DR74 -> 5 | P72: ='3.2Cost by Packages'!P74+'3.2Cost by Packages'!T74+'3.2Cost by Packages'!X74+'3.2Cost by Packages'!AB74+'3.2Cost by Packages'!AF74+'3.2Cost by Packages'!AJ74+'3.2Cost by Packages'!AN74+'3.2Cost by Packages'!AR74+'3.2Cost by Packages'!AV74+'3.2Cost by Packages'!AZ74+'3.2Cost by Packages'!BD74+'3.2Cost by Packages'!BH74+'3.2Cost by Packages'!BL74+'3.2Cost by Packages'!BP74+'3.2Cost by Packages'!BT74+'3.2Cost by Packages'!BX74+'3.2Cost by Packages'!CB74+'3.2Cost by Packages'!CF74+'3.2Cost by Packages'!CJ74+'3.2Cost by Packages'!CN74+'3.2Cost by Packages'!CR74+'3.2Cost by Packages'!CV74+'3.2Cost by Packages'!CZ74+'3.2Cost by Packages'!DD74+'3.2Cost by Packages'!DH74+'3.2Cost by Packages'!DL74+'3.2Cost by Packages'!DP74+'3.2Cost by Packages'!DT74 -> 139.35
A73: 11 | C73: Bridge (BR) | N73: ='3.2Cost by Packages'!N75+'3.2Cost by Packages'!R75+'3.2Cost by Packages'!V75+'3.2Cost by Packages'!Z75+'3.2Cost by Packages'!AD75+'3.2Cost by Packages'!AH75+'3.2Cost by Packages'!AL75+'3.2Cost by Packages'!AP75+'3.2Cost by Packages'!AT75+'3.2Cost by Packages'!AX75+'3.2Cost by Packages'!BB75+'3.2Cost by Packages'!BF75+'3.2Cost by Packages'!BJ75+'3.2Cost by Packages'!BN75+'3.2Cost by Packages'!BR75+'3.2Cost by Packages'!BV75+'3.2Cost by Packages'!BZ75+'3.2Cost by Packages'!CD75+'3.2Cost by Packages'!CH75+'3.2Cost by Packages'!CL75+'3.2Cost by Packages'!CP75+'3.2Cost by Packages'!CT75+'3.2Cost by Packages'!CX75+'3.2Cost by Packages'!DB75+'3.2Cost by Packages'!DF75+'3.2Cost by Packages'!DJ75+'3.2Cost by Packages'!DN75+'3.2Cost by Packages'!DR75 -> 0 | P73: ='3.2Cost by Packages'!P75+'3.2Cost by Packages'!T75+'3.2Cost by Packages'!X75+'3.2Cost by Packages'!AB75+'3.2Cost by Packages'!AF75+'3.2Cost by Packages'!AJ75+'3.2Cost by Packages'!AN75+'3.2Cost by Packages'!AR75+'3.2Cost by Packages'!AV75+'3.2Cost by Packages'!AZ75+'3.2Cost by Packages'!BD75+'3.2Cost by Packages'!BH75+'3.2Cost by Packages'!BL75+'3.2Cost by Packages'!BP75+'3.2Cost by Packages'!BT75+'3.2Cost by Packages'!BX75+'3.2Cost by Packages'!CB75+'3.2Cost by Packages'!CF75+'3.2Cost by Packages'!CJ75+'3.2Cost by Packages'!CN75+'3.2Cost by Packages'!CR75+'3.2Cost by Packages'!CV75+'3.2Cost by Packages'!CZ75+'3.2Cost by Packages'!DD75+'3.2Cost by Packages'!DH75+'3.2Cost by Packages'!DL75+'3.2Cost by Packages'!DP75+'3.2Cost by Packages'!DT75 -> 13352.4
A74: 11.1 | C74: Mechanical Boring (On Shore) | I74: I-III (50%), IV-VI (50%) | K74: (l.m.) | L74: =ROUND(1424019/F89*(1-D90),2) -> 61.62 | N74: ='3.2Cost by Packages'!N76+'3.2Cost by Packages'!R76+'3.2Cost by Packages'!V76+'3.2Cost by Packages'!Z76+'3.2Cost by Packages'!AD76+'3.2Cost by Packages'!AH76+'3.2Cost by Packages'!AL76+'3.2Cost by Packages'!AP76+'3.2Cost by Packages'!AT76+'3.2Cost by Packages'!AX76+'3.2Cost by Packages'!BB76+'3.2Cost by Packages'!BF76+'3.2Cost by Packages'!BJ76+'3.2Cost by Packages'!BN76+'3.2Cost by Packages'!BR76+'3.2Cost by Packages'!BV76+'3.2Cost by Packages'!BZ76+'3.2Cost by Packages'!CD76+'3.2Cost by Packages'!CH76+'3.2Cost by Packages'!CL76+'3.2Cost by Packages'!CP76+'3.2Cost by Packages'!CT76+'3.2Cost by Packages'!CX76+'3.2Cost by Packages'!DB76+'3.2Cost by Packages'!DF76+'3.2Cost by Packages'!DJ76+'3.2Cost by Packages'!DN76+'3.2Cost by Packages'!DR76 -> 150 | P74: ='3.2Cost by Packages'!P76+'3.2Cost by Packages'!T76+'3.2Cost by Packages'!X76+'3.2Cost by Packages'!AB76+'3.2Cost by Packages'!AF76+'3.2Cost by Packages'!AJ76+'3.2Cost by Packages'!AN76+'3.2Cost by Packages'!AR76+'3.2Cost by Packages'!AV76+'3.2Cost by Packages'!AZ76+'3.2Cost by Packages'!BD76+'3.2Cost by Packages'!BH76+'3.2Cost by Packages'!BL76+'3.2Cost by Packages'!BP76+'3.2Cost by Packages'!BT76+'3.2Cost by Packages'!BX76+'3.2Cost by Packages'!CB76+'3.2Cost by Packages'!CF76+'3.2Cost by Packages'!CJ76+'3.2Cost by Packages'!CN76+'3.2Cost by Packages'!CR76+'3.2Cost by Packages'!CV76+'3.2Cost by Packages'!CZ76+'3.2Cost by Packages'!DD76+'3.2Cost by Packages'!DH76+'3.2Cost by Packages'!DL76+'3.2Cost by Packages'!DP76+'3.2Cost by Packages'!DT76 -> 9243
A75: 11.2 | C75: Mechanical Boring (Off Shore) | I75: I-III (70%), IV-VI (30%) | K75: (l.m.) | L75: =ROUND(1671973/F89*(1-D90),2) -> 72.34 | N75: ='3.2Cost by Packages'!N77+'3.2Cost by Packages'!R77+'3.2Cost by Packages'!V77+'3.2Cost by Packages'!Z77+'3.2Cost by Packages'!AD77+'3.2Cost by Packages'!AH77+'3.2Cost by Packages'!AL77+'3.2Cost by Packages'!AP77+'3.2Cost by Packages'!AT77+'3.2Cost by Packages'!AX77+'3.2Cost by Packages'!BB77+'3.2Cost by Packages'!BF77+'3.2Cost by Packages'!BJ77+'3.2Cost by Packages'!BN77+'3.2Cost by Packages'!BR77+'3.2Cost by Packages'!BV77+'3.2Cost by Packages'!BZ77+'3.2Cost by Packages'!CD77+'3.2Cost by Packages'!CH77+'3.2Cost by Packages'!CL77+'3.2Cost by Packages'!CP77+'3.2Cost by Packages'!CT77+'3.2Cost by Packages'!CX77+'3.2Cost by Packages'!DB77+'3.2Cost by Packages'!DF77+'3.2Cost by Packages'!DJ77+'3.2Cost by Packages'!DN77+'3.2Cost by Packages'!DR77 -> 0 | P75: ='3.2Cost by Packages'!P77+'3.2Cost by Packages'!T77+'3.2Cost by Packages'!X77+'3.2Cost by Packages'!AB77+'3.2Cost by Packages'!AF77+'3.2Cost by Packages'!AJ77+'3.2Cost by Packages'!AN77+'3.2Cost by Packages'!AR77+'3.2Cost by Packages'!AV77+'3.2Cost by Packages'!AZ77+'3.2Cost by Packages'!BD77+'3.2Cost by Packages'!BH77+'3.2Cost by Packages'!BL77+'3.2Cost by Packages'!BP77+'3.2Cost by Packages'!BT77+'3.2Cost by Packages'!BX77+'3.2Cost by Packages'!CB77+'3.2Cost by Packages'!CF77+'3.2Cost by Packages'!CJ77+'3.2Cost by Packages'!CN77+'3.2Cost by Packages'!CR77+'3.2Cost by Packages'!CV77+'3.2Cost by Packages'!CZ77+'3.2Cost by Packages'!DD77+'3.2Cost by Packages'!DH77+'3.2Cost by Packages'!DL77+'3.2Cost by Packages'!DP77+'3.2Cost by Packages'!DT77 -> 0
A76: 11.3 | C76: Sampling | K76: (nos.) | L76: - | N76: ='3.2Cost by Packages'!N78+'3.2Cost by Packages'!R78+'3.2Cost by Packages'!V78+'3.2Cost by Packages'!Z78+'3.2Cost by Packages'!AD78+'3.2Cost by Packages'!AH78+'3.2Cost by Packages'!AL78+'3.2Cost by Packages'!AP78+'3.2Cost by Packages'!AT78+'3.2Cost by Packages'!AX78+'3.2Cost by Packages'!BB78+'3.2Cost by Packages'!BF78+'3.2Cost by Packages'!BJ78+'3.2Cost by Packages'!BN78+'3.2Cost by Packages'!BR78+'3.2Cost by Packages'!BV78+'3.2Cost by Packages'!BZ78+'3.2Cost by Packages'!CD78+'3.2Cost by Packages'!CH78+'3.2Cost by Packages'!CL78+'3.2Cost by Packages'!CP78+'3.2Cost by Packages'!CT78+'3.2Cost by Packages'!CX78+'3.2Cost by Packages'!DB78+'3.2Cost by Packages'!DF78+'3.2Cost by Packages'!DJ78+'3.2Cost by Packages'!DN78+'3.2Cost by Packages'!DR78 -> 78 | P76: -
A77: 11.4 | C77: Standard Penetration Test (SPT) | K77: (points) | L77: =ROUND(368889/F89*(1-D90),2) -> 15.96 | N77: ='3.2Cost by Packages'!N79+'3.2Cost by Packages'!R79+'3.2Cost by Packages'!V79+'3.2Cost by Packages'!Z79+'3.2Cost by Packages'!AD79+'3.2Cost by Packages'!AH79+'3.2Cost by Packages'!AL79+'3.2Cost by Packages'!AP79+'3.2Cost by Packages'!AT79+'3.2Cost by Packages'!AX79+'3.2Cost by Packages'!BB79+'3.2Cost by Packages'!BF79+'3.2Cost by Packages'!BJ79+'3.2Cost by Packages'!BN79+'3.2Cost by Packages'!BR79+'3.2Cost by Packages'!BV79+'3.2Cost by Packages'!BZ79+'3.2Cost by Packages'!CD79+'3.2Cost by Packages'!CH79+'3.2Cost by Packages'!CL79+'3.2Cost by Packages'!CP79+'3.2Cost by Packages'!CT79+'3.2Cost by Packages'!CX79+'3.2Cost by Packages'!DB79+'3.2Cost by Packages'!DF79+'3.2Cost by Packages'!DJ79+'3.2Cost by Packages'!DN79+'3.2Cost by Packages'!DR79 -> 78 | P77: ='3.2Cost by Packages'!P79+'3.2Cost by Packages'!T79+'3.2Cost by Packages'!X79+'3.2Cost by Packages'!AB79+'3.2Cost by Packages'!AF79+'3.2Cost by Packages'!AJ79+'3.2Cost by Packages'!AN79+'3.2Cost by Packages'!AR79+'3.2Cost by Packages'!AV79+'3.2Cost by Packages'!AZ79+'3.2Cost by Packages'!BD79+'3.2Cost by Packages'!BH79+'3.2Cost by Packages'!BL79+'3.2Cost by Packages'!BP79+'3.2Cost by Packages'!BT79+'3.2Cost by Packages'!BX79+'3.2Cost by Packages'!CB79+'3.2Cost by Packages'!CF79+'3.2Cost by Packages'!CJ79+'3.2Cost by Packages'!CN79+'3.2Cost by Packages'!CR79+'3.2Cost by Packages'!CV79+'3.2Cost by Packages'!CZ79+'3.2Cost by Packages'!DD79+'3.2Cost by Packages'!DH79+'3.2Cost by Packages'!DL79+'3.2Cost by Packages'!DP79+'3.2Cost by Packages'!DT79 -> 1244.88
A78: 11.5 | C78: Floating Equipment | K78: (nos.) | L78: =ROUND(1000*18990*1.175/F89,2) -> 1072.75 | N78: ='3.2Cost by Packages'!N80+'3.2Cost by Packages'!R80+'3.2Cost by Packages'!V80+'3.2Cost by Packages'!Z80+'3.2Cost by Packages'!AD80+'3.2Cost by Packages'!AH80+'3.2Cost by Packages'!AL80+'3.2Cost by Packages'!AP80+'3.2Cost by Packages'!AT80+'3.2Cost by Packages'!AX80+'3.2Cost by Packages'!BB80+'3.2Cost by Packages'!BF80+'3.2Cost by Packages'!BJ80+'3.2Cost by Packages'!BN80+'3.2Cost by Packages'!BR80+'3.2Cost by Packages'!BV80+'3.2Cost by Packages'!BZ80+'3.2Cost by Packages'!CD80+'3.2Cost by Packages'!CH80+'3.2Cost by Packages'!CL80+'3.2Cost by Packages'!CP80+'3.2Cost by Packages'!CT80+'3.2Cost by Packages'!CX80+'3.2Cost by Packages'!DB80+'3.2Cost by Packages'!DF80+'3.2Cost by Packages'!DJ80+'3.2Cost by Packages'!DN80+'3.2Cost by Packages'!DR80 -> 0 | P78: ='3.2Cost by Packages'!P80+'3.2Cost by Packages'!T80+'3.2Cost by Packages'!X80+'3.2Cost by Packages'!AB80+'3.2Cost by Packages'!AF80+'3.2Cost by Packages'!AJ80+'3.2Cost by Packages'!AN80+'3.2Cost by Packages'!AR80+'3.2Cost by Packages'!AV80+'3.2Cost by Packages'!AZ80+'3.2Cost by Packages'!BD80+'3.2Cost by Packages'!BH80+'3.2Cost by Packages'!BL80+'3.2Cost by Packages'!BP80+'3.2Cost by Packages'!BT80+'3.2Cost by Packages'!BX80+'3.2Cost by Packages'!CB80+'3.2Cost by Packages'!CF80+'3.2Cost by Packages'!CJ80+'3.2Cost by Packages'!CN80+'3.2Cost by Packages'!CR80+'3.2Cost by Packages'!CV80+'3.2Cost by Packages'!CZ80+'3.2Cost by Packages'!DD80+'3.2Cost by Packages'!DH80+'3.2Cost by Packages'!DL80+'3.2Cost by Packages'!DP80+'3.2Cost by Packages'!DT80 -> 0
A79: 11.6 | C79: Undisturbed Sample Test | K79: (nos.) | L79: =ROUND(1018620/F89*(1-D90),2) -> 44.07 | N79: ='3.2Cost by Packages'!N81+'3.2Cost by Packages'!R81+'3.2Cost by Packages'!V81+'3.2Cost by Packages'!Z81+'3.2Cost by Packages'!AD81+'3.2Cost by Packages'!AH81+'3.2Cost by Packages'!AL81+'3.2Cost by Packages'!AP81+'3.2Cost by Packages'!AT81+'3.2Cost by Packages'!AX81+'3.2Cost by Packages'!BB81+'3.2Cost by Packages'!BF81+'3.2Cost by Packages'!BJ81+'3.2Cost by Packages'!BN81+'3.2Cost by Packages'!BR81+'3.2Cost by Packages'!BV81+'3.2Cost by Packages'!BZ81+'3.2Cost by Packages'!CD81+'3.2Cost by Packages'!CH81+'3.2Cost by Packages'!CL81+'3.2Cost by Packages'!CP81+'3.2Cost by Packages'!CT81+'3.2Cost by Packages'!CX81+'3.2Cost by Packages'!DB81+'3.2Cost by Packages'!DF81+'3.2Cost by Packages'!DJ81+'3.2Cost by Packages'!DN81+'3.2Cost by Packages'!DR81 -> 20 | P79: ='3.2Cost by Packages'!P81+'3.2Cost by Packages'!T81+'3.2Cost by Packages'!X81+'3.2Cost by Packages'!AB81+'3.2Cost by Packages'!AF81+'3.2Cost by Packages'!AJ81+'3.2Cost by Packages'!AN81+'3.2Cost by Packages'!AR81+'3.2Cost by Packages'!AV81+'3.2Cost by Packages'!AZ81+'3.2Cost by Packages'!BD81+'3.2Cost by Packages'!BH81+'3.2Cost by Packages'!BL81+'3.2Cost by Packages'!BP81+'3.2Cost by Packages'!BT81+'3.2Cost by Packages'!BX81+'3.2Cost by Packages'!CB81+'3.2Cost by Packages'!CF81+'3.2Cost by Packages'!CJ81+'3.2Cost by Packages'!CN81+'3.2Cost by Packages'!CR81+'3.2Cost by Packages'!CV81+'3.2Cost by Packages'!CZ81+'3.2Cost by Packages'!DD81+'3.2Cost by Packages'!DH81+'3.2Cost by Packages'!DL81+'3.2Cost by Packages'!DP81+'3.2Cost by Packages'!DT81 -> 881.4
A80: 11.7 | C80: Disturbed Sample Test | K80: (nos.) | L80: =ROUND(644053/F89*(1-D90),2) -> 27.87 | N80: ='3.2Cost by Packages'!N82+'3.2Cost by Packages'!R82+'3.2Cost by Packages'!V82+'3.2Cost by Packages'!Z82+'3.2Cost by Packages'!AD82+'3.2Cost by Packages'!AH82+'3.2Cost by Packages'!AL82+'3.2Cost by Packages'!AP82+'3.2Cost by Packages'!AT82+'3.2Cost by Packages'!AX82+'3.2Cost by Packages'!BB82+'3.2Cost by Packages'!BF82+'3.2Cost by Packages'!BJ82+'3.2Cost by Packages'!BN82+'3.2Cost by Packages'!BR82+'3.2Cost by Packages'!BV82+'3.2Cost by Packages'!BZ82+'3.2Cost by Packages'!CD82+'3.2Cost by Packages'!CH82+'3.2Cost by Packages'!CL82+'3.2Cost by Packages'!CP82+'3.2Cost by Packages'!CT82+'3.2Cost by Packages'!CX82+'3.2Cost by Packages'!DB82+'3.2Cost by Packages'!DF82+'3.2Cost by Packages'!DJ82+'3.2Cost by Packages'!DN82+'3.2Cost by Packages'!DR82 -> 20 | P80: ='3.2Cost by Packages'!P82+'3.2Cost by Packages'!T82+'3.2Cost by Packages'!X82+'3.2Cost by Packages'!AB82+'3.2Cost by Packages'!AF82+'3.2Cost by Packages'!AJ82+'3.2Cost by Packages'!AN82+'3.2Cost by Packages'!AR82+'3.2Cost by Packages'!AV82+'3.2Cost by Packages'!AZ82+'3.2Cost by Packages'!BD82+'3.2Cost by Packages'!BH82+'3.2Cost by Packages'!BL82+'3.2Cost by Packages'!BP82+'3.2Cost by Packages'!BT82+'3.2Cost by Packages'!BX82+'3.2Cost by Packages'!CB82+'3.2Cost by Packages'!CF82+'3.2Cost by Packages'!CJ82+'3.2Cost by Packages'!CN82+'3.2Cost by Packages'!CR82+'3.2Cost by Packages'!CV82+'3.2Cost by Packages'!CZ82+'3.2Cost by Packages'!DD82+'3.2Cost by Packages'!DH82+'3.2Cost by Packages'!DL82+'3.2Cost by Packages'!DP82+'3.2Cost by Packages'!DT82 -> 557.4
A81: 11.8 | C81: Unconfined Compression Test | K81: (nos.) | L81: =ROUND(2745768/F89*(1-D90),2) -> 118.81 | N81: ='3.2Cost by Packages'!N83+'3.2Cost by Packages'!R83+'3.2Cost by Packages'!V83+'3.2Cost by Packages'!Z83+'3.2Cost by Packages'!AD83+'3.2Cost by Packages'!AH83+'3.2Cost by Packages'!AL83+'3.2Cost by Packages'!AP83+'3.2Cost by Packages'!AT83+'3.2Cost by Packages'!AX83+'3.2Cost by Packages'!BB83+'3.2Cost by Packages'!BF83+'3.2Cost by Packages'!BJ83+'3.2Cost by Packages'!BN83+'3.2Cost by Packages'!BR83+'3.2Cost by Packages'!BV83+'3.2Cost by Packages'!BZ83+'3.2Cost by Packages'!CD83+'3.2Cost by Packages'!CH83+'3.2Cost by Packages'!CL83+'3.2Cost by Packages'!CP83+'3.2Cost by Packages'!CT83+'3.2Cost by Packages'!CX83+'3.2Cost by Packages'!DB83+'3.2Cost by Packages'!DF83+'3.2Cost by Packages'!DJ83+'3.2Cost by Packages'!DN83+'3.2Cost by Packages'!DR83 -> 12 | P81: ='3.2Cost by Packages'!P83+'3.2Cost by Packages'!T83+'3.2Cost by Packages'!X83+'3.2Cost by Packages'!AB83+'3.2Cost by Packages'!AF83+'3.2Cost by Packages'!AJ83+'3.2Cost by Packages'!AN83+'3.2Cost by Packages'!AR83+'3.2Cost by Packages'!AV83+'3.2Cost by Packages'!AZ83+'3.2Cost by Packages'!BD83+'3.2Cost by Packages'!BH83+'3.2Cost by Packages'!BL83+'3.2Cost by Packages'!BP83+'3.2Cost by Packages'!BT83+'3.2Cost by Packages'!BX83+'3.2Cost by Packages'!CB83+'3.2Cost by Packages'!CF83+'3.2Cost by Packages'!CJ83+'3.2Cost by Packages'!CN83+'3.2Cost by Packages'!CR83+'3.2Cost by Packages'!CV83+'3.2Cost by Packages'!CZ83+'3.2Cost by Packages'!DD83+'3.2Cost by Packages'!DH83+'3.2Cost by Packages'!DL83+'3.2Cost by Packages'!DP83+'3.2Cost by Packages'!DT83 -> 1425.72
A82: 11.9 | C82: Consolidation Test (Cv) | K82: (nos.) | L82: =ROUND(3357049/F89*(1-D90),2) -> 145.26 | N82: ='3.2Cost by Packages'!N84+'3.2Cost by Packages'!R84+'3.2Cost by Packages'!V84+'3.2Cost by Packages'!Z84+'3.2Cost by Packages'!AD84+'3.2Cost by Packages'!AH84+'3.2Cost by Packages'!AL84+'3.2Cost by Packages'!AP84+'3.2Cost by Packages'!AT84+'3.2Cost by Packages'!AX84+'3.2Cost by Packages'!BB84+'3.2Cost by Packages'!BF84+'3.2Cost by Packages'!BJ84+'3.2Cost by Packages'!BN84+'3.2Cost by Packages'!BR84+'3.2Cost by Packages'!BV84+'3.2Cost by Packages'!BZ84+'3.2Cost by Packages'!CD84+'3.2Cost by Packages'!CH84+'3.2Cost by Packages'!CL84+'3.2Cost by Packages'!CP84+'3.2Cost by Packages'!CT84+'3.2Cost by Packages'!CX84+'3.2Cost by Packages'!DB84+'3.2Cost by Packages'!DF84+'3.2Cost by Packages'!DJ84+'3.2Cost by Packages'!DN84+'3.2Cost by Packages'!DR84 -> 0 | P82: ='3.2Cost by Packages'!P84+'3.2Cost by Packages'!T84+'3.2Cost by Packages'!X84+'3.2Cost by Packages'!AB84+'3.2Cost by Packages'!AF84+'3.2Cost by Packages'!AJ84+'3.2Cost by Packages'!AN84+'3.2Cost by Packages'!AR84+'3.2Cost by Packages'!AV84+'3.2Cost by Packages'!AZ84+'3.2Cost by Packages'!BD84+'3.2Cost by Packages'!BH84+'3.2Cost by Packages'!BL84+'3.2Cost by Packages'!BP84+'3.2Cost by Packages'!BT84+'3.2Cost by Packages'!BX84+'3.2Cost by Packages'!CB84+'3.2Cost by Packages'!CF84+'3.2Cost by Packages'!CJ84+'3.2Cost by Packages'!CN84+'3.2Cost by Packages'!CR84+'3.2Cost by Packages'!CV84+'3.2Cost by Packages'!CZ84+'3.2Cost by Packages'!DD84+'3.2Cost by Packages'!DH84+'3.2Cost by Packages'!DL84+'3.2Cost by Packages'!DP84+'3.2Cost by Packages'!DT84 -> 0
A83: 12 | C83: Existing Road (ER) | N83: ='3.2Cost by Packages'!N85+'3.2Cost by Packages'!R85+'3.2Cost by Packages'!V85+'3.2Cost by Packages'!Z85+'3.2Cost by Packages'!AD85+'3.2Cost by Packages'!AH85+'3.2Cost by Packages'!AL85+'3.2Cost by Packages'!AP85+'3.2Cost by Packages'!AT85+'3.2Cost by Packages'!AX85+'3.2Cost by Packages'!BB85+'3.2Cost by Packages'!BF85+'3.2Cost by Packages'!BJ85+'3.2Cost by Packages'!BN85+'3.2Cost by Packages'!BR85+'3.2Cost by Packages'!BV85+'3.2Cost by Packages'!BZ85+'3.2Cost by Packages'!CD85+'3.2Cost by Packages'!CH85+'3.2Cost by Packages'!CL85+'3.2Cost by Packages'!CP85+'3.2Cost by Packages'!CT85+'3.2Cost by Packages'!CX85+'3.2Cost by Packages'!DB85+'3.2Cost by Packages'!DF85+'3.2Cost by Packages'!DJ85+'3.2Cost by Packages'!DN85+'3.2Cost by Packages'!DR85 -> 0 | P83: ='3.2Cost by Packages'!P85+'3.2Cost by Packages'!T85+'3.2Cost by Packages'!X85+'3.2Cost by Packages'!AB85+'3.2Cost by Packages'!AF85+'3.2Cost by Packages'!AJ85+'3.2Cost by Packages'!AN85+'3.2Cost by Packages'!AR85+'3.2Cost by Packages'!AV85+'3.2Cost by Packages'!AZ85+'3.2Cost by Packages'!BD85+'3.2Cost by Packages'!BH85+'3.2Cost by Packages'!BL85+'3.2Cost by Packages'!BP85+'3.2Cost by Packages'!BT85+'3.2Cost by Packages'!BX85+'3.2Cost by Packages'!CB85+'3.2Cost by Packages'!CF85+'3.2Cost by Packages'!CJ85+'3.2Cost by Packages'!CN85+'3.2Cost by Packages'!CR85+'3.2Cost by Packages'!CV85+'3.2Cost by Packages'!CZ85+'3.2Cost by Packages'!DD85+'3.2Cost by Packages'!DH85+'3.2Cost by Packages'!DL85+'3.2Cost by Packages'!DP85+'3.2Cost by Packages'!DT85 -> 332.16
A84: 12.1 | C84: Belkenman Test | K84: (nos.) | L84: =ROUND(479692/F89*(1-D90),2) -> 20.76 | N84: ='3.2Cost by Packages'!N86+'3.2Cost by Packages'!R86+'3.2Cost by Packages'!V86+'3.2Cost by Packages'!Z86+'3.2Cost by Packages'!AD86+'3.2Cost by Packages'!AH86+'3.2Cost by Packages'!AL86+'3.2Cost by Packages'!AP86+'3.2Cost by Packages'!AT86+'3.2Cost by Packages'!AX86+'3.2Cost by Packages'!BB86+'3.2Cost by Packages'!BF86+'3.2Cost by Packages'!BJ86+'3.2Cost by Packages'!BN86+'3.2Cost by Packages'!BR86+'3.2Cost by Packages'!BV86+'3.2Cost by Packages'!BZ86+'3.2Cost by Packages'!CD86+'3.2Cost by Packages'!CH86+'3.2Cost by Packages'!CL86+'3.2Cost by Packages'!CP86+'3.2Cost by Packages'!CT86+'3.2Cost by Packages'!CX86+'3.2Cost by Packages'!DB86+'3.2Cost by Packages'!DF86+'3.2Cost by Packages'!DJ86+'3.2Cost by Packages'!DN86+'3.2Cost by Packages'!DR86 -> 16 | P84: ='3.2Cost by Packages'!P86+'3.2Cost by Packages'!T86+'3.2Cost by Packages'!X86+'3.2Cost by Packages'!AB86+'3.2Cost by Packages'!AF86+'3.2Cost by Packages'!AJ86+'3.2Cost by Packages'!AN86+'3.2Cost by Packages'!AR86+'3.2Cost by Packages'!AV86+'3.2Cost by Packages'!AZ86+'3.2Cost by Packages'!BD86+'3.2Cost by Packages'!BH86+'3.2Cost by Packages'!BL86+'3.2Cost by Packages'!BP86+'3.2Cost by Packages'!BT86+'3.2Cost by Packages'!BX86+'3.2Cost by Packages'!CB86+'3.2Cost by Packages'!CF86+'3.2Cost by Packages'!CJ86+'3.2Cost by Packages'!CN86+'3.2Cost by Packages'!CR86+'3.2Cost by Packages'!CV86+'3.2Cost by Packages'!CZ86+'3.2Cost by Packages'!DD86+'3.2Cost by Packages'!DH86+'3.2Cost by Packages'!DL86+'3.2Cost by Packages'!DP86+'3.2Cost by Packages'!DT86 -> 332.16
A85: C | C85: Mobilization and Temporary Camp Yard | H85: 0.02 | J85: of Boring Cost | P85: ='3.2Cost by Packages'!P87+'3.2Cost by Packages'!T87+'3.2Cost by Packages'!X87+'3.2Cost by Packages'!AB87+'3.2Cost by Packages'!AF87+'3.2Cost by Packages'!AJ87+'3.2Cost by Packages'!AN87+'3.2Cost by Packages'!AR87+'3.2Cost by Packages'!AV87+'3.2Cost by Packages'!AZ87+'3.2Cost by Packages'!BD87+'3.2Cost by Packages'!BH87+'3.2Cost by Packages'!BL87+'3.2Cost by Packages'!BP87+'3.2Cost by Packages'!BT87+'3.2Cost by Packages'!BX87+'3.2Cost by Packages'!CB87+'3.2Cost by Packages'!CF87+'3.2Cost by Packages'!CJ87+'3.2Cost by Packages'!CN87+'3.2Cost by Packages'!CR87+'3.2Cost by Packages'!CV87+'3.2Cost by Packages'!CZ87+'3.2Cost by Packages'!DD87+'3.2Cost by Packages'!DH87+'3.2Cost by Packages'!DL87+'3.2Cost by Packages'!DP87+'3.2Cost by Packages'!DT87 -> 23541.869
A86: D | C86: Reporting | H86: 0.02 | J86: of Boring Cost | P86: ='3.2Cost by Packages'!P88+'3.2Cost by Packages'!T88+'3.2Cost by Packages'!X88+'3.2Cost by Packages'!AB88+'3.2Cost by Packages'!AF88+'3.2Cost by Packages'!AJ88+'3.2Cost by Packages'!AN88+'3.2Cost by Packages'!AR88+'3.2Cost by Packages'!AV88+'3.2Cost by Packages'!AZ88+'3.2Cost by Packages'!BD88+'3.2Cost by Packages'!BH88+'3.2Cost by Packages'!BL88+'3.2Cost by Packages'!BP88+'3.2Cost by Packages'!BT88+'3.2Cost by Packages'!BX88+'3.2Cost by Packages'!CB88+'3.2Cost by Packages'!CF88+'3.2Cost by Packages'!CJ88+'3.2Cost by Packages'!CN88+'3.2Cost by Packages'!CR88+'3.2Cost by Packages'!CV88+'3.2Cost by Packages'!CZ88+'3.2Cost by Packages'!DD88+'3.2Cost by Packages'!DH88+'3.2Cost by Packages'!DL88+'3.2Cost by Packages'!DP88+'3.2Cost by Packages'!DT88 -> 23541.869
A87: Total | P87: ='3.2Cost by Packages'!P89+'3.2Cost by Packages'!T89+'3.2Cost by Packages'!X89+'3.2Cost by Packages'!AB89+'3.2Cost by Packages'!AF89+'3.2Cost by Packages'!AJ89+'3.2Cost by Packages'!AN89+'3.2Cost by Packages'!AR89+'3.2Cost by Packages'!AV89+'3.2Cost by Packages'!AZ89+'3.2Cost by Packages'!BD89+'3.2Cost by Packages'!BH89+'3.2Cost by Packages'!BL89+'3.2Cost by Packages'!BP89+'3.2Cost by Packages'!BT89+'3.2Cost by Packages'!BX89+'3.2Cost by Packages'!CB89+'3.2Cost by Packages'!CF89+'3.2Cost by Packages'!CJ89+'3.2Cost by Packages'!CN89+'3.2Cost by Packages'!CR89+'3.2Cost by Packages'!CV89+'3.2Cost by Packages'!CZ89+'3.2Cost by Packages'!DD89+'3.2Cost by Packages'!DH89+'3.2Cost by Packages'!DL89+'3.2Cost by Packages'!DP89+'3.2Cost by Packages'!DT89 -> 1791360.2
A89: Exchange Rate | D89: 1 USD | E89: = | F89: 20800 | G89: (exchange selling rate, 20 May 2011, Vietcombank)
A90: Unit Price | D90: 0.1 | E90: Discount from Standard Unit Price (Quang Nam Province, 2011)

Sheet 3.2Cost by Packages
A1: No. | B1: Item | H1: Soil Class | K1: Unit | L1: Unit Price | N1: By Survey Packages | BR1: By Survey Packages
L2: (USD) | N2: PKG01 | V2: PKG02 | AD2: PKG03 | AH2: PKG04 | AP2: PKG05 | AX2: PKG06 | BF2: PKG07 | BR2: PKGA1 | CD2: PKGA2 | CP2: PKGA3 | CX2: PKGA4 | DJ2: PKGA5
N3: ML01-1 | R3: ML01-2 | V3: ML02-1 | Z3: ML02-2 | AD3: ML03-1 | AH3: ML04-1 | AL3: ML04-2 | AP3: ML05-1 | AT3: ML05-2 | AX3: ML06-1 | BB3: ML06-2 | BF3: ML07-1 | BJ3: ML07-2 | BN3: ML07-3 | BR3: MLA1-1 | BV3: MLA1-2 | BZ3: MLA1-3 | CD3: MLA2-1 | CH3: MLA2-2 | CL3: MLA2-3 | CP3: MLA3-1 | CT3: MLA3-2 | CX3: MLA4-1 | DB3: MLA4-2 | DF3: MLA4-3 | DJ3: MLA5-1 | DN3: MLA5-2 | DR3: MLA5-3
N5: Qty | P5: Amount | R5: Qty | T5: Amount | V5: Qty | X5: Amount | Z5: Qty | AB5: Amount | AD5: Qty | AF5: Amount | AH5: Qty | AJ5: Amount | AL5: Qty | AN5: Amount | AP5: Qty | AR5: Amount | AT5: Qty | AV5: Amount | AX5: Qty | AZ5: Amount | BB5: Qty | BD5: Amount | BF5: Qty | BH5: Amount | BJ5: Qty | BL5: Amount | BN5: Qty | BP5: Amount | BR5: Qty | BT5: Amount | BV5: Qty | BX5: Amount | BZ5: Qty | CB5: Amount | CD5: Qty | CF5: Amount | CH5: Qty | CJ5: Amount | CL5: Qty | CN5: Amount | CP5: Qty | CR5: Amount | CT5: Qty | CV5: Amount | CX5: Qty | CZ5: Amount | DB5: Qty | DD5: Amount | DF5: Qty | DH5: Amount | DJ5: Qty | DL5: Amount | DN5: Qty | DP5: Amount | DR5: Qty | DT5: Amount
P6: (USD) | T6: (USD) | X6: (USD) | AB6: (USD) | AF6: (USD) | AJ6: (USD) | AN6: (USD) | AR6: (USD) | AV6: (USD) | AZ6: (USD) | BD6: (USD) | BH6: (USD) | BL6: (USD) | BP6: (USD) | BT6: (USD) | BX6: (USD) | CB6: (USD) | CF6: (USD) | CJ6: (USD) | CN6: (USD) | CR6: (USD) | CV6: (USD) | CZ6: (USD) | DD6: (USD) | DH6: (USD) | DL6: (USD) | DP6: (USD) | DT6: (USD)
A7: ='3.1Cost by Sub-contractors'!A5 -> A | C7: ='3.1Cost by Sub-contractors'!C5:G5 -> Expressway | P7: =P8+P13+P23+P33+P39+P49+P59+P62+P67 -> 155638.66 | T7: =T8+T13+T23+T33+T39+T49+T59+T62+T67 -> 133769.15 | X7: =X8+X13+X23+X33+X39+X49+X59+X62+X67 -> 109368.43 | AB7: =AB8+AB13+AB23+AB33+AB39+AB49+AB59+AB62+AB67 -> 72996.48 | AF7: =AF8+AF13+AF23+AF33+AF39+AF49+AF59+AF62+AF67 -> 178481 | AJ7: =AJ8+AJ13+AJ23+AJ33+AJ39+AJ49+AJ59+AJ62+AJ67 -> 126754.23 | AN7: =AN8+AN13+AN23+AN33+AN39+AN49+AN59+AN62+AN67 -> 30714.49 | AR7: =AR8+AR13+AR23+AR33+AR39+AR49+AR59+AR62+AR67 -> 42423.84 | AV7: =AV8+AV13+AV23+AV33+AV39+AV49+AV59+AV62+AV67 -> 53208.51 | AZ7: =AZ8+AZ13+AZ23+AZ33+AZ39+AZ49+AZ59+AZ62+AZ67 -> 34723.49 | BD7: =BD8+BD13+BD23+BD33+BD39+BD49+BD59+BD62+BD67 -> 19319.83 | BH7: =BH8+BH13+BH23+BH33+BH39+BH49+BH59+BH62+BH67 -> 16075.79 | BL7: =BL8+BL13+BL23+BL33+BL39+BL49+BL59+BL62+BL67 -> 23486.85 | BP7: =BP8+BP13+BP23+BP33+BP39+BP49+BP59+BP62+BP67 -> 32671.17 | BT7: =BT8+BT13+BT23+BT33+BT39+BT49+BT59+BT62+BT67 -> 46483.76 | BX7: =BX8+BX13+BX23+BX33+BX39+BX49+BX59+BX62+BX67 -> 21789.53 | CB7: =CB8+CB13+CB23+CB33+CB39+CB49+CB59+CB62+CB67 -> 31290.24 | CF7: =CF8+CF13+CF23+CF33+CF39+CF49+CF59+CF62+CF67 -> 43594.47 | CJ7: =CJ8+CJ13+CJ23+CJ33+CJ39+CJ49+CJ59+CJ62+CJ67 -> 64030.61 | CN7: =CN8+CN13+CN23+CN33+CN39+CN49+CN59+CN62+CN67 -> 21481.82 | CR7: =CR8+CR13+CR23+CR33+CR39+CR49+CR59+CR62+CR67 -> 70073.82 | CV7: =CV8+CV13+CV23+CV33+CV39+CV49+CV59+CV62+CV67 -> 65010.85 | CZ7: =CZ8+CZ13+CZ23+CZ33+CZ39+CZ49+CZ59+CZ62+CZ67 -> 96457.48 | DD7: =DD8+DD13+DD23+DD33+DD39+DD49+DD59+DD62+DD67 -> 45548.28 | DH7: =DH8+DH13+DH23+DH33+DH39+DH49+DH59+DH62+DH67 -> 61017.26 | DL7: =DL8+DL13+DL23+DL33+DL39+DL49+DL59+DL62+DL67 -> 132034.33 | DP7: =DP8+DP13+DP23+DP33+DP39+DP49+DP59+DP62+DP67 -> 0 | DT7: =DT8+DT13+DT23+DT33+DT39+DT49+DT59+DT62+DT67 -> 0
A8: ='3.1Cost by Sub-contractors'!A6 -> 1 | C8: ='3.1Cost by Sub-contractors'!C6:G6 -> Main Line (ML, Normal Embankment and Excavation Sections (NEE)) | P8: =SUM(P9:P12) -> 429.5 | T8: =SUM(T9:T12) -> 0 | X8: =SUM(X9:X12) -> 429.5 | AB8: =SUM(AB9:AB12) -> 429.5 | AF8: =SUM(AF9:AF12) -> 0 | AJ8: =SUM(AJ9:AJ12) -> 0 | AN8: =SUM(AN9:AN12) -> 859 | AR8: =SUM(AR9:AR12) -> 429.5 | AV8: =SUM(AV9:AV12) -> 429.5 | AZ8: =SUM(AZ9:AZ12) -> 0 | BD8: =SUM(BD9:BD12) -> 1718 | BH8: =SUM(BH9:BH12) -> 859 | BL8: =SUM(BL9:BL12) -> 429.5 | BP8: =SUM(BP9:BP12) -> 1288.5 | BT8: =SUM(BT9:BT12) -> 1288.5 | BX8: =SUM(BX9:BX12) -> 2147.5 | CB8: =SUM(CB9:CB12) -> 1288.5 | CF8: =SUM(CF9:CF12) -> 859 | CJ8: =SUM(CJ9:CJ12) -> 1288.5 | CN8: =SUM(CN9:CN12) -> 1718 | CR8: =SUM(CR9:CR12) -> 429.5 | CV8: =SUM(CV9:CV12) -> 859 | CZ8: =SUM(CZ9:CZ12) -> 429.5 | DD8: =SUM(DD9:DD12) -> 859 | DH8: =SUM(DH9:DH12) -> 1288.5 | DL8: =SUM(DL9:DL12) -> 859 | DP8: =SUM(DP9:DP12) -> 0 | DT8: =SUM(DT9:DT12) -> 0
A9: ='3.1Cost by Sub-contractors'!A7 -> 1.1 | C9: ='3.1Cost by Sub-contractors'!C7:G7 -> Mechanical Boring | I9: ='3.1Cost by Sub-contractors'!I7:J7 -> I-III (100%) | K9: ='3.1Cost by Sub-contractors'!K7 -> (l.m.) | L9: ='3.1Cost by Sub-contractors'!L7 -> 51.08 | N9: ='4.2.1NEE'!S19 -> 7 | P9: ='4.2.1NEE'!W19 -> 357.56 | R9: ='4.2.1NEE'!S25 -> 0 | T9: ='4.2.1NEE'!W25 -> 0 | V9: ='4.2.1NEE'!S33 -> 7 | X9: ='4.2.1NEE'!W33 -> 357.56 | Z9: ='4.2.1NEE'!S41 -> 7 | AB9: ='4.2.1NEE'!W41 -> 357.56 | AD9: ='4.2.1NEE'!S52 -> 0 | AF9: ='4.2.1NEE'!W52 -> 0 | AH9: ='4.2.1NEE'!S60 -> 0 | AJ9: ='4.2.1NEE'!W60 -> 0 | AL9: ='4.2.1NEE'!S67 -> 14 | AN9: ='4.2.1NEE'!W67 -> 715.12 | AP9: ='4.2.1NEE'!S71 -> 7 | AR9: ='4.2.1NEE'!W71 -> 357.56 | AT9: ='4.2.1NEE'!S82 -> 7 | AV9: ='4.2.1NEE'!W82 -> 357.56 | AX9: ='4.2.1NEE'!S92 -> 0 | AZ9: ='4.2.1NEE'!W92 -> 0 | BB9: ='4.2.1NEE'!S98 -> 28 | BD9: ='4.2.1NEE'!W98 -> 1430.24 | BF9: ='4.2.1NEE'!S103 -> 14 | BH9: ='4.2.1NEE'!W103 -> 715.12 | BJ9: ='4.2.1NEE'!S111 -> 7 | BL9: ='4.2.1NEE'!W111 -> 357.56 | BN9: ='4.2.1NEE'!S115 -> 21 | BP9: ='4.2.1NEE'!W115 -> 1072.68 | BR9: ='4.2.1NEE'!S120 -> 21 | BT9: ='4.2.1NEE'!W120 -> 1072.68 | BV9: ='4.2.1NEE'!S125 -> 35 | BX9: ='4.2.1NEE'!W125 -> 1787.8 | BZ9: ='4.2.1NEE'!S130 -> 21 | CB9: ='4.2.1NEE'!W130 -> 1072.68 | CD9: ='4.2.1NEE'!S137 -> 14 | CF9: ='4.2.1NEE'!W137 -> 715.12 | CH9: ='4.2.1NEE'!S144 -> 21 | CJ9: ='4.2.1NEE'!W144 -> 1072.68 | CL9: ='4.2.1NEE'!S149 -> 28 | CN9: ='4.2.1NEE'!W149 -> 1430.24 | CP9: ='4.2.1NEE'!S154 -> 7 | CR9: ='4.2.1NEE'!W154 -> 357.56 | CT9: ='4.2.1NEE'!S161 -> 14 | CV9: ='4.2.1NEE'!W161 -> 715.12 | CX9: ='4.2.1NEE'!S168 -> 7 | CZ9: ='4.2.1NEE'!W168 -> 357.56 | DB9: ='4.2.1NEE'!S176 -> 14 | DD9: ='4.2.1NEE'!W176 -> 715.12 | DF9: ='4.2.1NEE'!S182 -> 21 | DH9: ='4.2.1NEE'!W182 -> 1072.68 | DJ9: ='4.2.1NEE'!S189 -> 14 | DL9: ='4.2.1NEE'!W189 -> 715.12
A10: ='3.1Cost by Sub-contractors'!A8 -> 1.2 | C10: ='3.1Cost by Sub-contractors'!C8:G8 -> Sampling | I10: ='3.1Cost by Sub-contractors'!I8:J8 -> 0 | K10: ='3.1Cost by Sub-contractors'!K8 -> (nos.) | L10: ='3.1Cost by Sub-contractors'!L8 -> - | N10: ='4.2.1NEE'!Y19 -> 4 | P10: ='4.2.1NEE'!AC19 -> - | R10: ='4.2.1NEE'!Y25 -> 0 | T10: ='4.2.1NEE'!AC25 -> 0 | V10: ='4.2.1NEE'!Y33 -> 4 | X10: ='4.2.1NEE'!AC33 -> - | Z10: ='4.2.1NEE'!Y41 -> 4 | AB10: ='4.2.1NEE'!AC41 -> - | AD10: ='4.2.1NEE'!Y52 -> 0 | AF10: ='4.2.1NEE'!AC52 -> 0 | AH10: ='4.2.1NEE'!Y60 -> 0 | AJ10: ='4.2.1NEE'!AC60 -> 0 | AL10: ='4.2.1NEE'!Y67 -> 8 | AN10: ='4.2.1NEE'!AC67 -> - | AP10: ='4.2.1NEE'!Y71 -> 4 | AR10: ='4.2.1NEE'!AC71 -> - | AT10: ='4.2.1NEE'!Y82 -> 4 | AV10: ='4.2.1NEE'!AC82 -> - | AX10: ='4.2.1NEE'!Y92 -> 0 | AZ10: ='4.2.1NEE'!AC92 -> 0 | BB10: ='4.2.1NEE'!Y98 -> 16 | BD10: ='4.2.1NEE'!AC98 -> - | BF10: ='4.2.1NEE'!Y103 -> 8 | BH10: ='4.2.1NEE'!AC103 -> - | BJ10: ='4.2.1NEE'!Y111 -> 4 | BL10: ='4.2.1NEE'!AC111 -> - | BN10: ='4.2.1NEE'!Y115 -> 12 | BP10: ='4.2.1NEE'!AC115 -> - | BR10: ='4.2.1NEE'!Y120 -> 12 | BT10: ='4.2.1NEE'!AC120 -> - | BV10: ='4.2.1NEE'!Y125 -> 20 | BX10: ='4.2.1NEE'!AC125 -> - | BZ10: ='4.2.1NEE'!Y130 -> 12 | CB10: ='4.2.1NEE'!AC130 -> - | CD10: ='4.2.1NEE'!Y137 -> 8 | CF10: ='4.2.1NEE'!AC137 -> - | CH10: ='4.2.1NEE'!Y144 -> 12 | CJ10: ='4.2.1NEE'!AC144 -> - | CL10: ='4.2.1NEE'!Y149 -> 16 | CN10: ='4.2.1NEE'!AC149 -> - | CP10: ='4.2.1NEE'!Y154 -> 4 | CR10: ='4.2.1NEE'!AC154 -> - | CT10: ='4.2.1NEE'!Y161 -> 8 | CV10: ='4.2.1NEE'!AC161 -> - | CX10: ='4.2.1NEE'!Y168 -> 4 | CZ10: ='4.2.1NEE'!AC168 -> - | DB10: ='4.2.1NEE'!Y176 -> 8 | DD10: ='4.2.1NEE'!AC176 -> - | DF10: ='4.2.1NEE'!Y182 -> 12 | DH10: ='4.2.1NEE'!AC182 -> - | DJ10: ='4.2.1NEE'!Y189 -> 8 | DL10: ='4.2.1NEE'!AC189 -> -
A11: ='3.1Cost by Sub-contractors'!A9 -> 1.3 | C11: ='3.1Cost by Sub-contractors'!C9:G9 -> Undisturbed Sample Test | I11: ='3.1Cost by Sub-contractors'!I9:J9 -> 0 | K11: ='3.1Cost by Sub-contractors'!K9 -> (nos.) | L11: ='3.1Cost by Sub-contractors'!L9 -> 44.07 | N11: ='4.2.1NEE'!AE19 -> 1 | P11: ='4.2.1NEE'!AI19 -> 44.07 | R11: ='4.2.1NEE'!AE25 -> 0 | T11: ='4.2.1NEE'!AI25 -> 0 | V11: ='4.2.1NEE'!AE33 -> 1 | X11: ='4.2.1NEE'!AI33 -> 44.07 | Z11: ='4.2.1NEE'!AE41 -> 1 | AB11: ='4.2.1NEE'!AI41 -> 44.07 | AD11: ='4.2.1NEE'!AE52 -> 0 | AF11: ='4.2.1NEE'!AI52 -> 0 | AH11: ='4.2.1NEE'!AE60 -> 0 | AJ11: ='4.2.1NEE'!AI60 -> 0 | AL11: ='4.2.1NEE'!AE67 -> 2 | AN11: ='4.2.1NEE'!AI67 -> 88.14 | AP11: ='4.2.1NEE'!AE71 -> 1 | AR11: ='4.2.1NEE'!AI71 -> 44.07 | AT11: ='4.2.1NEE'!AE82 -> 1 | AV11: ='4.2.1NEE'!AI82 -> 44.07 | AX11: ='4.2.1NEE'!AE92 -> 0 | AZ11: ='4.2.1NEE'!AI92 -> 0 | BB11: ='4.2.1NEE'!AE98 -> 4 | BD11: ='4.2.1NEE'!AI98 -> 176.28 | BF11: ='4.2.1NEE'!AE103 -> 2 | BH11: ='4.2.1NEE'!AI103 -> 88.14 | BJ11: ='4.2.1NEE'!AE111 -> 1 | BL11: ='4.2.1NEE'!AI111 -> 44.07 | BN11: ='4.2.1NEE'!AE115 -> 3 | BP11: ='4.2.1NEE'!AI115 -> 132.21 | BR11: ='4.2.1NEE'!AE120 -> 3 | BT11: ='4.2.1NEE'!AI120 -> 132.21 | BV11: ='4.2.1NEE'!AE125 -> 5 | BX11: ='4.2.1NEE'!AI125 -> 220.35 | BZ11: ='4.2.1NEE'!AE130 -> 3 | CB11: ='4.2.1NEE'!AI130 -> 132.21 | CD11: ='4.2.1NEE'!AE137 -> 2 | CF11: ='4.2.1NEE'!AI137 -> 88.14 | CH11: ='4.2.1NEE'!AE144 -> 3 | CJ11: ='4.2.1NEE'!AI144 -> 132.21 | CL11: ='4.2.1NEE'!AE149 -> 4 | CN11: ='4.2.1NEE'!AI149 -> 176.28 | CP11: ='4.2.1NEE'!AE154 -> 1 | CR11: ='4.2.1NEE'!AI154 -> 44.07 | CT11: ='4.2.1NEE'!AE161 -> 2 | CV11: ='4.2.1NEE'!AI161 -> 88.14 | CX11: ='4.2.1NEE'!AE168 -> 1 | CZ11: ='4.2.1NEE'!AI168 -> 44.07 | DB11: ='4.2.1NEE'!AE176 -> 2 | DD11: ='4.2.1NEE'!AI176 -> 88.14 | DF11: ='4.2.1NEE'!AE182 -> 3 | DH11: ='4.2.1NEE'!AI182 -> 132.21 | DJ11: ='4.2.1NEE'!AE189 -> 2 | DL11: ='4.2.1NEE'!AI189 -> 88.14
A12: ='3.1Cost by Sub-contractors'!A10 -> 1.4 | C12: ='3.1Cost by Sub-contractors'!C10:G10 -> Disturbed Sample Test | I12: ='3.1Cost by Sub-contractors'!I10:J10 -> 0 | K12: ='3.1Cost by Sub-contractors'!K10 -> (nos.) | L12: ='3.1Cost by Sub-contractors'!L10 -> 27.87 | N12: ='4.2.1NEE'!AK19 -> 1 | P12: ='4.2.1NEE'!AO19 -> 27.87 | R12: ='4.2.1NEE'!AK25 -> 0 | T12: ='4.2.1NEE'!AO25 -> 0 | V12: ='4.2.1NEE'!AK33 -> 1 | X12: ='4.2.1NEE'!AO33 -> 27.87 | Z12: ='4.2.1NEE'!AK41 -> 1 | AB12: ='4.2.1NEE'!AO41 -> 27.87 | AD12: ='4.2.1NEE'!AK52 -> 0 | AF12: ='4.2.1NEE'!AO52 -> 0 | AH12: ='4.2.1NEE'!AK60 -> 0 | AJ12: ='4.2.1NEE'!AO60 -> 0 | AL12: ='4.2.1NEE'!AK67 -> 2 | AN12: ='4.2.1NEE'!AO67 -> 55.74 | AP12: ='4.2.1NEE'!AK71 -> 1 | AR12: ='4.2.1NEE'!AO71 -> 27.87 | AT12: ='4.2.1NEE'!AK82 -> 1 | AV12: ='4.2.1NEE'!AO82 -> 27.87 | AX12: ='4.2.1NEE'!AK92 -> 0 | AZ12: ='4.2.1NEE'!AO92 -> 0 | BB12: ='4.2.1NEE'!AK98 -> 4 | BD12: ='4.2.1NEE'!AO98 -> 111.48 | BF12: ='4.2.1NEE'!AK103 -> 2 | BH12: ='4.2.1NEE'!AO103 -> 55.74 | BJ12: ='4.2.1NEE'!AK111 -> 1 | BL12: ='4.2.1NEE'!AO111 -> 27.87 | BN12: ='4.2.1NEE'!AK115 -> 3 | BP12: ='4.2.1NEE'!AO115 -> 83.61 | BR12: ='4.2.1NEE'!AK120 -> 3 | BT12: ='4.2.1NEE'!AO120 -> 83.61 | BV12: ='4.2.1NEE'!AK125 -> 5 | BX12: ='4.2.1NEE'!AO125 -> 139.35 | BZ12: ='4.2.1NEE'!AK130 -> 3 | CB12: ='4.2.1NEE'!AO130 -> 83.61 | CD12: ='4.2.1NEE'!AK137 -> 2 | CF12: ='4.2.1NEE'!AO137 -> 55.74 | CH12: ='4.2.1NEE'!AK144 -> 3 | CJ12: ='4.2.1NEE'!AO144 -> 83.61 | CL12: ='4.2.1NEE'!AK149 -> 4 | CN12: ='4.2.1NEE'!AO149 -> 111.48 | CP12: ='4.2.1NEE'!AK154 -> 1 | CR12: ='4.2.1NEE'!AO154 -> 27.87 | CT12: ='4.2.1NEE'!AK161 -> 2 | CV12: ='4.2.1NEE'!AO161 -> 55.74 | CX12: ='4.2.1NEE'!AK168 -> 1 | CZ12: ='4.2.1NEE'!AO168 -> 27.87 | DB12: ='4.2.1NEE'!AK176 -> 2 | DD12: ='4.2.1NEE'!AO176 -> 55.74 | DF12: ='4.2.1NEE'!AK182 -> 3 | DH12: ='4.2.1NEE'!AO182 -> 83.61 | DJ12: ='4.2.1NEE'!AK189 -> 2 | DL12: ='4.2.1NEE'!AO189 -> 55.74
A13: ='3.1Cost by Sub-contractors'!A11 -> 2 | C13: ='3.1Cost by Sub-contractors'!C11:G11 -> Tunnel (TN) | P13: =SUM(P14:P22) -> 0 | T13: =SUM(T14:T22) -> 0 | X13: =SUM(X14:X22) -> 0 | AB13: =SUM(AB14:AB22) -> 0 | AF13: =SUM(AF14:AF22) -> 0 | AJ13: =SUM(AJ14:AJ22) -> 75539.45 | AN13: =SUM(AN14:AN22) -> 0 | AR13: =SUM(AR14:AR22) -> 0 | AV13: =SUM(AV14:AV22) -> 0 | AZ13: =SUM(AZ14:AZ22) -> 0 | BD13: =SUM(BD14:BD22) -> 0 | BH13: =SUM(BH14:BH22) -> 0 | BL13: =SUM(BL14:BL22) -> 0 | BP13: =SUM(BP14:BP22) -> 0 | BT13: =SUM(BT14:BT22) -> 0 | BX13: =SUM(BX14:BX22) -> 0 | CB13: =SUM(CB14:CB22) -> 0 | CF13: =SUM(CF14:CF22) -> 0 | CJ13: =SUM(CJ14:CJ22) -> 0 | CN13: =SUM(CN14:CN22) -> 0 | CR13: =SUM(CR14:CR22) -> 0 | CV13: =SUM(CV14:CV22) -> 0 | CZ13: =SUM(CZ14:CZ22) -> 0 | DD13: =SUM(DD14:DD22) -> 0 | DH13: =SUM(DH14:DH22) -> 0 | DL13: =SUM(DL14:DL22) -> 0 | DP13: =SUM(DP14:DP22) -> 0 | DT13: =SUM(DT14:DT22) -> 0
A14: ='3.1Cost by Sub-contractors'!A12 -> 2.1 | C14: ='3.1Cost by Sub-contractors'!C12:G12 -> Mechanical Boring (Vertical) | I14: ='3.1Cost by Sub-contractors'!I12:J12 -> I-III (50%), IV-VI (50%) | K14: ='3.1Cost by Sub-contractors'!K12 -> (l.m.) | L14: ='3.1Cost by Sub-contractors'!L12 -> 61.62 | AH14: ='4.2.2TN'!O24 -> 210 | AJ14: ='4.2.2TN'!S24 -> 12940.2
A15: ='3.1Cost by Sub-contractors'!A13 -> 2.2 | C15: ='3.1Cost by Sub-contractors'!C13:G13 -> Mechanical Boring (Horizontal) | I15: ='3.1Cost by Sub-contractors'!I13:J13 -> I-III (50%), IV-VI (50%) | K15: ='3.1Cost by Sub-contractors'!K13 -> (l.m.) | L15: ='3.1Cost by Sub-contractors'!L13 -> 152.44 | AH15: ='4.2.2TN'!U24 -> 200 | AJ15: ='4.2.2TN'!Y24 -> 30488
A16: ='3.1Cost by Sub-contractors'!A14 -> 2.3 | C16: ='3.1Cost by Sub-contractors'!C14:G14 -> Sampling | I16: ='3.1Cost by Sub-contractors'!I14:J14 -> 0 | K16: ='3.1Cost by Sub-contractors'!K14 -> (l.m.) | L16: ='3.1Cost by Sub-contractors'!L14 -> - | AH16: ='4.2.2TN'!AA24 -> 410 | AJ16: ='4.2.2TN'!AE24 -> -
A17: ='3.1Cost by Sub-contractors'!A15 -> 2.4 | C17: ='3.1Cost by Sub-contractors'!C15:G15 -> Standard Penetration Test (SPT) | I17: ='3.1Cost by Sub-contractors'!I15:J15 -> 0 | K17: ='3.1Cost by Sub-contractors'!K15 -> (points) | L17: ='3.1Cost by Sub-contractors'!L15 -> 15.96 | AH17: ='4.2.2TN'!AG24 -> 105 | AJ17: ='4.2.2TN'!AK24 -> 1675.8
A18: ='3.1Cost by Sub-contractors'!A16 -> 2.5 | C18: ='3.1Cost by Sub-contractors'!C16:G16 -> Disturbed Sample Test | I18: ='3.1Cost by Sub-contractors'!I16:J16 -> 0 | K18: ='3.1Cost by Sub-contractors'!K16 -> (nos.) | L18: ='3.1Cost by Sub-contractors'!L16 -> 27.87 | AH18: ='4.2.2TN'!AM24 -> 62 | AJ18: ='4.2.2TN'!AQ24 -> 1727.94
A19: ='3.1Cost by Sub-contractors'!A17 -> 2.6 | C19: ='3.1Cost by Sub-contractors'!C17:G17 -> Unconfined Compression Test | I19: ='3.1Cost by Sub-contractors'!I17:J17 -> 0 | K19: ='3.1Cost by Sub-contractors'!K17 -> (nos.) | L19: ='3.1Cost by Sub-contractors'!L17 -> 118.81 | AH19: ='4.2.2TN'!AS24 -> 31 | AJ19: ='4.2.2TN'!AW24 -> 3683.11
A20: ='3.1Cost by Sub-contractors'!A18 -> 2.7 | C20: ='3.1Cost by Sub-contractors'!C18:G18 -> Permeability Test | I20: ='3.1Cost by Sub-contractors'!I18:J18 -> 0 | K20: ='3.1Cost by Sub-contractors'!K18 -> (nos.) | L20: ='3.1Cost by Sub-contractors'!L18 -> 11.25 | AH20: ='4.2.2TN'!AY24 -> 8 | AJ20: ='4.2.2TN'!BC24 -> 90
A21: ='3.1Cost by Sub-contractors'!A19 -> 2.8 | C21: ='3.1Cost by Sub-contractors'!C19:G19 -> Profile Survey | I21: ='3.1Cost by Sub-contractors'!I19:J19 -> 0 | K21: ='3.1Cost by Sub-contractors'!K19 -> (l.m.) | L21: ='3.1Cost by Sub-contractors'!L19 -> 0.44 | AH21: ='4.2.2TN'!BE24 -> 1280 | AJ21: ='4.2.2TN'!BI24 -> 563.2
A22: ='3.1Cost by Sub-contractors'!A20 -> 2.9 | C22: ='3.1Cost by Sub-contractors'!C20:G20 -> Seismic Measurement | I22: ='3.1Cost by Sub-contractors'!I20:J20 -> 0 | K22: ='3.1Cost by Sub-contractors'!K20 -> (l.m.) | L22: ='3.1Cost by Sub-contractors'!L20 -> 19.04 | AH22: ='4.2.2TN'!BK24 -> 1280 | AJ22: ='4.2.2TN'!BO24 -> 24371.2
A23: ='3.1Cost by Sub-contractors'!A21 -> 3 | C23: ='3.1Cost by Sub-contractors'!C21:G21 -> Bridge (BR) | P23: =SUM(P24:Q32) -> 109142.3 | T23: =SUM(T24:U32) -> 25583.63 | X23: =SUM(X24:Y32) -> 63437.09 | AB23: =SUM(AB24:AC32) -> 55253.62 | AF23: =SUM(AF24:AG32) -> 170385.5 | AJ23: =SUM(AJ24:AK32) -> 26836.96 | AN23: =SUM(AN24:AO32) -> 20693.67 | AR23: =SUM(AR24:AS32) -> 7852.12 | AV23: =SUM(AV24:AW32) -> 46897.09 | AZ23: =SUM(AZ24:BA32) -> 34723.49 | BD23: =SUM(BD24:BE32) -> 17601.83 | BH23: =SUM(BH24:BI32) -> 15216.79 | BL23: =SUM(BL24:BM32) -> 23057.35 | BP23: =SUM(BP24:BQ32) -> 24990.03 | BT23: =SUM(BT24:BU32) -> 40878.14 | BX23: =SUM(BX24:BY32) -> 19642.03 | CB23: =SUM(CB24:CC32) -> 23815.68 | CF23: =SUM(CF24:CG32) -> 34165.79 | CJ23: =SUM(CJ24:CK32) -> 36387.53 | CN23: =SUM(CN24:CO32) -> 12341.4 | CR23: =SUM(CR24:CS32) -> 60624.52 | CV23: =SUM(CV24:CW32) -> 63061.47 | CZ23: =SUM(CZ24:DA32) -> 51860.72 | DD23: =SUM(DD24:DE32) -> 44024.96 | DH23: =SUM(DH24:DI32) -> 57155 | DL23: =SUM(DL24:DM32) -> 128767.65 | DP23: =SUM(DP24:DQ32) -> 0 | DT23: =SUM(DT24:DU32) -> 0
A24: ='3.1Cost by Sub-contractors'!A22 -> 3.1 | C24: ='3.1Cost by Sub-contractors'!C22:G22 -> Mechanical Boring (On Shore) | I24: ='3.1Cost by Sub-contractors'!I22:J22 -> I-III (50%), IV-VI (50%) | K24: ='3.1Cost by Sub-contractors'!K22 -> (l.m.) | L24: ='3.1Cost by Sub-contractors'!L22 -> 61.62 | N24: ='4.2.3BR'!Y20+'4.2.3BR'!Y142+'4.2.3BR'!Y174 -> 522 | P24: ='4.2.3BR'!AC20+'4.2.3BR'!AC142+'4.2.3BR'!AC174 -> 32165.64 | R24: ='4.2.3BR'!Y24 -> 198 | T24: ='4.2.3BR'!AC24 -> 12200.76 | V24: ='4.2.3BR'!Y30+'4.2.3BR'!Y144 -> 448 | X24: ='4.2.3BR'!AC30+'4.2.3BR'!AC144 -> 27605.76 | Z24: ='4.2.3BR'!Y37 -> 480 | AB24: ='4.2.3BR'!AC37 -> 29577.6 | AD24: ='4.2.3BR'!Y46+'4.2.3BR'!Y176 -> 867 | AF24: ='4.2.3BR'!AC46+'4.2.3BR'!AC176 -> 53424.54 | AH24: ='4.2.3BR'!Y52 -> 222 | AJ24: ='4.2.3BR'!AC52 -> 13679.64 | AL24: ='4.2.3BR'!Y58 -> 198 | AN24: ='4.2.3BR'!AC58 -> 12200.76 | AP24: ='4.2.3BR'!Y61 -> 83 | AR24: ='4.2.3BR'!AC61 -> 5114.46 | AT24: ='4.2.3BR'!Y70+'4.2.3BR'!Y178 -> 306 | AV24: ='4.2.3BR'!AC70+'4.2.3BR'!AC178 -> 18855.72 | AX24: ='4.2.3BR'!Y79 -> 256 | AZ24: ='4.2.3BR'!AC79 -> 15774.72 | BB24: ='4.2.3BR'!Y84 -> 124 | BD24: ='4.2.3BR'!AC84 -> 7640.88 | BF24: ='4.2.3BR'!Y88 -> 94 | BH24: ='4.2.3BR'!AC88 -> 5792.28 | BJ24: ='4.2.3BR'!Y95 -> 180 | BL24: ='4.2.3BR'!AC95 -> 11091.6 | BN24: ='4.2.3BR'!Y97+'4.2.3BR'!Y180 -> 228 | BP24: ='4.2.3BR'!AC97+'4.2.3BR'!AC180 -> 14049.36 | BR24: ='4.2.3BR'!Y100+'4.2.3BR'!Y146 -> 206 | BT24: ='4.2.3BR'!AC100+'4.2.3BR'!AC146 -> 12693.72 | BV24: ='4.2.3BR'!Y104 -> 132 | BX24: ='4.2.3BR'!AC104 -> 8133.84 | BZ24: ='4.2.3BR'!Y106+'4.2.3BR'!Y149 -> 264 | CB24: ='4.2.3BR'!AC106+'4.2.3BR'!AC149 -> 16267.68 | CD24: ='4.2.3BR'!Y110+'4.2.3BR'!Y151+'4.2.3BR'!Y182 -> 320 | CF24: ='4.2.3BR'!AC110+'4.2.3BR'!AC151+'4.2.3BR'!AC182 -> 19718.4 | CH24: ='4.2.3BR'!Y115+'4.2.3BR'!Y153 -> 220 | CJ24: ='4.2.3BR'!AC115+'4.2.3BR'!AC153 -> 13556.4 | CL24: ='4.2.3BR'!Y118+'4.2.3BR'!Y155 -> 138 | CN24: ='4.2.3BR'!AC118+'4.2.3BR'!AC155 -> 8503.56 | CP24: ='4.2.3BR'!Y121+'4.2.3BR'!Y187 -> 678 | CR24: ='4.2.3BR'!AC121+'4.2.3BR'!AC187 -> 41778.36 | CT24: ='4.2.3BR'!Y126+'4.2.3BR'!Y157 -> 348 | CV24: ='4.2.3BR'!AC126+'4.2.3BR'!AC157 -> 21443.76 | CX24: ='4.2.3BR'!Y129+'4.2.3BR'!Y160+'4.2.3BR'!Y189 -> 571 | CZ24: ='4.2.3BR'!AC129+'4.2.3BR'!AC160+'4.2.3BR'!AC189 -> 35185.02 | DB24: ='4.2.3BR'!Y132+'4.2.3BR'!Y165 -> 486 | DD24: ='4.2.3BR'!AC132+'4.2.3BR'!AC165 -> 29947.32 | DF24: ='4.2.3BR'!Y134+'4.2.3BR'!Y168+'4.2.3BR'!Y191 -> 645 | DH24: ='4.2.3BR'!AC134+'4.2.3BR'!AC168+'4.2.3BR'!AC191 -> 39744.9 | DJ24: ='4.2.3BR'!Y138+'4.2.3BR'!Y170 -> 1155 | DL24: ='4.2.3BR'!AC138+'4.2.3BR'!AC170 -> 71171.1
A25: ='3.1Cost by Sub-contractors'!A23 -> 3.2 | C25: ='3.1Cost by Sub-contractors'!C23:G23 -> Mechanical Boring (Off Shore) | I25: ='3.1Cost by Sub-contractors'!I23:J23 -> I-III (70%), IV-VI (30%) | K25: ='3.1Cost by Sub-contractors'!K23 -> (l.m.) | L25: ='3.1Cost by Sub-contractors'!L23 -> 72.34 | N25: ='4.2.3BR'!AE20+'4.2.3BR'!AE142+'4.2.3BR'!AE174 -> 597 | P25: ='4.2.3BR'!AI20+'4.2.3BR'!AI142+'4.2.3BR'!AI174 -> 43186.98 | R25: ='4.2.3BR'!AE24 -> 66 | T25: ='4.2.3BR'!AI24 -> 4774.44 | V25: ='4.2.3BR'!AE30+'4.2.3BR'!AE144 -> 198 | X25: ='4.2.3BR'!AI30+'4.2.3BR'!AI144 -> 14323.32 | Z25: ='4.2.3BR'!AE37 -> 92 | AB25: ='4.2.3BR'!AI37 -> 6655.28 | AD25: ='4.2.3BR'!AE46+'4.2.3BR'!AE176 -> 978 | AF25: ='4.2.3BR'!AI46+'4.2.3BR'!AI176 -> 70748.52 | AH25: ='4.2.3BR'!AE52 -> 47 | AJ25: ='4.2.3BR'!AI52 -> 3399.98 | AL25: ='4.2.3BR'!AE58 -> 13 | AN25: ='4.2.3BR'!AI58 -> 940.42 | AP25: ='4.2.3BR'!AE61 -> 0 | AR25: ='4.2.3BR'!AI61 -> 0 | AT25: ='4.2.3BR'!AE70+'4.2.3BR'!AE178 -> 147 | AV25: ='4.2.3BR'!AI70+'4.2.3BR'!AI178 -> 10633.98 | AX25: ='4.2.3BR'!AE79 -> 65 | AZ25: ='4.2.3BR'!AI79 -> 4702.1 | BB25: ='4.2.3BR'!AE84 -> 45 | BD25: ='4.2.3BR'!AI84 -> 3255.3 | BF25: ='4.2.3BR'!AE88 -> 51 | BH25: ='4.2.3BR'!AI88 -> 3689.34 | BJ25: ='4.2.3BR'!AE95 -> 45 | BL25: ='4.2.3BR'!AI95 -> 3255.3 | BN25: ='4.2.3BR'!AE97+'4.2.3BR'!AE180 -> 30 | BP25: ='4.2.3BR'!AI97+'4.2.3BR'!AI180 -> 2170.2 | BR25: ='4.2.3BR'!AE100+'4.2.3BR'!AE146 -> 194 | BT25: ='4.2.3BR'!AI100+'4.2.3BR'!AI146 -> 14033.96 | BV25: ='4.2.3BR'!AE104 -> 66 | BX25: ='4.2.3BR'!AI104 -> 4774.44 | BZ25: ='4.2.3BR'!AE106+'4.2.3BR'!AE149 -> 0 | CB25: ='4.2.3BR'!AI106+'4.2.3BR'!AI149 -> 0 | CD25: ='4.2.3BR'!AE110+'4.2.3BR'!AE151+'4.2.3BR'!AE182 -> 44 | CF25: ='4.2.3BR'!AI110+'4.2.3BR'!AI151+'4.2.3BR'!AI182 -> 3182.96 | CH25: ='4.2.3BR'!AE115+'4.2.3BR'!AE153 -> 132 | CJ25: ='4.2.3BR'!AI115+'4.2.3BR'!AI153 -> 9548.88 | CL25: ='4.2.3BR'!AE118+'4.2.3BR'!AE155 -> 0 | CN25: ='4.2.3BR'!AI118+'4.2.3BR'!AI155 -> 0 | CP25: ='4.2.3BR'!AE121+'4.2.3BR'!AE187 -> 0 | CR25: ='4.2.3BR'!AI121+'4.2.3BR'!AI187 -> 0 | CT25: ='4.2.3BR'!AE126+'4.2.3BR'!AE157 -> 320 | CV25: ='4.2.3BR'!AI126+'4.2.3BR'!AI157 -> 23148.8 | CX25: ='4.2.3BR'!AE129+'4.2.3BR'!AE160+'4.2.3BR'!AE189 -> 0 | CZ25: ='4.2.3BR'!AI129+'4.2.3BR'!AI160+'4.2.3BR'!AI189 -> 0 | DB25: ='4.2.3BR'!AE132+'4.2.3BR'!AE165 -> 0 | DD25: ='4.2.3BR'!AI132+'4.2.3BR'!AI165 -> 0 | DF25: ='4.2.3BR'!AE134+'4.2.3BR'!AE168+'4.2.3BR'!AE191 -> 0 | DH25: ='4.2.3BR'!AI134+'4.2.3BR'!AI168+'4.2.3BR'!AI191 -> 0 | DJ25: ='4.2.3BR'!AE138+'4.2.3BR'!AE170 -> 280 | DL25: ='4.2.3BR'!AI138+'4.2.3BR'!AI170 -> 20255.2
A26: ='3.1Cost by Sub-contractors'!A24 -> 3.3 | C26: ='3.1Cost by Sub-contractors'!C24:G24 -> Sampling | I26: ='3.1Cost by Sub-contractors'!I24:J24 -> 0 | K26: ='3.1Cost by Sub-contractors'!K24 -> (nos.) | L26: ='3.1Cost by Sub-contractors'!L24 -> - | N26: ='4.2.3BR'!AK20+'4.2.3BR'!AK142+'4.2.3BR'!AK174 -> 582 | P26: ='4.2.3BR'!AO20 -> - | R26: ='4.2.3BR'!AK24 -> 136 | T26: ='4.2.3BR'!AO24 -> - | V26: ='4.2.3BR'!AK30+'4.2.3BR'!AK144 -> 327 | X26: ='4.2.3BR'!AO30 -> - | Z26: ='4.2.3BR'!AK37 -> 294 | AB26: ='4.2.3BR'!AO37 -> - | AD26: ='4.2.3BR'!AK46+'4.2.3BR'!AK176 -> 938 | AF26: ='4.2.3BR'!AO46 -> - | AH26: ='4.2.3BR'!AK52 -> 136 | AJ26: ='4.2.3BR'!AO52 -> - | AL26: ='4.2.3BR'!AK58 -> 107 | AN26: ='4.2.3BR'!AO58 -> - | AP26: ='4.2.3BR'!AK61 -> 43 | AR26: ='4.2.3BR'!AO61 -> - | AT26: ='4.2.3BR'!AK70+'4.2.3BR'!AK178 -> 236 | AV26: ='4.2.3BR'!AO70 -> - | AX26: ='4.2.3BR'!AK79 -> 171 | AZ26: ='4.2.3BR'!AO79 -> - | BB26: ='4.2.3BR'!AK84 -> 90 | BD26: ='4.2.3BR'!AO84 -> - | BF26: ='4.2.3BR'!AK88 -> 77 | BH26: ='4.2.3BR'!AO88 -> - | BJ26: ='4.2.3BR'!AK95 -> 120 | BL26: ='4.2.3BR'!AO95 -> - | BN26: ='4.2.3BR'!AK97+'4.2.3BR'!AK180 -> 131 | BP26: ='4.2.3BR'!AO97 -> - | BR26: ='4.2.3BR'!AK100+'4.2.3BR'!AK146 -> 202 | BT26: ='4.2.3BR'!AO100 -> - | BV26: ='4.2.3BR'!AK104 -> 99 | BX26: ='4.2.3BR'!AO104 -> - | BZ26: ='4.2.3BR'!AK106+'4.2.3BR'!AK149 -> 132 | CB26: ='4.2.3BR'!AO106 -> - | CD26: ='4.2.3BR'!AK110+'4.2.3BR'!AK151+'4.2.3BR'!AK182 -> 184 | CF26: ='4.2.3BR'!AO110 -> - | CH26: ='4.2.3BR'!AK115+'4.2.3BR'!AK153 -> 176 | CJ26: ='4.2.3BR'!AO115 -> - | CL26: ='4.2.3BR'!AK118+'4.2.3BR'!AK155 -> 70 | CN26: ='4.2.3BR'!AO118 -> - | CP26: ='4.2.3BR'!AK121+'4.2.3BR'!AK187 -> 352 | CR26: ='4.2.3BR'!AO121 -> - | CT26: ='4.2.3BR'!AK126+'4.2.3BR'!AK157 -> 336 | CV26: ='4.2.3BR'!AO126 -> - | CX26: ='4.2.3BR'!AK129+'4.2.3BR'!AK160+'4.2.3BR'!AK189 -> 294 | CZ26: ='4.2.3BR'!AO129 -> - | DB26: ='4.2.3BR'!AK132+'4.2.3BR'!AK165 -> 248 | DD26: ='4.2.3BR'!AO132 -> - | DF26: ='4.2.3BR'!AK134+'4.2.3BR'!AK168+'4.2.3BR'!AK191 -> 331 | DH26: ='4.2.3BR'!AO134 -> - | DJ26: ='4.2.3BR'!AK138+'4.2.3BR'!AK170 -> 738 | DL26: ='4.2.3BR'!AO138 -> -
A27: ='3.1Cost by Sub-contractors'!A25 -> 3.4 | C27: ='3.1Cost by Sub-contractors'!C25:G25 -> Standard Penetration Test (SPT) | I27: ='3.1Cost by Sub-contractors'!I25:J25 -> 0 | K27: ='3.1Cost by Sub-contractors'!K25 -> (points) | L27: ='3.1Cost by Sub-contractors'!L25 -> 15.96 | N27: ='4.2.3BR'!AQ20+'4.2.3BR'!AQ142+'4.2.3BR'!AQ174 -> 582 | P27: ='4.2.3BR'!AU20+'4.2.3BR'!AU142+'4.2.3BR'!AU174 -> 9288.72 | R27: ='4.2.3BR'!AQ24 -> 136 | T27: ='4.2.3BR'!AU24 -> 2170.56 | V27: ='4.2.3BR'!AQ30+'4.2.3BR'!AQ144 -> 327 | X27: ='4.2.3BR'!AU30+'4.2.3BR'!AU144 -> 5218.92 | Z27: ='4.2.3BR'!AQ37 -> 294 | AB27: ='4.2.3BR'!AU37 -> 4692.24 | AD27: ='4.2.3BR'!AQ46+'4.2.3BR'!AQ176 -> 938 | AF27: ='4.2.3BR'!AU46+'4.2.3BR'!AU176 -> 14970.48 | AH27: ='4.2.3BR'!AQ52 -> 136 | AJ27: ='4.2.3BR'!AU52 -> 2170.56 | AL27: ='4.2.3BR'!AQ58 -> 107 | AN27: ='4.2.3BR'!AU58 -> 1707.72 | AP27: ='4.2.3BR'!AQ61 -> 43 | AR27: ='4.2.3BR'!AU61 -> 686.28 | AT27: ='4.2.3BR'!AQ70+'4.2.3BR'!AQ178 -> 236 | AV27: ='4.2.3BR'!AU70+'4.2.3BR'!AU178 -> 3766.56 | AX27: ='4.2.3BR'!AQ79 -> 171 | AZ27: ='4.2.3BR'!AU79 -> 2729.16 | BB27: ='4.2.3BR'!AQ84 -> 90 | BD27: ='4.2.3BR'!AU84 -> 1436.4 | BF27: ='4.2.3BR'!AQ88 -> 77 | BH27: ='4.2.3BR'!AU88 -> 1228.92 | BJ27: ='4.2.3BR'!AQ95 -> 120 | BL27: ='4.2.3BR'!AU95 -> 1915.2 | BN27: ='4.2.3BR'!AQ97+'4.2.3BR'!AQ180 -> 131 | BP27: ='4.2.3BR'!AU97+'4.2.3BR'!AU180 -> 2090.76 | BR27: ='4.2.3BR'!AQ100+'4.2.3BR'!AQ146 -> 202 | BT27: ='4.2.3BR'!AU100+'4.2.3BR'!AU146 -> 3223.92 | BV27: ='4.2.3BR'!AQ104 -> 99 | BX27: ='4.2.3BR'!AU104 -> 1580.04 | BZ27: ='4.2.3BR'!AQ106+'4.2.3BR'!AQ149 -> 132 | CB27: ='4.2.3BR'!AU106+'4.2.3BR'!AU149 -> 2106.72 | CD27: ='4.2.3BR'!AQ110+'4.2.3BR'!AQ151+'4.2.3BR'!AQ182 -> 184 | CF27: ='4.2.3BR'!AU110+'4.2.3BR'!AU151+'4.2.3BR'!AU182 -> 2936.64 | CH27: ='4.2.3BR'!AQ115+'4.2.3BR'!AQ153 -> 176 | CJ27: ='4.2.3BR'!AU115+'4.2.3BR'!AU153 -> 2808.96 | CL27: ='4.2.3BR'!AQ118+'4.2.3BR'!AQ155 -> 70 | CN27: ='4.2.3BR'!AU118+'4.2.3BR'!AU155 -> 1117.2 | CP27: ='4.2.3BR'!AQ121+'4.2.3BR'!AQ187 -> 352 | CR27: ='4.2.3BR'!AU121+'4.2.3BR'!AU187 -> 5617.92 | CT27: ='4.2.3BR'!AQ126+'4.2.3BR'!AQ157 -> 336 | CV27: ='4.2.3BR'!AU126+'4.2.3BR'!AU157 -> 5362.56 | CX27: ='4.2.3BR'!AQ129+'4.2.3BR'!AQ160+'4.2.3BR'!AQ189 -> 294 | CZ27: ='4.2.3BR'!AU129+'4.2.3BR'!AU160+'4.2.3BR'!AU189 -> 4692.24 | DB27: ='4.2.3BR'!AQ132+'4.2.3BR'!AQ165 -> 248 | DD27: ='4.2.3BR'!AU132+'4.2.3BR'!AU165 -> 3958.08 | DF27: ='4.2.3BR'!AQ134+'4.2.3BR'!AQ168+'4.2.3BR'!AQ191 -> 331 | DH27: ='4.2.3BR'!AU134+'4.2.3BR'!AU168+'4.2.3BR'!AU191 -> 5282.76 | DJ27: ='4.2.3BR'!AQ138+'4.2.3BR'!AQ170 -> 738 | DL27: ='4.2.3BR'!AU138+'4.2.3BR'!AU170 -> 11778.48
A28: ='3.1Cost by Sub-contractors'!A26 -> 3.5 | C28: ='3.1Cost by Sub-contractors'!C26:G26 -> Floating Equipment | I28: ='3.1Cost by Sub-contractors'!I26:J26 -> 0 | K28: ='3.1Cost by Sub-contractors'!K26 -> (nos.) | L28: ='3.1Cost by Sub-contractors'!L26 -> 1072.75 | N28: ='4.2.3BR'!AW20+'4.2.3BR'!AW142+'4.2.3BR'!AW174 -> 2 | P28: ='4.2.3BR'!BA20+'4.2.3BR'!BA142+'4.2.3BR'!BA174 -> 2145.5 | R28: ='4.2.3BR'!AW24 -> 1 | T28: ='4.2.3BR'!BA24 -> 1072.75 | V28: ='4.2.3BR'!AW30+'4.2.3BR'!AW144 -> 3 | X28: ='4.2.3BR'!BA30+'4.2.3BR'!BA144 -> 3218.25 | Z28: ='4.2.3BR'!AW37 -> 2 | AB28: ='4.2.3BR'!BA37 -> 2145.5 | AD28: ='4.2.3BR'!AW46+'4.2.3BR'!AW176 -> 2 | AF28: ='4.2.3BR'!BA46+'4.2.3BR'!BA176 -> 2145.5 | AH28: ='4.2.3BR'!AW52 -> 2 | AJ28: ='4.2.3BR'!BA52 -> 2145.5 | AL28: ='4.2.3BR'!AW58 -> 1 | AN28: ='4.2.3BR'!BA58 -> 1072.75 | AP28: ='4.2.3BR'!AW61 -> 0 | AR28: ='4.2.3BR'!BA61 -> 0 | AT28: ='4.2.3BR'!AW70+'4.2.3BR'!AW178 -> 3 | AV28: ='4.2.3BR'!BA70+'4.2.3BR'!BA178 -> 3218.25 | AX28: ='4.2.3BR'!AW79 -> 3 | AZ28: ='4.2.3BR'!BA79 -> 3218.25 | BB28: ='4.2.3BR'!AW84 -> 1 | BD28: ='4.2.3BR'!BA84 -> 1072.75 | BF28: ='4.2.3BR'!AW88 -> 1 | BH28: ='4.2.3BR'!BA88 -> 1072.75 | BJ28: ='4.2.3BR'!AW95 -> 1 | BL28: ='4.2.3BR'!BA95 -> 1072.75 | BN28: ='4.2.3BR'!AW97+'4.2.3BR'!AW180 -> 1 | BP28: ='4.2.3BR'!BA97+'4.2.3BR'!BA180 -> 1072.75 | BR28: ='4.2.3BR'!AW100+'4.2.3BR'!AW146 -> 2 | BT28: ='4.2.3BR'!BA100+'4.2.3BR'!BA146 -> 2145.5 | BV28: ='4.2.3BR'!AW104 -> 1 | BX28: ='4.2.3BR'!BA104 -> 1072.75 | BZ28: ='4.2.3BR'!AW106+'4.2.3BR'!AW149 -> 0 | CB28: ='4.2.3BR'!BA106+'4.2.3BR'!BA149 -> 0 | CD28: ='4.2.3BR'!AW110+'4.2.3BR'!AW151+'4.2.3BR'!AW182 -> 1 | CF28: ='4.2.3BR'!BA110+'4.2.3BR'!BA151+'4.2.3BR'!BA182 -> 1072.75 | CH28: ='4.2.3BR'!AW115+'4.2.3BR'!AW153 -> 3 | CJ28: ='4.2.3BR'!BA115+'4.2.3BR'!BA153 -> 3218.25 | CL28: ='4.2.3BR'!AW118+'4.2.3BR'!AW155 -> 0 | CN28: ='4.2.3BR'!BA118+'4.2.3BR'!BA155 -> 0 | CP28: ='4.2.3BR'!AW121+'4.2.3BR'!AW187 -> 0 | CR28: ='4.2.3BR'!BA121+'4.2.3BR'!BA187 -> 0 | CT28: ='4.2.3BR'!AW126+'4.2.3BR'!AW157 -> 1 | CV28: ='4.2.3BR'!BA126+'4.2.3BR'!BA157 -> 1072.75 | CX28: ='4.2.3BR'!AW129+'4.2.3BR'!AW160+'4.2.3BR'!AW189 -> 0 | CZ28: ='4.2.3BR'!BA129+'4.2.3BR'!BA160+'4.2.3BR'!BA189 -> 0 | DB28: ='4.2.3BR'!AW132+'4.2.3BR'!AW165 -> 0 | DD28: ='4.2.3BR'!BA132+'4.2.3BR'!BA165 -> 0 | DF28: ='4.2.3BR'!AW134+'4.2.3BR'!AW168+'4.2.3BR'!AW191 -> 0 | DH28: ='4.2.3BR'!BA134+'4.2.3BR'!BA168+'4.2.3BR'!BA191 -> 0 | DJ28: ='4.2.3BR'!AW138+'4.2.3BR'!AW170 -> 1 | DL28: ='4.2.3BR'!BA138+'4.2.3BR'!BA170 -> 1072.75
A29: ='3.1Cost by Sub-contractors'!A27 -> 3.6 | C29: ='3.1Cost by Sub-contractors'!C27:G27 -> Undisturbed Sample Test | I29: ='3.1Cost by Sub-contractors'!I27:J27 -> 0 | K29: ='3.1Cost by Sub-contractors'!K27 -> (nos.) | L29: ='3.1Cost by Sub-contractors'!L27 -> 44.07 | N29: ='4.2.3BR'!BC20+'4.2.3BR'!BC142+'4.2.3BR'!BC174 -> 150 | P29: ='4.2.3BR'!BG20+'4.2.3BR'!BG142+'4.2.3BR'!BG174 -> 6610.5 | R29: ='4.2.3BR'!BC24 -> 32 | T29: ='4.2.3BR'!BG24 -> 1410.24 | V29: ='4.2.3BR'!BC30+'4.2.3BR'!BC144 -> 87 | X29: ='4.2.3BR'!BG30+'4.2.3BR'!BG144 -> 3834.09 | Z29: ='4.2.3BR'!BC37 -> 82 | AB29: ='4.2.3BR'!BG37 -> 3613.74 | AD29: ='4.2.3BR'!BC46+'4.2.3BR'!BC176 -> 236 | AF29: ='4.2.3BR'!BG46+'4.2.3BR'!BG176 -> 10400.52 | AH29: ='4.2.3BR'!BC52 -> 36 | AJ29: ='4.2.3BR'!BG52 -> 1586.52 | AL29: ='4.2.3BR'!BC58 -> 30 | AN29: ='4.2.3BR'!BG58 -> 1322.1 | AP29: ='4.2.3BR'!BC61 -> 12 | AR29: ='4.2.3BR'!BG61 -> 528.84 | AT29: ='4.2.3BR'!BC70+'4.2.3BR'!BC178 -> 59 | AV29: ='4.2.3BR'!BG70+'4.2.3BR'!BG178 -> 2600.13 | AX29: ='4.2.3BR'!BC79 -> 46 | AZ29: ='4.2.3BR'!BG79 -> 2027.22 | BB29: ='4.2.3BR'!BC84 -> 22 | BD29: ='4.2.3BR'!BG84 -> 969.54 | BF29: ='4.2.3BR'!BC88 -> 18 | BH29: ='4.2.3BR'!BG88 -> 793.26 | BJ29: ='4.2.3BR'!BC95 -> 30 | BL29: ='4.2.3BR'!BG95 -> 1322.1 | BN29: ='4.2.3BR'!BC97+'4.2.3BR'!BC180 -> 35 | BP29: ='4.2.3BR'!BG97+'4.2.3BR'!BG180 -> 1542.45 | BR29: ='4.2.3BR'!BC100+'4.2.3BR'!BC146 -> 56 | BT29: ='4.2.3BR'!BG100+'4.2.3BR'!BG146 -> 2467.92 | BV29: ='4.2.3BR'!BC104 -> 27 | BX29: ='4.2.3BR'!BG104 -> 1189.89 | BZ29: ='4.2.3BR'!BC106+'4.2.3BR'!BC149 -> 36 | CB29: ='4.2.3BR'!BG106+'4.2.3BR'!BG149 -> 1586.52 | CD29: ='4.2.3BR'!BC110+'4.2.3BR'!BC151+'4.2.3BR'!BC182 -> 48 | CF29: ='4.2.3BR'!BG110+'4.2.3BR'!BG151+'4.2.3BR'!BG182 -> 2115.36 | CH29: ='4.2.3BR'!BC115+'4.2.3BR'!BC153 -> 48 | CJ29: ='4.2.3BR'!BG115+'4.2.3BR'!BG153 -> 2115.36 | CL29: ='4.2.3BR'!BC118+'4.2.3BR'!BC155 -> 18 | CN29: ='4.2.3BR'!BG118+'4.2.3BR'!BG155 -> 793.26 | CP29: ='4.2.3BR'!BC121+'4.2.3BR'!BC187 -> 98 | CR29: ='4.2.3BR'!BG121+'4.2.3BR'!BG187 -> 4318.86 | CT29: ='4.2.3BR'!BC126+'4.2.3BR'!BC157 -> 88 | CV29: ='4.2.3BR'!BG126+'4.2.3BR'!BG157 -> 3878.16 | CX29: ='4.2.3BR'!BC129+'4.2.3BR'!BC160+'4.2.3BR'!BC189 -> 84 | CZ29: ='4.2.3BR'!BG129+'4.2.3BR'!BG160+'4.2.3BR'!BG189 -> 3701.88 | DB29: ='4.2.3BR'!BC132+'4.2.3BR'!BC165 -> 68 | DD29: ='4.2.3BR'!BG132+'4.2.3BR'!BG165 -> 2996.76 | DF29: ='4.2.3BR'!BC134+'4.2.3BR'!BC168+'4.2.3BR'!BC191 -> 86 | DH29: ='4.2.3BR'!BG134+'4.2.3BR'!BG168+'4.2.3BR'!BG191 -> 3790.02 | DJ29: ='4.2.3BR'!BC138+'4.2.3BR'!BC170 -> 205 | DL29: ='4.2.3BR'!BG138+'4.2.3BR'!BG170 -> 9034.35
A30: ='3.1Cost by Sub-contractors'!A28 -> 3.7 | C30: ='3.1Cost by Sub-contractors'!C28:G28 -> Disturbed Sample Test | I30: ='3.1Cost by Sub-contractors'!I28:J28 -> 0 | K30: ='3.1Cost by Sub-contractors'!K28 -> (nos.) | L30: ='3.1Cost by Sub-contractors'!L28 -> 27.87 | N30: ='4.2.3BR'!BI20+'4.2.3BR'!BI142+'4.2.3BR'!BI174 -> 150 | P30: ='4.2.3BR'!BM20+'4.2.3BR'!BM142+'4.2.3BR'!BM174 -> 4180.5 | R30: ='4.2.3BR'!BI24 -> 32 | T30: ='4.2.3BR'!BM24 -> 891.84 | V30: ='4.2.3BR'!BI30+'4.2.3BR'!BI144 -> 87 | X30: ='4.2.3BR'!BM30+'4.2.3BR'!BM144 -> 2424.69 | Z30: ='4.2.3BR'!BI37 -> 82 | AB30: ='4.2.3BR'!BM37 -> 2285.34 | AD30: ='4.2.3BR'!BI46+'4.2.3BR'!BI176 -> 236 | AF30: ='4.2.3BR'!BM46+'4.2.3BR'!BM176 -> 6577.32 | AH30: ='4.2.3BR'!BI52 -> 36 | AJ30: ='4.2.3BR'!BM52 -> 1003.32 | AL30: ='4.2.3BR'!BI58 -> 30 | AN30: ='4.2.3BR'!BM58 -> 836.1 | AP30: ='4.2.3BR'!BI61 -> 12 | AR30: ='4.2.3BR'!BM61 -> 334.44 | AT30: ='4.2.3BR'!BI70+'4.2.3BR'!BI178 -> 59 | AV30: ='4.2.3BR'!BM70+'4.2.3BR'!BM178 -> 1644.33 | AX30: ='4.2.3BR'!BI79 -> 46 | AZ30: ='4.2.3BR'!BM79 -> 1282.02 | BB30: ='4.2.3BR'!BI84 -> 22 | BD30: ='4.2.3BR'!BM84 -> 613.14 | BF30: ='4.2.3BR'!BI88 -> 18 | BH30: ='4.2.3BR'!BM88 -> 501.66 | BJ30: ='4.2.3BR'!BI95 -> 30 | BL30: ='4.2.3BR'!BM95 -> 836.1 | BN30: ='4.2.3BR'!BI97+'4.2.3BR'!BI180 -> 35 | BP30: ='4.2.3BR'!BM97+'4.2.3BR'!BM180 -> 975.45 | BR30: ='4.2.3BR'!BI100+'4.2.3BR'!BI146 -> 56 | BT30: ='4.2.3BR'!BM100+'4.2.3BR'!BM146 -> 1560.72 | BV30: ='4.2.3BR'!BI104 -> 27 | BX30: ='4.2.3BR'!BM104 -> 752.49 | BZ30: ='4.2.3BR'!BI106+'4.2.3BR'!BI149 -> 36 | CB30: ='4.2.3BR'!BM106+'4.2.3BR'!BM149 -> 1003.32 | CD30: ='4.2.3BR'!BI110+'4.2.3BR'!BI151+'4.2.3BR'!BI182 -> 48 | CF30: ='4.2.3BR'!BM110+'4.2.3BR'!BM151+'4.2.3BR'!BM182 -> 1337.76 | CH30: ='4.2.3BR'!BI115+'4.2.3BR'!BI153 -> 48 | CJ30: ='4.2.3BR'!BM115+'4.2.3BR'!BM153 -> 1337.76 | CL30: ='4.2.3BR'!BI118+'4.2.3BR'!BI155 -> 18 | CN30: ='4.2.3BR'!BM118+'4.2.3BR'!BM155 -> 501.66 | CP30: ='4.2.3BR'!BI121+'4.2.3BR'!BI187 -> 98 | CR30: ='4.2.3BR'!BM121+'4.2.3BR'!BM187 -> 2731.26 | CT30: ='4.2.3BR'!BI126+'4.2.3BR'!BI157 -> 88 | CV30: ='4.2.3BR'!BM126+'4.2.3BR'!BM157 -> 2452.56 | CX30: ='4.2.3BR'!BI129+'4.2.3BR'!BI160+'4.2.3BR'!BI189 -> 84 | CZ30: ='4.2.3BR'!BM129+'4.2.3BR'!BM160+'4.2.3BR'!BM189 -> 2341.08 | DB30: ='4.2.3BR'!BI132+'4.2.3BR'!BI165 -> 68 | DD30: ='4.2.3BR'!BM132+'4.2.3BR'!BM165 -> 1895.16 | DF30: ='4.2.3BR'!BI134+'4.2.3BR'!BI168+'4.2.3BR'!BI191 -> 86 | DH30: ='4.2.3BR'!BM134+'4.2.3BR'!BM168+'4.2.3BR'!BM191 -> 2396.82 | DJ30: ='4.2.3BR'!BI138+'4.2.3BR'!BI170 -> 205 | DL30: ='4.2.3BR'!BM138+'4.2.3BR'!BM170 -> 5713.35
A31: ='3.1Cost by Sub-contractors'!A29 -> 3.8 | C31: ='3.1Cost by Sub-contractors'!C29:G29 -> Unconfined Compression Test | I31: ='3.1Cost by Sub-contractors'!I29:J29 -> 0 | K31: ='3.1Cost by Sub-contractors'!K29 -> (nos.) | L31: ='3.1Cost by Sub-contractors'!L29 -> 118.81 | N31: ='4.2.3BR'!BO20+'4.2.3BR'!BO142+'4.2.3BR'!BO174 -> 90 | P31: ='4.2.3BR'!BS20+'4.2.3BR'!BS142+'4.2.3BR'!BS174 -> 10692.9 | R31: ='4.2.3BR'!BO24 -> 16 | T31: ='4.2.3BR'!BS24 -> 1900.96 | V31: ='4.2.3BR'!BO30+'4.2.3BR'!BO144 -> 50 | X31: ='4.2.3BR'!BS30+'4.2.3BR'!BS144 -> 5940.5 | Z31: ='4.2.3BR'!BO37 -> 48 | AB31: ='4.2.3BR'!BS37 -> 5702.88 | AD31: ='4.2.3BR'!BO46+'4.2.3BR'!BO176 -> 102 | AF31: ='4.2.3BR'!BS46+'4.2.3BR'!BS176 -> 12118.62 | AH31: ='4.2.3BR'!BO52 -> 24 | AJ31: ='4.2.3BR'!BS52 -> 2851.44 | AL31: ='4.2.3BR'!BO58 -> 22 | AN31: ='4.2.3BR'!BS58 -> 2613.82 | AP31: ='4.2.3BR'!BO61 -> 10 | AR31: ='4.2.3BR'!BS61 -> 1188.1 | AT31: ='4.2.3BR'!BO70+'4.2.3BR'!BO178 -> 52 | AV31: ='4.2.3BR'!BS70+'4.2.3BR'!BS178 -> 6178.12 | AX31: ='4.2.3BR'!BO79 -> 42 | AZ31: ='4.2.3BR'!BS79 -> 4990.02 | BB31: ='4.2.3BR'!BO84 -> 22 | BD31: ='4.2.3BR'!BS84 -> 2613.82 | BF31: ='4.2.3BR'!BO88 -> 18 | BH31: ='4.2.3BR'!BS88 -> 2138.58 | BJ31: ='4.2.3BR'!BO95 -> 30 | BL31: ='4.2.3BR'!BS95 -> 3564.3 | BN31: ='4.2.3BR'!BO97+'4.2.3BR'!BO180 -> 26 | BP31: ='4.2.3BR'!BS97+'4.2.3BR'!BS180 -> 3089.06 | BR31: ='4.2.3BR'!BO100+'4.2.3BR'!BO146 -> 40 | BT31: ='4.2.3BR'!BS100+'4.2.3BR'!BS146 -> 4752.4 | BV31: ='4.2.3BR'!BO104 -> 18 | BX31: ='4.2.3BR'!BS104 -> 2138.58 | BZ31: ='4.2.3BR'!BO106+'4.2.3BR'!BO149 -> 24 | CB31: ='4.2.3BR'!BS106+'4.2.3BR'!BS149 -> 2851.44 | CD31: ='4.2.3BR'!BO110+'4.2.3BR'!BO151+'4.2.3BR'!BO182 -> 32 | CF31: ='4.2.3BR'!BS110+'4.2.3BR'!BS151+'4.2.3BR'!BS182 -> 3801.92 | CH31: ='4.2.3BR'!BO115+'4.2.3BR'!BO153 -> 32 | CJ31: ='4.2.3BR'!BS115+'4.2.3BR'!BS153 -> 3801.92 | CL31: ='4.2.3BR'!BO118+'4.2.3BR'!BO155 -> 12 | CN31: ='4.2.3BR'!BS118+'4.2.3BR'!BS155 -> 1425.72 | CP31: ='4.2.3BR'!BO121+'4.2.3BR'!BO187 -> 52 | CR31: ='4.2.3BR'!BS121+'4.2.3BR'!BS187 -> 6178.12 | CT31: ='4.2.3BR'!BO126+'4.2.3BR'!BO157 -> 48 | CV31: ='4.2.3BR'!BS126+'4.2.3BR'!BS157 -> 5702.88 | CX31: ='4.2.3BR'!BO129+'4.2.3BR'!BO160+'4.2.3BR'!BO189 -> 50 | CZ31: ='4.2.3BR'!BS129+'4.2.3BR'!BS160+'4.2.3BR'!BS189 -> 5940.5 | DB31: ='4.2.3BR'!BO132+'4.2.3BR'!BO165 -> 44 | DD31: ='4.2.3BR'!BS132+'4.2.3BR'!BS165 -> 5227.64 | DF31: ='4.2.3BR'!BO134+'4.2.3BR'!BO168+'4.2.3BR'!BO191 -> 50 | DH31: ='4.2.3BR'!BS134+'4.2.3BR'!BS168+'4.2.3BR'!BS191 -> 5940.5 | DJ31: ='4.2.3BR'!BO138+'4.2.3BR'!BO170 -> 82 | DL31: ='4.2.3BR'!BS138+'4.2.3BR'!BS170 -> 9742.42
A32: ='3.1Cost by Sub-contractors'!A30 -> 3.9 | C32: ='3.1Cost by Sub-contractors'!C30:G30 -> Consolidation Test (Cv) | I32: ='3.1Cost by Sub-contractors'!I30:J30 -> 0 | K32: ='3.1Cost by Sub-contractors'!K30 -> (nos.) | L32: ='3.1Cost by Sub-contractors'!L30 -> 145.26 | N32: ='4.2.3BR'!BU20+'4.2.3BR'!BU142+'4.2.3BR'!BU174 -> 6 | P32: ='4.2.3BR'!BY20+'4.2.3BR'!BY142+'4.2.3BR'!BY174 -> 871.56 | R32: ='4.2.3BR'!BU24 -> 8 | T32: ='4.2.3BR'!BY24 -> 1162.08 | V32: ='4.2.3BR'!BU30+'4.2.3BR'!BU144 -> 6 | X32: ='4.2.3BR'!BY30+'4.2.3BR'!BY144 -> 871.56 | Z32: ='4.2.3BR'!BU37 -> 4 | AB32: ='4.2.3BR'!BY37 -> 581.04 | AD32: ='4.2.3BR'!BU46+'4.2.3BR'!BU176 -> 0 | AF32: ='4.2.3BR'!BY46+'4.2.3BR'!BY176 -> 0 | AH32: ='4.2.3BR'!BU52 -> 0 | AJ32: ='4.2.3BR'!BY52 -> 0 | AL32: ='4.2.3BR'!BU58 -> 0 | AN32: ='4.2.3BR'!BY58 -> 0 | AP32: ='4.2.3BR'!BU61 -> 0 | AR32: ='4.2.3BR'!BY61 -> 0 | AT32: ='4.2.3BR'!BU70+'4.2.3BR'!BU178 -> 0 | AV32: ='4.2.3BR'!BY70+'4.2.3BR'!BY178 -> 0 | AX32: ='4.2.3BR'!BU79 -> 0 | AZ32: ='4.2.3BR'!BY79 -> 0 | BB32: ='4.2.3BR'!BU84 -> 0 | BD32: ='4.2.3BR'!BY84 -> 0 | BF32: ='4.2.3BR'!BU88 -> 0 | BH32: ='4.2.3BR'!BY88 -> 0 | BJ32: ='4.2.3BR'!BU95 -> 0 | BL32: ='4.2.3BR'!BY95 -> 0 | BN32: ='4.2.3BR'!BU97+'4.2.3BR'!BU180 -> 0 | BP32: ='4.2.3BR'!BY97+'4.2.3BR'!BY180 -> 0 | BR32: ='4.2.3BR'!BU100+'4.2.3BR'!BU146 -> 0 | BT32: ='4.2.3BR'!BY100+'4.2.3BR'!BY146 -> 0 | BV32: ='4.2.3BR'!BU104 -> 0 | BX32: ='4.2.3BR'!BY104 -> 0 | BZ32: ='4.2.3BR'!BU106+'4.2.3BR'!BU149 -> 0 | CB32: ='4.2.3BR'!BY106+'4.2.3BR'!BY149 -> 0 | CD32: ='4.2.3BR'!BU110+'4.2.3BR'!BU151+'4.2.3BR'!BU182 -> 0 | CF32: ='4.2.3BR'!BY110+'4.2.3BR'!BY151+'4.2.3BR'!BY182 -> 0 | CH32: ='4.2.3BR'!BU115+'4.2.3BR'!BU153 -> 0 | CJ32: ='4.2.3BR'!BY115+'4.2.3BR'!BY153 -> 0 | CL32: ='4.2.3BR'!BU118+'4.2.3BR'!BU155 -> 0 | CN32: ='4.2.3BR'!BY118+'4.2.3BR'!BY155 -> 0 | CP32: ='4.2.3BR'!BY121+'4.2.3BR'!BY187 -> 0 | CR32: ='4.2.3BR'!BY121+'4.2.3BR'!BY187 -> 0 | CT32: ='4.2.3BR'!BU126+'4.2.3BR'!BU157 -> 0 | CV32: ='4.2.3BR'!BY126+'4.2.3BR'!BY157 -> 0 | CX32: ='4.2.3BR'!BU129+'4.2.3BR'!BU160+'4.2.3BR'!BU189 -> 0 | CZ32: ='4.2.3BR'!BY129+'4.2.3BR'!BY160+'4.2.3BR'!BY189 -> 0 | DB32: ='4.2.3BR'!BU132+'4.2.3BR'!BU165 -> 0 | DD32: ='4.2.3BR'!BY132+'4.2.3BR'!BY165 -> 0 | DF32: ='4.2.3BR'!BU134+'4.2.3BR'!BU168+'4.2.3BR'!BU191 -> 0 | DH32: ='4.2.3BR'!BY134+'4.2.3BR'!BY168+'4.2.3BR'!BY191 -> 0 | DJ32: ='4.2.3BR'!BU138+'4.2.3BR'!BU170 -> 0 | DL32: ='4.2.3BR'!BY138+'4.2.3BR'!BY170 -> 0
A33: ='3.1Cost by Sub-contractors'!A31 -> 4 | C33: ='3.1Cost by Sub-contractors'!C31:G31 -> Interchange (IC) | P33: =SUM(P34:P38) -> 0 | T33: =SUM(T34:T38) -> 0 | X33: =SUM(X34:X38) -> 0 | AB33: =SUM(AB34:AB38) -> 0 | AF33: =SUM(AF34:AF38) -> 2075.52 | AJ33: =SUM(AJ34:AJ38) -> 0 | AN33: =SUM(AN34:AN38) -> 0 | AR33: =SUM(AR34:AR38) -> 0 | AV33: =SUM(AV34:AV38) -> 2075.52 | AZ33: =SUM(AZ34:AZ38) -> 0 | BD33: =SUM(BD34:BD38) -> 0 | BH33: =SUM(BH34:BH38) -> 0 | BL33: =SUM(BL34:BL38) -> 0 | BP33: =SUM(BP34:BP38) -> 2075.52 | BT33: =SUM(BT34:BT38) -> 0 | BX33: =SUM(BX34:BX38) -> 0 | CB33: =SUM(CB34:CB38) -> 0 | CF33: =SUM(CF34:CF38) -> 2075.52 | CJ33: =SUM(CJ34:CJ38) -> 0 | CN33: =SUM(CN34:CN38) -> 0 | CR33: =SUM(CR34:CR38) -> 2075.52 | CV33: =SUM(CV34:CV38) -> 0 | CZ33: =SUM(CZ34:CZ38) -> 2075.52 | DD33: =SUM(DD34:DD38) -> 0 | DH33: =SUM(DH34:DH38) -> 2075.52 | DL33: =SUM(DL34:DL38) -> 0 | DP33: =SUM(DP34:DP38) -> 0 | DT33: =SUM(DT34:DT38) -> 0
A34: ='3.1Cost by Sub-contractors'!A32 -> 4.1 | C34: ='3.1Cost by Sub-contractors'!C32:G32 -> Mechanical Boring | I34: ='3.1Cost by Sub-contractors'!I32:J32 -> I-III (100%) | K34: ='3.1Cost by Sub-contractors'!K32 -> (l.m.) | L34: ='3.1Cost by Sub-contractors'!L32 -> 51.08 | N34: ='4.2.4IC'!K15 -> 0 | P34: ='4.2.4IC'!O15 -> 0 | AD34: ='4.2.4IC'!K17 -> 30 | AF34: ='4.2.4IC'!O17 -> 1532.4 | AT34: ='4.2.4IC'!K19 -> 30 | AV34: ='4.2.4IC'!O19 -> 1532.4 | BN34: ='4.2.4IC'!K21 -> 30 | BP34: ='4.2.4IC'!O21 -> 1532.4 | CD34: ='4.2.4IC'!K23 -> 30 | CF34: ='4.2.4IC'!O23 -> 1532.4 | CP34: ='4.2.4IC'!K25 -> 30 | CR34: ='4.2.4IC'!O25 -> 1532.4 | CX34: ='4.2.4IC'!K27 -> 30 | CZ34: ='4.2.4IC'!O27 -> 1532.4 | DF34: ='4.2.4IC'!K29 -> 30 | DH34: ='4.2.4IC'!O29 -> 1532.4 | DJ34: ='4.2.4IC'!K31 -> 0 | DL34: ='4.2.4IC'!O31 -> 0
A35: ='3.1Cost by Sub-contractors'!A33 -> 4.2 | C35: ='3.1Cost by Sub-contractors'!C33:G33 -> Sampling | I35: ='3.1Cost by Sub-contractors'!I33:J33 -> 0 | K35: ='3.1Cost by Sub-contractors'!K33 -> (nos.) | L35: ='3.1Cost by Sub-contractors'!L33 -> - | N35: ='4.2.4IC'!Q15 -> 0 | P35: ='4.2.4IC'!U15 -> 0 | AD35: ='4.2.4IC'!Q17 -> 16 | AF35: ='4.2.4IC'!U17 -> - | AT35: ='4.2.4IC'!Q19 -> 16 | AV35: ='4.2.4IC'!U19 -> - | BN35: ='4.2.4IC'!Q21 -> 16 | BP35: ='4.2.4IC'!U21 -> - | CD35: ='4.2.4IC'!Q23 -> 16 | CF35: ='4.2.4IC'!U23 -> - | CP35: ='4.2.4IC'!Q25 -> 16 | CR35: ='4.2.4IC'!U25 -> - | CX35: ='4.2.4IC'!Q27 -> 16 | CZ35: ='4.2.4IC'!U27 -> - | DF35: ='4.2.4IC'!Q29 -> 16 | DH35: ='4.2.4IC'!U29 -> - | DJ35: ='4.2.4IC'!Q31 -> 0 | DL35: ='4.2.4IC'!U31 -> 0
A36: ='3.1Cost by Sub-contractors'!A34 -> 4.3 | C36: ='3.1Cost by Sub-contractors'!C34:G34 -> Standard Penetration Test (SPT) | I36: ='3.1Cost by Sub-contractors'!I34:J34 -> 0 | K36: ='3.1Cost by Sub-contractors'!K34 -> (points) | L36: ='3.1Cost by Sub-contractors'!L34 -> 15.96 | N36: ='4.2.4IC'!W15 -> 0 | P36: ='4.2.4IC'!AA15 -> 0 | AD36: ='4.2.4IC'!W17 -> 16 | AF36: ='4.2.4IC'!AA17 -> 255.36 | AT36: ='4.2.4IC'!W19 -> 16 | AV36: ='4.2.4IC'!AA19 -> 255.36 | BN36: ='4.2.4IC'!W21 -> 16 | BP36: ='4.2.4IC'!AA21 -> 255.36 | CD36: ='4.2.4IC'!W23 -> 16 | CF36: ='4.2.4IC'!AA23 -> 255.36 | CP36: ='4.2.4IC'!W25 -> 16 | CR36: ='4.2.4IC'!AA25 -> 255.36 | CX36: ='4.2.4IC'!W27 -> 16 | CZ36: ='4.2.4IC'!AA27 -> 255.36 | DF36: ='4.2.4IC'!W29 -> 16 | DH36: ='4.2.4IC'!AA29 -> 255.36 | DJ36: ='4.2.4IC'!W31 -> 0 | DL36: ='4.2.4IC'!AA31 -> 0
A37: ='3.1Cost by Sub-contractors'!A35 -> 4.4 | C37: ='3.1Cost by Sub-contractors'!C35:G35 -> Undisturbed Sample Test | I37: ='3.1Cost by Sub-contractors'!I35:J35 -> 0 | K37: ='3.1Cost by Sub-contractors'!K35 -> (nos.) | L37: ='3.1Cost by Sub-contractors'!L35 -> 44.07 | N37: ='4.2.4IC'!AC15 -> 0 | P37: ='4.2.4IC'!AG15 -> 0 | AD37: ='4.2.4IC'!AC17 -> 4 | AF37: ='4.2.4IC'!AG17 -> 176.28 | AT37: ='4.2.4IC'!AC19 -> 4 | AV37: ='4.2.4IC'!AG19 -> 176.28 | BN37: ='4.2.4IC'!AC21 -> 4 | BP37: ='4.2.4IC'!AG21 -> 176.28 | CD37: ='4.2.4IC'!AC23 -> 4 | CF37: ='4.2.4IC'!AG23 -> 176.28 | CP37: ='4.2.4IC'!AC25 -> 4 | CR37: ='4.2.4IC'!AG25 -> 176.28 | CX37: ='4.2.4IC'!AC27 -> 4 | CZ37: ='4.2.4IC'!AG27 -> 176.28 | DF37: ='4.2.4IC'!AC29 -> 4 | DH37: ='4.2.4IC'!AG29 -> 176.28 | DJ37: ='4.2.4IC'!AC31 -> 0 | DL37: ='4.2.4IC'!AG31 -> 0
A38: ='3.1Cost by Sub-contractors'!A36 -> 4.5 | C38: ='3.1Cost by Sub-contractors'!C36:G36 -> Disturbed Sample Test | I38: ='3.1Cost by Sub-contractors'!I36:J36 -> 0 | K38: ='3.1Cost by Sub-contractors'!K36 -> (nos.) | L38: ='3.1Cost by Sub-contractors'!L36 -> 27.87 | N38: ='4.2.4IC'!AI15 -> 0 | P38: ='4.2.4IC'!AM15 -> 0 | AD38: ='4.2.4IC'!AI17 -> 4 | AF38: ='4.2.4IC'!AM17 -> 111.48 | AT38: ='4.2.4IC'!AI19 -> 4 | AV38: ='4.2.4IC'!AM19 -> 111.48 | BN38: ='4.2.4IC'!AI21 -> 4 | BP38: ='4.2.4IC'!AM21 -> 111.48 | CD38: ='4.2.4IC'!AI23 -> 4 | CF38: ='4.2.4IC'!AM23 -> 111.48 | CP38: ='4.2.4IC'!AI25 -> 4 | CR38: ='4.2.4IC'!AM25 -> 111.48 | CX38: ='4.2.4IC'!AI27 -> 4 | CZ38: ='4.2.4IC'!AM27 -> 111.48 | DF38: ='4.2.4IC'!AI29 -> 4 | DH38: ='4.2.4IC'!AM29 -> 111.48 | DJ38: ='4.2.4IC'!AI31 -> 0 | DL38: ='4.2.4IC'!AM31 -> 0
A39: ='3.1Cost by Sub-contractors'!A37 -> 5 | C39: ='3.1Cost by Sub-contractors'!C37:G37 -> Building (BL) | P39: =SUM(P40:Q48) -> 4151.04 | T39: =SUM(T40:U48) -> 3502.8 | X39: =SUM(X40:Y48) -> 0 | AB39: =SUM(AB40:AC48) -> 0 | AF39: =SUM(AF40:AG48) -> 0 | AJ39: =SUM(AJ40:AK48) -> 0 | AN39: =SUM(AN40:AO48) -> 2075.52 | AR39: =SUM(AR40:AS48) -> 0 | AV39: =SUM(AV40:AW48) -> 0 | AZ39: =SUM(AZ40:BA48) -> 0 | BD39: =SUM(BD40:BE48) -> 0 | BH39: =SUM(BH40:BI48) -> 0 | BL39: =SUM(BL40:BM48) -> 0 | BP39: =SUM(BP40:BQ48) -> 4151.04 | BT39: =SUM(BT40:BU48) -> 4151.04 | BX39: =SUM(BX40:BY48) -> 0 | CB39: =SUM(CB40:CC48) -> 0 | CF39: =SUM(CF40:CG48) -> 0 | CJ39: =SUM(CJ40:CK48) -> 0 | CN39: =SUM(CN40:CO48) -> 2075.52 | CR39: =SUM(CR40:CS48) -> 0 | CV39: =SUM(CV40:CW48) -> 0 | CZ39: =SUM(CZ40:DA48) -> 0 | DD39: =SUM(DD40:DE48) -> 0 | DH39: =SUM(DH40:DI48) -> 0 | DL39: =SUM(DL40:DM48) -> 2075.52 | DP39: =SUM(DP40:DQ48) -> 0 | DT39: =SUM(DT40:DU48) -> 0
A40: ='3.1Cost by Sub-contractors'!A38 -> 5.1 | C40: ='3.1Cost by Sub-contractors'!C38:G38 -> Mechanical Boring | I40: ='3.1Cost by Sub-contractors'!I38:J38 -> I-III (100%) | K40: ='3.1Cost by Sub-contractors'!K38 -> (l.m.) | L40: ='3.1Cost by Sub-contractors'!L38 -> 51.08 | N40: ='4.2.5BL'!K19 -> 60 | P40: ='4.2.5BL'!O19 -> 3064.8 | R40: ='4.2.5BL'!K21 -> 30 | T40: ='4.2.5BL'!O21 -> 1532.4 | AL40: ='4.2.5BL'!K23 -> 30 | AN40: ='4.2.5BL'!O23 -> 1532.4 | BN40: ='4.2.5BL'!K25 -> 60 | BP40: ='4.2.5BL'!O25 -> 3064.8 | BR40: ='4.2.5BL'!K27 -> 60 | BT40: ='4.2.5BL'!O27 -> 3064.8 | CL40: ='4.2.5BL'!K29 -> 30 | CN40: ='4.2.5BL'!O29 -> 1532.4 | DJ40: ='4.2.5BL'!K31 -> 30 | DL40: ='4.2.5BL'!O31 -> 1532.4
A41: ='3.1Cost by Sub-contractors'!A39 -> 5.2 | C41: ='3.1Cost by Sub-contractors'!C39:G39 -> Sampling | I41: ='3.1Cost by Sub-contractors'!I39:J39 -> 0 | K41: ='3.1Cost by Sub-contractors'!K39 -> (nos.) | L41: ='3.1Cost by Sub-contractors'!L39 -> - | N41: ='4.2.5BL'!Q19 -> 32 | P41: ='4.2.5BL'!U19 -> - | R41: ='4.2.5BL'!Q21 -> 16 | T41: ='4.2.5BL'!U21 -> - | AL41: ='4.2.5BL'!Q23 -> 16 | AN41: ='4.2.5BL'!U23 -> - | BN41: ='4.2.5BL'!Q25 -> 32 | BP41: ='4.2.5BL'!U25 -> - | BR41: ='4.2.5BL'!Q27 -> 32 | BT41: ='4.2.5BL'!U27 -> - | CL41: ='4.2.5BL'!W29 -> 16 | CN41: ='4.2.5BL'!U29 -> - | DJ41: ='4.2.5BL'!Q31 -> 16 | DL41: ='4.2.5BL'!U31 -> -
A42: ='3.1Cost by Sub-contractors'!A40 -> 5.3 | C42: ='3.1Cost by Sub-contractors'!C40:G40 -> Standard Penetration Test (SPT) | I42: ='3.1Cost by Sub-contractors'!I40:J40 -> 0 | K42: ='3.1Cost by Sub-contractors'!K40 -> (points) | L42: ='3.1Cost by Sub-contractors'!L40 -> 15.96 | N42: ='4.2.5BL'!W19 -> 32 | P42: ='4.2.5BL'!AA19 -> 510.72 | R42: ='4.2.5BL'!W21 -> 16 | T42: ='4.2.5BL'!AA21 -> 255.36 | AL42: ='4.2.5BL'!W23 -> 16 | AN42: ='4.2.5BL'!AA23 -> 255.36 | BN42: ='4.2.5BL'!W25 -> 32 | BP42: ='4.2.5BL'!AA25 -> 510.72 | BR42: ='4.2.5BL'!W27 -> 32 | BT42: ='4.2.5BL'!AA27 -> 510.72 | CL42: ='4.2.5BL'!AC29 -> 0 | CN42: ='4.2.5BL'!AA29 -> 255.36 | DJ42: ='4.2.5BL'!W31 -> 16 | DL42: ='4.2.5BL'!AA31 -> 255.36
A43: ='3.1Cost by Sub-contractors'!A41 -> 5.4 | C43: ='3.1Cost by Sub-contractors'!C41:G41 -> Vane Shear Test (VST) | I43: ='3.1Cost by Sub-contractors'!I41:J41 -> 0 | K43: ='3.1Cost by Sub-contractors'!K41 -> (nos.) | L43: ='3.1Cost by Sub-contractors'!L41 -> 25.08 | N43: ='4.2.5BL'!AC19 -> 0 | P43: ='4.2.5BL'!AG19 -> 0 | R43: ='4.2.5BL'!AC21 -> 8 | T43: ='4.2.5BL'!AG21 -> 200.64 | AL43: ='4.2.5BL'!AC23 -> 0 | AN43: ='4.2.5BL'!AG23 -> 0 | BN43: ='4.2.5BL'!AC25 -> 0 | BP43: ='4.2.5BL'!AG25 -> 0 | BR43: ='4.2.5BL'!AC27 -> 0 | BT43: ='4.2.5BL'!AG27 -> 0 | CL43: ='4.2.5BL'!AC29 -> 0 | CN43: ='4.2.5BL'!AG29 -> 0 | DJ43: ='4.2.5BL'!AC31 -> 0 | DL43: ='4.2.5BL'!AG31 -> 0
A44: ='3.1Cost by Sub-contractors'!A42 -> 5.5 | C44: ='3.1Cost by Sub-contractors'!C42:G42 -> Undisturbed Sample Test | I44: ='3.1Cost by Sub-contractors'!I42:J42 -> 0 | K44: ='3.1Cost by Sub-contractors'!K42 -> (nos.) | L44: ='3.1Cost by Sub-contractors'!L42 -> 44.07 | N44: ='4.2.5BL'!AI19 -> 8 | P44: ='4.2.5BL'!AM19 -> 352.56 | R44: ='4.2.5BL'!AI21 -> 4 | T44: ='4.2.5BL'!AM21 -> 176.28 | AL44: ='4.2.5BL'!AI23 -> 4 | AN44: ='4.2.5BL'!AM23 -> 176.28 | BN44: ='4.2.5BL'!AI25 -> 8 | BP44: ='4.2.5BL'!AM25 -> 352.56 | BR44: ='4.2.5BL'!AI27 -> 8 | BT44: ='4.2.5BL'!AM27 -> 352.56 | CL44: ='4.2.5BL'!AI29 -> 4 | CN44: ='4.2.5BL'!AM29 -> 176.28 | DJ44: ='4.2.5BL'!AI31 -> 4 | DL44: ='4.2.5BL'!AM31 -> 176.28
A45: ='3.1Cost by Sub-contractors'!A43 -> 5.6 | C45: ='3.1Cost by Sub-contractors'!C43:G43 -> Disturbed Sample Test | I45: ='3.1Cost by Sub-contractors'!I43:J43 -> 0 | K45: ='3.1Cost by Sub-contractors'!K43 -> (nos.) | L45: ='3.1Cost by Sub-contractors'!L43 -> 27.87 | N45: ='4.2.5BL'!AO19 -> 8 | P45: ='4.2.5BL'!AS19 -> 222.96 | R45: ='4.2.5BL'!AO21 -> 4 | T45: ='4.2.5BL'!AS21 -> 111.48 | AL45: ='4.2.5BL'!AO23 -> 4 | AN45: ='4.2.5BL'!AS23 -> 111.48 | BN45: ='4.2.5BL'!AO25 -> 8 | BP45: ='4.2.5BL'!AS25 -> 222.96 | BR45: ='4.2.5BL'!AO27 -> 8 | BT45: ='4.2.5BL'!AS27 -> 222.96 | CL45: ='4.2.5BL'!AO29 -> 4 | CN45: ='4.2.5BL'!AS29 -> 111.48 | DJ45: ='4.2.5BL'!AO31 -> 4 | DL45: ='4.2.5BL'!AS31 -> 111.48
A46: ='3.1Cost by Sub-contractors'!A44 -> 5.7 | C46: ='3.1Cost by Sub-contractors'!C44:G44 -> Consolidation Test (Cv) | I46: ='3.1Cost by Sub-contractors'!I44:J44 -> 0 | K46: ='3.1Cost by Sub-contractors'!K44 -> (nos.) | L46: ='3.1Cost by Sub-contractors'!L44 -> 145.26 | N46: ='4.2.5BL'!AU19 -> 0 | P46: ='4.2.5BL'!AY19 -> 0 | R46: ='4.2.5BL'!AU21 -> 4 | T46: ='4.2.5BL'!AY21 -> 581.04 | AL46: ='4.2.5BL'!AU23 -> 0 | AN46: ='4.2.5BL'!AY23 -> 0 | BN46: ='4.2.5BL'!AU25 -> 0 | BP46: ='4.2.5BL'!AY25 -> 0 | BR46: ='4.2.5BL'!AU27 -> 0 | BT46: ='4.2.5BL'!AY27 -> 0 | CL46: ='4.2.5BL'!AU29 -> 0 | CN46: ='4.2.5BL'!AY29 -> 0 | DJ46: ='4.2.5BL'!AU31 -> 0 | DL46: ='4.2.5BL'!AY31 -> 0
A47: ='3.1Cost by Sub-contractors'!A45 -> 5.8 | C47: ='3.1Cost by Sub-contractors'!C45:G45 -> Triaxial Compression Test (UU) | I47: ='3.1Cost by Sub-contractors'!I45:J45 -> 0 | K47: ='3.1Cost by Sub-contractors'!K45 -> (nos.) | L47: ='3.1Cost by Sub-contractors'!L45 -> 145.26 | N47: ='4.2.5BL'!BA19 -> 0 | P47: ='4.2.5BL'!BE19 -> 0 | R47: ='4.2.5BL'!BA21 -> 2 | T47: ='4.2.5BL'!BE21 -> 290.52 | AL47: ='4.2.5BL'!BA23 -> 0 | AN47: ='4.2.5BL'!BE23 -> 0 | BN47: ='4.2.5BL'!BA25 -> 0 | BP47: ='4.2.5BL'!BE25 -> 0 | BR47: ='4.2.5BL'!BA27 -> 0 | BT47: ='4.2.5BL'!BE27 -> 0 | CL47: ='4.2.5BL'!BA29 -> 0 | CN47: ='4.2.5BL'!BE29 -> 0 | DJ47: ='4.2.5BL'!BA31 -> 0 | DL47: ='4.2.5BL'!BE31 -> 0
A48: ='3.1Cost by Sub-contractors'!A46 -> 5.9 | C48: ='3.1Cost by Sub-contractors'!C46:G46 -> Triaxial Compression Test (CU) | I48: ='3.1Cost by Sub-contractors'!I46:J46 -> 0 | K48: ='3.1Cost by Sub-contractors'!K46 -> (nos.) | L48: ='3.1Cost by Sub-contractors'!L46 -> 177.54 | N48: ='4.2.5BL'!BG19 -> 0 | P48: ='4.2.5BL'!BK19 -> 0 | R48: ='4.2.5BL'!BG21 -> 2 | T48: ='4.2.5BL'!BK21 -> 355.08 | AL48: ='4.2.5BL'!BG23 -> 0 | AN48: ='4.2.5BL'!BK23 -> 0 | BN48: ='4.2.5BL'!BG25 -> 0 | BP48: ='4.2.5BL'!BK25 -> 0 | BR48: ='4.2.5BL'!BG27 -> 0 | BT48: ='4.2.5BL'!BK27 -> 0 | CL48: ='4.2.5BL'!BG29 -> 0 | CN48: ='4.2.5BL'!BK29 -> 0 | DJ48: ='4.2.5BL'!BG31 -> 0 | DL48: ='4.2.5BL'!BK31 -> 0
A49: ='3.1Cost by Sub-contractors'!A47 -> 6 | C49: ='3.1Cost by Sub-contractors'!C47:G47 -> Main Line (ML, Softground Section (SG)) | P49: =SUM(P50:Q58) -> 40181.88 | T49: =SUM(T50:U58) -> 104682.72 | X49: =SUM(X50:Y58) -> 45335.76 | AB49: =SUM(AB50:AC58) -> 17313.36 | AF49: =SUM(AF50:AG58) -> 0 | AJ49: =SUM(AJ50:AK58) -> 0 | AN49: =SUM(AN50:AO58) -> 0 | AR49: =SUM(AR50:AS58) -> 0 | AV49: =SUM(AV50:AW58) -> 0 | AZ49: =SUM(AZ50:BA58) -> 0 | BD49: =SUM(BD50:BE58) -> 0 | BH49: =SUM(BH50:BI58) -> 0 | BL49: =SUM(BL50:BM58) -> 0 | BP49: =SUM(BP50:BP58) -> 0 | BT49: =SUM(BT50:BU58) -> 0 | BX49: =SUM(BX50:BY58) -> 0 | CB49: =SUM(CB50:CC58) -> 0 | CF49: =SUM(CF50:CG58) -> 0 | CJ49: =SUM(CJ50:CK58) -> 0 | CN49: =SUM(CN50:CO58) -> 0 | CR49: =SUM(CR50:CS58) -> 0 | CV49: =SUM(CV50:CW58) -> 0 | CZ49: =SUM(CZ50:DA58) -> 0 | DD49: =SUM(DD50:DE58) -> 0 | DH49: =SUM(DH50:DI58) -> 0 | DL49: =SUM(DL50:DM58) -> 0 | DP49: =SUM(DP50:DQ58) -> 0 | DT49: =SUM(DT50:DU58) -> 0
A50: ='3.1Cost by Sub-contractors'!A48 -> 6.1 | C50: ='3.1Cost by Sub-contractors'!C48:G48 -> Mechanical Boring | I50: ='3.1Cost by Sub-contractors'!I48:J48 -> I-III (100%) | K50: ='3.1Cost by Sub-contractors'!K48 -> (l.m.) | L50: ='3.1Cost by Sub-contractors'!L48 -> 51.08 | N50: ='4.2.6SG'!W33 -> 345 | P50: ='4.2.6SG'!AA33 -> 17622.6 | R50: ='4.2.6SG'!W64 -> 900 | T50: ='4.2.6SG'!AA64 -> 45972 | V50: ='4.2.6SG'!W79 -> 390 | X50: ='4.2.6SG'!AA79 -> 19921.2 | Z50: ='4.2.6SG'!W85 -> 150 | AB50: ='4.2.6SG'!AA85 -> 7662
A51: ='3.1Cost by Sub-contractors'!A49 -> 6.2 | C51: ='3.1Cost by Sub-contractors'!C49:G49 -> Sampling | I51: ='3.1Cost by Sub-contractors'!I49:J49 -> 0 | K51: ='3.1Cost by Sub-contractors'!K49 -> (nos.) | L51: ='3.1Cost by Sub-contractors'!L49 -> - | N51: ='4.2.6SG'!AC33 -> 184 | P51: ='4.2.6SG'!AG33 -> - | R51: ='4.2.6SG'!AC64 -> 480 | T51: ='4.2.6SG'!AG64 -> - | V51: ='4.2.6SG'!AC79 -> 208 | X51: ='4.2.6SG'!AG79 -> - | Z51: ='4.2.6SG'!AC85 -> 80 | AB51: ='4.2.6SG'!AG85 -> -
A52: ='3.1Cost by Sub-contractors'!A50 -> 6.3 | C52: ='3.1Cost by Sub-contractors'!C50:G50 -> Standard Penetration Test (SPT) | I52: ='3.1Cost by Sub-contractors'!I50:J50 -> 0 | K52: ='3.1Cost by Sub-contractors'!K50 -> (points) | L52: ='3.1Cost by Sub-contractors'!L50 -> 15.96 | N52: ='4.2.6SG'!AI33 -> 184 | P52: ='4.2.6SG'!AM33 -> 2936.64 | R52: ='4.2.6SG'!AI64 -> 480 | T52: ='4.2.6SG'!AM64 -> 7660.8 | V52: ='4.2.6SG'!AI79 -> 208 | X52: ='4.2.6SG'!AM79 -> 3319.68 | Z52: ='4.2.6SG'!AI85 -> 80 | AB52: ='4.2.6SG'!AM85 -> 1276.8
A53: ='3.1Cost by Sub-contractors'!A51 -> 6.4 | C53: ='3.1Cost by Sub-contractors'!C51:G51 -> Vane Shear Test (VST) | I53: ='3.1Cost by Sub-contractors'!I51:J51 -> 0 | K53: ='3.1Cost by Sub-contractors'!K51 -> (nos.) | L53: ='3.1Cost by Sub-contractors'!L51 -> 25.08 | N53: ='4.2.6SG'!AO33 -> 88 | P53: ='4.2.6SG'!AS33 -> 2207.04 | R53: ='4.2.6SG'!AO64 -> 224 | T53: ='4.2.6SG'!AS64 -> 5617.92 | V53: ='4.2.6SG'!AO79 -> 96 | X53: ='4.2.6SG'!AS79 -> 2407.68 | Z53: ='4.2.6SG'!AO85 -> 32 | AB53: ='4.2.6SG'!AS85 -> 802.56
A54: ='3.1Cost by Sub-contractors'!A52 -> 6.5 | C54: ='3.1Cost by Sub-contractors'!C52:G52 -> Undisturbed Sample Test | I54: ='3.1Cost by Sub-contractors'!I52:J52 -> 0 | K54: ='3.1Cost by Sub-contractors'!K52 -> (nos.) | L54: ='3.1Cost by Sub-contractors'!L52 -> 44.07 | N54: ='4.2.6SG'!AU33 -> 46 | P54: ='4.2.6SG'!AY33 -> 2027.22 | R54: ='4.2.6SG'!AU64 -> 120 | T54: ='4.2.6SG'!AY64 -> 5288.4 | V54: ='4.2.6SG'!AU79 -> 52 | X54: ='4.2.6SG'!AY79 -> 2291.64 | Z54: ='4.2.6SG'!AU85 -> 20 | AB54: ='4.2.6SG'!AY85 -> 881.4
A55: ='3.1Cost by Sub-contractors'!A53 -> 6.6 | C55: ='3.1Cost by Sub-contractors'!C53:G53 -> Disturbed Sample Test | I55: ='3.1Cost by Sub-contractors'!I53:J53 -> 0 | K55: ='3.1Cost by Sub-contractors'!K53 -> (nos.) | L55: ='3.1Cost by Sub-contractors'!L53 -> 27.87 | N55: ='4.2.6SG'!BA33 -> 46 | P55: ='4.2.6SG'!BE33 -> 1282.02 | R55: ='4.2.6SG'!BA64 -> 120 | T55: ='4.2.6SG'!BE64 -> 3344.4 | V55: ='4.2.6SG'!BA79 -> 52 | X55: ='4.2.6SG'!BE79 -> 1449.24 | Z55: ='4.2.6SG'!BA85 -> 20 | AB55: ='4.2.6SG'!BE85 -> 557.4
A56: ='3.1Cost by Sub-contractors'!A54 -> 6.7 | C56: ='3.1Cost by Sub-contractors'!C54:G54 -> Consolidation Test (Cv) | I56: ='3.1Cost by Sub-contractors'!I54:J54 -> 0 | K56: ='3.1Cost by Sub-contractors'!K54 -> (nos.) | L56: ='3.1Cost by Sub-contractors'!L54 -> 145.26 | N56: ='4.2.6SG'!BG33 -> 46 | P56: ='4.2.6SG'!BK33 -> 6681.96 | R56: ='4.2.6SG'!BG64 -> 120 | T56: ='4.2.6SG'!BK64 -> 17431.2 | V56: ='4.2.6SG'!BG79 -> 52 | X56: ='4.2.6SG'!BK79 -> 7553.52 | Z56: ='4.2.6SG'!BG85 -> 20 | AB56: ='4.2.6SG'!BK85 -> 2905.2
A57: ='3.1Cost by Sub-contractors'!A55 -> 6.8 | C57: ='3.1Cost by Sub-contractors'!C55:G55 -> Triaxial Compression Test (UU) | I57: ='3.1Cost by Sub-contractors'!I55:J55 -> 0 | K57: ='3.1Cost by Sub-contractors'!K55 -> (nos.) | L57: ='3.1Cost by Sub-contractors'!L55 -> 145.26 | N57: ='4.2.6SG'!BM33 -> 23 | P57: ='4.2.6SG'!BQ33 -> 3340.98 | R57: ='4.2.6SG'!BM64 -> 60 | T57: ='4.2.6SG'!BQ64 -> 8715.6 | V57: ='4.2.6SG'!BM79 -> 26 | X57: ='4.2.6SG'!BQ79 -> 3776.76 | Z57: ='4.2.6SG'!BM85 -> 10 | AB57: ='4.2.6SG'!BQ85 -> 1452.6
A58: ='3.1Cost by Sub-contractors'!A56 -> 6.9 | C58: ='3.1Cost by Sub-contractors'!C56:G56 -> Triaxial Compression Test (CU) | I58: ='3.1Cost by Sub-contractors'!I56:J56 -> 0 | K58: ='3.1Cost by Sub-contractors'!K56 -> (nos.) | L58: ='3.1Cost by Sub-contractors'!L56 -> 177.54 | N58: ='4.2.6SG'!BS33 -> 23 | P58: ='4.2.6SG'!BW33 -> 4083.42 | R58: ='4.2.6SG'!BS64 -> 60 | T58: ='4.2.6SG'!BW64 -> 10652.4 | V58: ='4.2.6SG'!BS79 -> 26 | X58: ='4.2.6SG'!BW79 -> 4616.04 | Z58: ='4.2.6SG'!BS85 -> 10 | AB58: ='4.2.6SG'!BW85 -> 1775.4
A59: ='3.1Cost by Sub-contractors'!A57 -> 7 | C59: ='3.1Cost by Sub-contractors'!C57:G57 -> Main Line (ML, Deep Excavation Section (DE)) | P59: =SUM(P60:Q61) -> 924.3 | T59: =SUM(T60:U61) -> 0 | X59: =SUM(X60:Y61) -> 0 | AB59: =SUM(AB60:AC61) -> 0 | AF59: =SUM(AF60:AG61) -> 5853.9 | AJ59: =SUM(AJ60:AK61) -> 7086.3 | AN59: =SUM(AN60:AO61) -> 7086.3 | AR59: =SUM(AR60:AS61) -> 30501.9 | AV59: =SUM(AV60:AW61) -> 0 | AZ59: =SUM(AZ60:BA61) -> 0 | BD59: =SUM(BD60:BE61) -> 0 | BH59: =SUM(BH60:BI61) -> 0 | BL59: =SUM(BL60:BM61) -> 0 | BP59: =SUM(BP60:BQ61) -> 0 | BT59: =SUM(BT60:BU61) -> 0 | BX59: =SUM(BX60:BY61) -> 0 | CB59: =SUM(CB60:CC61) -> 5853.9 | CF59: =SUM(CF60:CG61) -> 6162 | CJ59: =SUM(CJ60:CK61) -> 26188.5 | CN59: =SUM(CN60:CO61) -> 1540.5 | CR59: =SUM(CR60:CS61) -> 6778.2 | CV59: =SUM(CV60:CW61) -> 924.3 | CZ59: =SUM(CZ60:DA61) -> 41593.5 | DD59: =SUM(DD60:DE61) -> 0 | DH59: =SUM(DH60:DI61) -> 0 | DL59: =SUM(DL60:DM61) -> 0 | DP59: =SUM(DP60:DQ61) -> 0 | DT59: =SUM(DT60:DU61) -> 0
A60: ='3.1Cost by Sub-contractors'!A58 -> 7.1 | C60: ='3.1Cost by Sub-contractors'!C58:G58 -> Mechanical Boring | I60: ='3.1Cost by Sub-contractors'!I58:J58 -> I-III (50%), IV-VI (50%) | K60: ='3.1Cost by Sub-contractors'!K58 -> (l.m.) | L60: ='3.1Cost by Sub-contractors'!L58 -> 61.62 | N60: ='4.2.7DE'!X15 -> 15 | P60: ='4.2.7DE'!AB15 -> 924.3 | AD60: ='4.2.7DE'!X20 -> 95 | AF60: ='4.2.7DE'!AB20 -> 5853.9 | AH60: ='4.2.7DE'!X26 -> 115 | AJ60: ='4.2.7DE'!AB26 -> 7086.3 | AL60: ='4.2.7DE'!X32 -> 115 | AN60: ='4.2.7DE'!AB32 -> 7086.3 | AP60: ='4.2.7DE'!X44 -> 495 | AR60: ='4.2.7DE'!AB44 -> 30501.9 | BZ60: ='4.2.7DE'!X49 -> 95 | CB60: ='4.2.7DE'!AB49 -> 5853.9 | CD60: ='4.2.7DE'!X54 -> 100 | CF60: ='4.2.7DE'!AB54 -> 6162 | CH60: ='4.2.7DE'!X70 -> 425 | CJ60: ='4.2.7DE'!AB70 -> 26188.5 | CL60: ='4.2.7DE'!X74 -> 25 | CN60: ='4.2.7DE'!AB74 -> 1540.5 | CP60: ='4.2.7DE'!X80 -> 110 | CR60: ='4.2.7DE'!AB80 -> 6778.2 | CT60: ='4.2.7DE'!X84 -> 15 | CV60: ='4.2.7DE'!AB84 -> 924.3 | CX60: ='4.2.7DE'!X107 -> 675 | CZ60: ='4.2.7DE'!AB107 -> 41593.5
A61: ='3.1Cost by Sub-contractors'!A59 -> 7.2 | C61: ='3.1Cost by Sub-contractors'!C59:G59 -> Sampling | I61: ='3.1Cost by Sub-contractors'!I59:J59 -> 0 | K61: ='3.1Cost by Sub-contractors'!K59 -> (l.m.) | L61: ='3.1Cost by Sub-contractors'!L59 -> - | N61: ='4.2.7DE'!AD15 -> 15 | P61: ='4.2.7DE'!AH15 -> - | AD61: ='4.2.7DE'!AD20 -> 95 | AF61: ='4.2.7DE'!AH20 -> - | AH61: ='4.2.7DE'!AD26 -> 115 | AJ61: ='4.2.7DE'!AH26 -> - | AL61: ='4.2.7DE'!AD32 -> 115 | AN61: ='4.2.7DE'!AH32 -> - | AP61: ='4.2.7DE'!AD44 -> 495 | AR61: ='4.2.7DE'!AH44 -> - | BZ61: ='4.2.7DE'!AD49 -> 95 | CB61: ='4.2.7DE'!AH49 -> - | CD61: ='4.2.7DE'!AD54 -> 100 | CF61: ='4.2.7DE'!AH54 -> - | CH61: ='4.2.7DE'!AD70 -> 425 | CJ61: ='4.2.7DE'!AH70 -> - | CL61: ='4.2.7DE'!AD74 -> 25 | CN61: ='4.2.7DE'!AH74 -> - | CP61: ='4.2.7DE'!AD80 -> 110 | CR61: ='4.2.7DE'!AH80 -> - | CT61: ='4.2.7DE'!AD84 -> 15 | CV61: ='4.2.7DE'!AH84 -> - | CX61: ='4.2.7DE'!AD107 -> 675 | CZ61: ='4.2.7DE'!AH107 -> -
A62: ='3.1Cost by Sub-contractors'!A60 -> 8 | C62: ='3.1Cost by Sub-contractors'!C60:G60 -> Main Line (ML, High-embankment Section (HE)) | I62: ='3.1Cost by Sub-contractors'!I60:J60 -> 0 | K62: ='3.1Cost by Sub-contractors'!K60 -> 0 | L62: ='3.1Cost by Sub-contractors'!L60 -> 0 | P62: =SUM(P63:P66) -> 0 | T62: =SUM(T63:T66) -> 0 | X62: =SUM(X63:X66) -> 0 | AB62: =SUM(AB63:AB66) -> 0 | AF62: =SUM(AF63:AF66) -> 0 | AJ62: =SUM(AJ63:AJ66) -> 17291.52 | AN62: =SUM(AN63:AN66) -> 0 | AR62: =SUM(AR63:AR66) -> 3640.32 | AV62: =SUM(AV63:AV66) -> 3640.32 | AZ62: =SUM(AZ63:AZ66) -> 0 | BD62: =SUM(BD63:BD66) -> 0 | BH62: =SUM(BH63:BH66) -> 0 | BL62: =SUM(BL63:BL66) -> 0 | BP62: =SUM(BP63:BP66) -> 0 | BT62: =SUM(BT63:BT66) -> 0 | BX62: =SUM(BX63:BX66) -> 0 | CB62: =SUM(CB63:CB66) -> 0 | CF62: =SUM(CF63:CF66) -> 0 | CJ62: =SUM(CJ63:CJ66) -> 0 | CN62: =SUM(CN63:CN66) -> 3640.32 | CR62: =SUM(CR63:CR66) -> 0 | CV62: =SUM(CV63:CV66) -> 0 | CZ62: =SUM(CZ63:CZ66) -> 0 | DD62: =SUM(DD63:DD66) -> 0 | DH62: =SUM(DH63:DH66) -> 0 | DL62: =SUM(DL63:DL66) -> 0 | DP62: =SUM(DP63:DP66) -> 0 | DT62: =SUM(DT63:DT66) -> 0
A63: ='3.1Cost by Sub-contractors'!A61 -> 8.1 | C63: ='3.1Cost by Sub-contractors'!C61:G61 -> Mechanical Boring | I63: ='3.1Cost by Sub-contractors'!I61:J61 -> I-III (100%) | K63: ='3.1Cost by Sub-contractors'!K61 -> (l.m.) | L63: ='3.1Cost by Sub-contractors'!L61 -> 51.08 | AH63: ='4.2.8HE'!AA28 -> 285 | AJ63: ='4.2.8HE'!AE28 -> 14557.8 | AP63: ='4.2.8HE'!AA32 -> 60 | AR63: ='4.2.8HE'!AE32 -> 3064.8 | AT63: ='4.2.8HE'!AA37 -> 60 | AV63: ='4.2.8HE'!AE37 -> 3064.8 | CL63: ='4.2.8HE'!AA41 -> 60 | CN63: ='4.2.8HE'!AE41 -> 3064.8
A64: ='3.1Cost by Sub-contractors'!A62 -> 8.2 | C64: ='3.1Cost by Sub-contractors'!C62:G62 -> Sampling | I64: ='3.1Cost by Sub-contractors'!I62:J62 -> 0 | K64: ='3.1Cost by Sub-contractors'!K62 -> (nos.) | L64: ='3.1Cost by Sub-contractors'!L62 -> - | AH64: ='4.2.8HE'!AG28 -> 152 | AJ64: ='4.2.8HE'!AK28 -> - | AP64: ='4.2.8HE'!AG32 -> 32 | AR64: ='4.2.8HE'!AK32 -> - | AT64: ='4.2.8HE'!AG37 -> 32 | AV64: ='4.2.8HE'!AK37 -> - | CL64: ='4.2.8HE'!AG41 -> 32 | CN64: ='4.2.8HE'!AK41 -> -
A65: ='3.1Cost by Sub-contractors'!A63 -> 8.3 | C65: ='3.1Cost by Sub-contractors'!C63:G63 -> Undisturbed Sample Test | I65: ='3.1Cost by Sub-contractors'!I63:J63 -> 0 | K65: ='3.1Cost by Sub-contractors'!K63 -> (nos.) | L65: ='3.1Cost by Sub-contractors'!L63 -> 44.07 | AH65: ='4.2.8HE'!AM28 -> 38 | AJ65: ='4.2.8HE'!AQ28 -> 1674.66 | AP65: ='4.2.8HE'!AM32 -> 8 | AR65: ='4.2.8HE'!AQ32 -> 352.56 | AT65: ='4.2.8HE'!AM37 -> 8 | AV65: ='4.2.8HE'!AQ37 -> 352.56 | CL65: ='4.2.8HE'!AM41 -> 8 | CN65: ='4.2.8HE'!AQ41 -> 352.56
A66: ='3.1Cost by Sub-contractors'!A64 -> 8.4 | C66: ='3.1Cost by Sub-contractors'!C64:G64 -> Disturbed Sample Test | I66: ='3.1Cost by Sub-contractors'!I64:J64 -> 0 | K66: ='3.1Cost by Sub-contractors'!K64 -> (nos.) | L66: ='3.1Cost by Sub-contractors'!L64 -> 27.87 | AH66: ='4.2.8HE'!AS28 -> 38 | AJ66: ='4.2.8HE'!AW28 -> 1059.06 | AP66: ='4.2.8HE'!AS32 -> 8 | AR66: ='4.2.8HE'!AW32 -> 222.96 | AT66: ='4.2.8HE'!AS37 -> 8 | AV66: ='4.2.8HE'!AW37 -> 222.96 | CL66: ='4.2.8HE'!AS41 -> 8 | CN66: ='4.2.8HE'!AW41 -> 222.96
A67: ='3.1Cost by Sub-contractors'!A65 -> 9 | C67: ='3.1Cost by Sub-contractors'!C65:G65 -> Existing Road (ER) | I67: ='3.1Cost by Sub-contractors'!I65:J65 -> 0 | K67: ='3.1Cost by Sub-contractors'!K65 -> 0 | L67: ='3.1Cost by Sub-contractors'!L65 -> 0 | P67: =P68 -> 809.64 | T67: =T68 -> 0 | X67: =X68 -> 166.08 | AB67: =AB68 -> 0 | AF67: =AF68 -> 166.08 | AJ67: =AJ68 -> 0 | AN67: =AN68 -> 0 | AR67: =AR68 -> 0 | AV67: =AV68 -> 166.08 | AZ67: =AZ68 -> 0 | BD67: =BD68 -> 0 | BH67: =BH68 -> 0 | BL67: =BL68 -> 0 | BP67: =BP68 -> 166.08 | BT67: =BT68 -> 166.08 | BX67: =BX68 -> 0 | CB67: =CB68 -> 332.16 | CF67: =CF68 -> 332.16 | CJ67: =CJ68 -> 166.08 | CN67: =CN68 -> 166.08 | CR67: =CR68 -> 166.08 | CV67: =CV68 -> 166.08 | CZ67: =CZ68 -> 498.24 | DD67: =DD68 -> 664.32 | DH67: =DH68 -> 498.24 | DL67: =DL68 -> 332.16 | DP67: =DP68 -> 0 | DT67: =DT68 -> 0
